Workbook

Sheet PLAN DE ACCION RIESGOS IMCT
A1: CÓDIGO: GI-F-76 | C1: PLAN DE ACCIÓN DEL MAPA DE RIESGOS INSTITUCIONAL PARA EL AUTOCONTROL, MONITOREO Y EVALUACIÓN, ORIENTADO A MANTENER LOS RIESGOS BAJO CONTROL | S1: APLICACIÓN DE ESQUEMA DE AUTOCONTROL, MONITOREO Y EVALUACIÓN AL CUMPLIMIENTO DE LAS ACTIVIDADES PROGRAMADAS Y DE LOS CONTROLES ESTABLECIDOS, VERIFICANDO SU EJECUCIÓN, OPORTUNIDAD Y EFECTIVIDAD, CON EL FIN DE MANTENER LOS RIESGOS BAJO CONTROL.
A2: VERSIÓN: 01
A3: FA: 7/09/2026 | C3: GESTIÓN INTEGRAL - GI
A5: ENTIDAD: Instituto Municipal de Cultura y Turismo - IMCT
A6: FECHA APLICACIÓN: 31 DE AGOSTO DEL 2026
A8: PROGRAMACIÓN, SEGUIMIENTO Y VERIFICACIÓN DE LAS ACCIONES PARA MANTENER LOS RIESGOS BAJO CONTROL | S8: AUTOCONTROL – PRIMERA LÍNEA DE DEFENSA | AI8: MONITOREO – SEGUNDA LÍNEA DE DEFENSA | AU8: MEDICIÓN FINAL DEL INDICADOR – SEGUNDA LÍNEA | AZ8: EVALUACIÓN INDEPENDIENTE – CONTROL INTERNO
S9: MAYO – AGOSTO | AA9: SEPTIEMBRE A DICIEMBRE | AI9: MAYO – AGOSTO | AO9: SEPTIEMBRE A DICIEMBRE | AU9: Resultado consolidado de la ejecución reportada | AZ9: MAYO – AGOSTO | BE9: SEPTIEMBRE – DICIEMBRE
A10: N.º del riesgo en la matriz | B10: Proceso | C10: Riesgo | D10: No. Actividades | E10: N.º de acciones para mantener los riesgos bajo control en la matriz de riesgo | F10: Descripción de la acción | G10: Entregable / Producto | H10: Responsable de ejecución | I10: Fecha inicio | J10: Fecha de Finalización | K10: Seguimiento 1 (Fecha y avance) | L10: Seguimiento 2 (Fecha y avance) | M10: Seguimiento 3 ... (Fecha y avance) | N10: Verificación por parte de segunda línea de defensa o quien haga sus veces (Fecha y Descripción) | O10: Verificación por parte de la Oficina de Control Interno o quien haga sus veces (Fecha y Descripción) | P10: Periodicidad | Q10: Unidad de medida | R10: Meta de la acción | S10: Programado en el cuatrimestre | T10: Ejecutado | U10: Cumplimiento del periodo % | V10: Avance % | W10: Estado | X10: Descripción de la ejecución | Y10: Evidencia / soporte | Z10: Fecha de reporte | AA10: Programado en el cuatrimestre | AB10: Ejecutado | AC10: Cumplimiento del periodo % | AD10: acumulado % | AE10: Estado | AF10: Descripción de la ejecución | AG10: Evidencia / soporte | AH10: Fecha de reporte | AI10: Validación de evidencia | AJ10: Avance validado del cuatrimestre % | AK10: Resultado del monitoreo | AL10: Recomendación | AM10: Fecha monitoreo | AN10: Estado | AO10: Validación de evidencia | AP10: Avance validado del cuatrimestre % | AQ10: Observación / alerta | AR10: Recomendación | AS10: Fecha monitoreo | AT10: Estado validado | AU10: Indicador del riesgo | AV10: Fórmula / criterio de medición | AW10: Meta del indicador | AX10: Resultado acumulado del monitoreo y cumplimiento del indicador (%) | AY10: Estado del indicador | AZ10: Evaluación OCI | BA10: Resultado de evaluación | BB10: Efectividad de la acción | BC10: Observaciones / recomendaciones | BD10: Fecha evaluación | BE10: Evaluación OCI | BF10: Resultado de evaluación | BG10: Efectividad de la acción | BH10: Observaciones / recomendaciones | BI10: Fecha evaluación | BJ10: % de Avance Acumulativo
A11: R.1 | B11: 1. Direccionamiento Estratégico y Planeación | C11: Posibilidad de afectación reputacional por Falta de información verificada para el reporte, lo que impide la elaboración del seguimiento precisos y confiables, afectando la toma de decisiones y la transparencia en los procesos. a causa de Inexistencia de controles de calidad o validación de la información reportada de los informes en el contenido de los datos antes de integrarlos al reporte final consolidado del imct para el reporte correspondientes. | D11: 1 | E11: A1 | F11: 1. Realizar seguimiento permanente del plan de acción del avance fisico y financiero, para evaluar el cumplimiento de las acciones contempladas en el Plan de Acción, permitiendo medir con precisión su efectividad y avance. | G11: Matriz de seguimiento del Plan de Acción actualizada e informe consolidado de avance físico y financiero. | H11: Dirección | I11: 46032 | J11: 46387 | K11: 46142 | L11: 46264 | M11: 46386 | N11: 30/04/2026 31/08/2026 31/12/2026 | O11: 30/04/2026 31/08/2026 31/12/2026 | P11: Cuatrimestral | Q11: % | R11: 1 | S11: 0.005 | T11: 1 | U11: =IF(OR(S11="",S11=0,T11=""),"",MIN(T11/S11,1)) -> 1 | V11: =IF(OR(R11="",R11=0,T11=""),"",MIN(T11/R11,1)) -> 1 | W11: =IF(V11="","",IF(V11>=1,"Cumplida",IF(V11>0,"En ejecución","Pendiente"))) -> Cumplida | X11: Se realizo el seguimiento dentro de la matriz del plan de acción con la consolidación de los avances fisicos y financieros de mayo a julio consolidado | Y11: Matriz consolidada de mayoa a julio del plan de acción vigencia 2026. | Z11: 46274 | AA11: 0.005 | AC11: =IF(OR(AA11="",AA11=0,AB11=""),"",MIN(AB11/AA11,1)) | AD11: =IF(AB11<>"",IF(OR(R11="",R11=0),"",MIN(IF(V11="",0,V11)+(AB11/R11),1)),IF(V11<>"",V11,"")) -> 1 | AE11: =IF(AD11="","",IF(AD11>=1,"Cumplida",IF(AD11>0,"En ejecución","Pendiente"))) -> Cumplida | AI11: Validada | AJ11: 1 | AK11: Se evidenció el seguimiento dentro de la matriz del plan de acción con la consolidación de los avances fisicos y financieros de mayo a julio consolidado. Los soportes aportados son consistentes con lo reportado y permiten validar el 100% previsto para el corte. | AL11: Conservar la evidencia y continuar el seguimiento conforme a la periodicidad establecida. | AM11: 46286 | AN11: =IF(AJ11="","",IF(AJ11>=1,"Cumplida",IF(AJ11>0,"En ejecución","Pendiente"))) -> Cumplida | AT11: =IF(AP11="","",IF(AP11>=1,"Cumplida",IF(AP11>0,"En ejecución","Pendiente"))) | AU11: Cumplimiento del seguimiento al Plan de Acción | AV11: Resultado = suma del avance acumulado validado de todas las actividades del riesgo ÷ total de actividades programadas del riesgo. Cada actividad tiene el mismo peso. | AW11: 1 | AX11: =IF((COUNT(AJ11,AP11))=0,"",(MIN(SUM(AJ11,AP11),1))/1) -> 1 | AY11: =IF(AX11="","Sin medición",IF(AX11>=1,"Cumplido",IF(AX11>0,"En ejecución","Pendiente"))) -> Cumplido | AZ11: Se evidencia el Plan de Acción de la quince (15) Metas del Plan de Desarrollo observando los avances fisicos y financieros de mayo a julio de la vigencia 2026. | BA11: Cumple | BB11: Efectiva | BC11: Se recomienda que para el próximo seguimiento se adjunte el informe consolidado de avance físico y financiero y no únicamente la Matriz de seguimiento del Plan de Acción. Así mismo, se recomienda que los informes reportados de avance del Plan de Desarrollo estén debidamente avalados por el líder del proceso. | BD11: 46289 | BJ11: 0.6666
A12: R.2 | B12: 1. Direccionamiento Estratégico y Planeación | C12: Posibilidad de pérdida reputacional por Vencimiento de plazos o entrega extemporánea/incompleta de los reportes e información de seguimiento en las plataformas del DNP a causa de Falta de entrega en la fecha establecida para el reporte y cargue en la plataforma establecida por el DNP | D12: 2 | E12: A1 | F12: 1.Realizar el seguimiento dentro de la plataforma de la PIIP establecida por el DNP, en las fechas establecidas del avance fisicio y finanicero de los proyectos de inversióin del IMCT. | G12: Reporte de seguimiento registrado en la plataforma PIIP y soporte del registro efectuado. | H12: Dirección Subdirección Técnica | I12: 46032 | J12: 46387 | K12: 46142 | L12: 46264 | M12: 46386 | N12: 30/04/2026 31/08/2026 31/12/2026 | O12: 30/04/2026 31/08/2026 31/12/2026 | P12: Cuando aplique | Q12: % | R12: 1 | S12: 0.005 | T12: 1 | U12: =IF(OR(S12="",S12=0,T12=""),"",MIN(T12/S12,1)) -> 1 | V12: =IF(OR(R12="",R12=0,T12=""),"",MIN(T12/R12,1)) -> 1 | W12: =IF(V12="","",IF(V12>=1,"Cumplida",IF(V12>0,"En ejecución","Pendiente"))) -> Cumplida | X12: Se realizo el reporte de seguimientos dentro de la plataforma de la PIIP del DNP de los proyectos de inversión | Y12: Soporte del reporte en la plataforma de la PIIP de los proyectos de inversión de mayo a agosto | Z12: 46274 | AA12: 0.005 | AC12: =IF(OR(AA12="",AA12=0,AB12=""),"",MIN(AB12/AA12,1)) | AD12: =IF(AB12<>"",IF(OR(R12="",R12=0),"",MIN(IF(V12="",0,V12)+(AB12/R12),1)),IF(V12<>"",V12,"")) -> 1 | AE12: =IF(AD12="","",IF(AD12>=1,"Cumplida",IF(AD12>0,"En ejecución","Pendiente"))) -> Cumplida | AI12: Validada | AJ12: 1 | AK12: Se verificó el reporte de seguimientos dentro de la plataforma de la PIIP del DNP de los proyectos de inversión. Los soportes aportados son consistentes con lo reportado y permiten validar el 100% previsto para el corte. | AL12: Conservar la evidencia y continuar el seguimiento conforme a la periodicidad establecida. | AM12: 46286 | AN12: =IF(AJ12="","",IF(AJ12>=1,"Cumplida",IF(AJ12>0,"En ejecución","Pendiente"))) -> Cumplida | AT12: =IF(AP12="","",IF(AP12>=1,"Cumplida",IF(AP12>0,"En ejecución","Pendiente"))) | AU12: Cumplimiento del reporte de proyectos de inversión en PIIP | AV12: Resultado = suma del avance acumulado validado de todas las actividades del riesgo ÷ total de actividades programadas del riesgo. Cada actividad tiene el mismo peso. | AW12: 1 | AX12: =IF((COUNT(AJ12,AP12))=0,"",(MIN(SUM(AJ12,AP12),1))/1) -> 1 | AY12: =IF(AX12="","Sin medición",IF(AX12>=1,"Cumplido",IF(AX12>0,"En ejecución","Pendiente"))) -> Cumplido | AZ12: Se evidencian los reportes y avance de ejecución de los proyectos de Inversión en la plataforma Integrada de Inversión Pública del DNP | BA12: Cumple | BB12: Efectiva | BC12: Continuar con el reporte de seguimiento en la plataforma del DNP, conforme a la periodicidad establecida. Así mismo se recomienda, mejorar la redacción del riesgo toda vez que resulta redundante al no identificar con claridad la causa raíz. | BD12: 46289 | BJ12: 0.6666
A13: R.3 | B13: 1. Direccionamiento Estratégico y Planeación | C13: Posibilidad de afectación reputacional por Omisión en la entrega de reportes de ejecución y la no aplicación de las actividades y metas asociadas a las políticas públicas dentro de los plazos establecidos. a causa de Inexistencia de un sistema de planeación estratégica y de gestión de desempeño institucional que articule las políticas públicas con los planes operativos del IMCT | D13: 3 | E13: A1 | F13: 1) Monitoreo y seguimiento: Realizar el seguimiento y monitoreo continuo para evaluar periódicamente el cumplimiento de las políticas públicas y detectar posibles desviaciones. | G13: Matriz de seguimiento de políticas públicas actualizada. | H13: Dirección | I13: 46032 | J13: 46387 | K13: 46142 | L13: 46264 | M13: 46386 | N13: 30/04/2026 31/08/2026 31/12/2026 | O13: 30/04/2026 31/08/2026 31/12/2026 | P13: Semestral | Q13: Número | R13: 2 | S13: 0.005 | T13: 1 | U13: =IF(OR(S13="",S13=0,T13=""),"",MIN(T13/S13,1)) -> 1 | V13: =IF(OR(R13="",R13=0,T13=""),"",MIN(T13/R13,1)) -> 0.5 | W13: =IF(V13="","",IF(V13>=1,"Cumplida",IF(V13>0,"En ejecución","Pendiente"))) -> En ejecución | X13: Se realizo el seguimiento semestral de las politica públicas solicitadas al IMCT (PO PIIAFF, PO PP OSIG, PO PP JUVENTUD ) | Y13: Planes operativos de seguimiento | Z13: 46274 | AA13: 0.005 | AC13: =IF(OR(AA13="",AA13=0,AB13=""),"",MIN(AB13/AA13,1)) | AD13: =IF(AB13<>"",IF(OR(R13="",R13=0),"",MIN(IF(V13="",0,V13)+(AB13/R13),1)),IF(V13<>"",V13,"")) -> 0.5 | AE13: =IF(AD13="","",IF(AD13>=1,"Cumplida",IF(AD13>0,"En ejecución","Pendiente"))) -> En ejecución | AI13: Validada | AJ13: 0.5 | AK13: Se evidenció el seguimiento semestral de las politica públicas solicitadas al IMCT (PO PIIAFF, PO PP OSIG, PO PP JUVENTUD ). La evidencia revisada soporta un avance del 50.0%; el cumplimiento es parcial al corte. | AL13: Continuar con las actividades pendientes y actualizar en el siguiente corte únicamente los nuevos resultados y soportes. | AM13: 46286 | AN13: =IF(AJ13="","",IF(AJ13>=1,"Cumplida",IF(AJ13>0,"En ejecución","Pendiente"))) -> En ejecución | AT13: =IF(AP13="","",IF(AP13>=1,"Cumplida",IF(AP13>0,"En ejecución","Pendiente"))) | AU13: Cumplimiento del seguimiento a políticas públicas | AV13: Resultado = suma del avance acumulado validado de todas las actividades del riesgo ÷ total de actividades programadas del riesgo. Cada actividad tiene el mismo peso. | AW13: 1 | AX13: =IF((COUNT(AJ13,AP13)+COUNT(AJ14,AP14))=0,"",(MIN(SUM(AJ13,AP13),1)+MIN(SUM(AJ14,AP14),1))/2) -> 0.25 | AY13: =IF(AX13="","Sin medición",IF(AX13>=1,"Cumplido",IF(AX13>0,"En ejecución","Pendiente"))) -> En ejecución | AZ13: Se observo la Matriz de seguimiento semestral de las políticas públicas del IMCT (Primera Infancia, Adolescencia y Fortalecimiento Familiar 2019-2029) | BA13: Cumple | BB13: Efectiva | BC13: Continuar con el seguimiento a las políticas Públicas del Instituto Municipal de Cultura y Turismo de Bucaramanga, dentro de los plazos establecidos. | BD13: 46289 | BJ13: 0.5
A14: R.3 | B14: 1. Direccionamiento Estratégico y Planeación | C14: Posibilidad de afectación reputacional por Omisión en la entrega de reportes de ejecución y la no aplicación de las actividades y metas asociadas a las políticas públicas dentro de los plazos establecidos. a causa de Inexistencia de un sistema de planeación estratégica y de gestión de desempeño institucional que articule las políticas públicas con los planes operativos del IMCT | D14: 4 | E14: A2 | F14: 2) Informe semestral: Implementar un mecanismo de reporte periódico para evaluar el estado de cumplimiento y tomar medidas correctivas oportunas. | G14: Informe semestral de seguimiento al cumplimiento de las políticas públicas. | N14: 30/04/2026 31/08/2026 31/12/2026 | O14: 30/04/2026 31/08/2026 31/12/2026 | P14: Cuatrimestral | Q14: Número | R14: 1 | U14: =IF(OR(S14="",S14=0,T14=""),"",MIN(T14/S14,1)) | V14: =IF(OR(R14="",R14=0,T14=""),"",MIN(T14/R14,1)) | W14: =IF(V14="","",IF(V14>=1,"Cumplida",IF(V14>0,"En ejecución","Pendiente"))) | X14: N/A | Y14: N/A | AA14: 1 | AC14: =IF(OR(AA14="",AA14=0,AB14=""),"",MIN(AB14/AA14,1)) | AD14: =IF(AB14<>"",IF(OR(R14="",R14=0),"",MIN(IF(V14="",0,V14)+(AB14/R14),1)),IF(V14<>"",V14,"")) | AE14: =IF(AD14="","",IF(AD14>=1,"Cumplida",IF(AD14>0,"En ejecución","Pendiente"))) | AI14: No aplica en el periodo | AK14: La actividad no estaba programada para mayo–agosto, por lo que no se asigna avance en este corte. | AL14: Realizar la verificación en el periodo definido para su ejecución. | AM14: 46286 | AN14: =IF(AJ14="","",IF(AJ14>=1,"Cumplida",IF(AJ14>0,"En ejecución","Pendiente"))) | AT14: =IF(AP14="","",IF(AP14>=1,"Cumplida",IF(AP14>0,"En ejecución","Pendiente"))) | AZ14: N/A | BA14: No Aplica | BC14: Revisar la Periodicidad y la Meta de la acción, teniendo encuenta que es una actividad Semestral. | BD14: 46289 | BJ14: 0
A15: R.4 | B15: 1. Direccionamiento Estratégico y Planeación | C15: Posibilidad de afectación reputacional por Ausencia de un cronograma estructurado y retrasos o omisiones en la ejecución de las actividades programadas para el programa de cultura ciudadana. a causa de falta de metodologías estandarizadas para la estructuración de cronogramas y la asignación de responsables para las iniciativas del programa de cultura ciudadana. | D15: 5 | E15: A1 | F15: Profesional de cultura ciudadana 1) Realizar la implementación de un cronograma anual de las activiades a desarrollar dentro del proceso de cultura ciudada dentro del proyecto de promoción . Este planeación permite realizar un seguimiento continuo y efectivo de los avances y las actividades a desarrollar. | G15: Cronograma anual de actividades de Cultura Ciudadana elaborado y actualizado. | H15: Dirección | I15: 46032 | J15: 46387 | K15: 46142 | L15: 46264 | M15: 46386 | N15: 30/04/2026 31/08/2026 31/12/2026 | O15: 30/04/2026 31/08/2026 31/12/2026 | P15: Semestral | Q15: Número | R15: 2 | S15: 0.005 | T15: 1 | U15: =IF(OR(S15="",S15=0,T15=""),"",MIN(T15/S15,1)) -> 1 | V15: =IF(OR(R15="",R15=0,T15=""),"",MIN(T15/R15,1)) -> 0.5 | W15: =IF(V15="","",IF(V15>=1,"Cumplida",IF(V15>0,"En ejecución","Pendiente"))) -> En ejecución | X15: Se presenta Inform e consolidado de las activiades desarrolladas en el los meses de (mayo, junio, julio y agosto) de cultura ciudad ana dentro del proyecto (Desarrollo de agenda cultural, artística, turística y/o tradicional a través de la promoción de manifestaciones y actividades en la ciudad de Bucaramanga del programa de promoción) | Y15: Informe de cumplimiento de meta y avance del proyecto de inversión del programa de promoción | Z15: 46274 | AA15: 0.005 | AC15: =IF(OR(AA15="",AA15=0,AB15=""),"",MIN(AB15/AA15,1)) | AD15: =IF(AB15<>"",IF(OR(R15="",R15=0),"",MIN(IF(V15="",0,V15)+(AB15/R15),1)),IF(V15<>"",V15,"")) -> 0.5 | AE15: =IF(AD15="","",IF(AD15>=1,"Cumplida",IF(AD15>0,"En ejecución","Pendiente"))) -> En ejecución | AI15: Validada | AJ15: 0.5 | AK15: Se revisó el informe consolidado de las actividades de Cultura Ciudadana desarrolladas entre mayo y agosto dentro del proyecto de promoción. La evidencia aportada respalda un avance del 50%; el cumplimiento continúa parcial al corte. | AL15: Continuar con la ejecución prevista para el resto de la vigencia y actualizar el siguiente reporte con los resultados y soportes nuevos. | AM15: 46286 | AN15: =IF(AJ15="","",IF(AJ15>=1,"Cumplida",IF(AJ15>0,"En ejecución","Pendiente"))) -> En ejecución | AT15: =IF(AP15="","",IF(AP15>=1,"Cumplida",IF(AP15>0,"En ejecución","Pendiente"))) | AU15: Cumplimiento del cronograma de Cultura Ciudadana | AV15: Resultado = suma del avance acumulado validado de todas las actividades del riesgo ÷ total de actividades programadas del riesgo. Cada actividad tiene el mismo peso. | AW15: 1 | AX15: =IF((COUNT(AJ15,AP15))=0,"",(MIN(SUM(AJ15,AP15),1))/1) -> 0.5 | AY15: =IF(AX15="","Sin medición",IF(AX15>=1,"Cumplido",IF(AX15>0,"En ejecución","Pendiente"))) -> En ejecución | AZ15: Para la vigencia 2026 se proyectaron treinta (30) actividades culturales, artísticas y patrimoniales, evidenciando el Informe de seguimiento se ejecutaron diecinueve (19) actividades entre ellas: Día Internacional de la Cumbia, Día Del Periodista, Saludar con cultura, Día del Teatro: Formación en Escena, Radioton con la Cultural, Fiesta de la Lengua Española (día del idioma), Día internacional del circo, celebración del día del Niño “La Magia De Pinocho”, Encuentro de Danza y Cultura (Día de la Danza), Día de la Santandereanidad | BA15: Cumple | BB15: Efectiva | BC15: Revisar que haya coordinación entre la descripción de la acción, la periodicidad y la Meta de la acción, teniendo en cuenta que es una actividad Anual. Por otra parte, para el próximo seguimiento adjuntar el cronograma anual de las actividades programadas con el fin de evidenciar las actividades programadas Vs actividades ejecutadas. Así mismo se recomienda, mejorar la redacción del riesgo toda vez que resulta redundante al no identificar con claridad la causa raíz | BD15: 46289 | BJ15: 0.6333
A16: R.5 | B16: 2. Gestión de Comunicaciones - GC | C16: Posibilidad de perdida de confidencialidad por Divulgación de información institucional sin la adecuada revisión, verificación o validación previa. a causa de Desconocimiento o inaplicación del Manual de Comunicaciones y de los lineamientos establecidos para la gestión, validación y difusión de la información institucional. | D16: 6 | E16: A1 | F16: Socializar e implementar el Manual de Comunicaciones Internas y Externas del IMCT, asegurando que todos los funcionarios y contratistas conozcan y apliquen los lineamientos para el manejo, tratamiento y difusión de la información institucional. | G16: Registro de socialización e implementación del Manual de Comunicaciones (acta, listado de asistencia o soporte de divulgación). | H16: Subdirección Técnica Comunicaciones | I16: 46032 | J16: 46387 | K16: 46142 | L16: 46264 | M16: 46386 | N16: 30/04/2026 31/08/2026 31/12/2026 | O16: 30/04/2026 31/08/2026 31/12/2026 | P16: Semestral | Q16: Nùmero de actas o listado de asistencia | R16: 2 | S16: 1 | T16: 1 | U16: =IF(OR(S16="",S16=0,T16=""),"",MIN(T16/S16,1)) -> 1 | V16: =IF(OR(R16="",R16=0,T16=""),"",MIN(T16/R16,1)) -> 0.5 | W16: =IF(V16="","",IF(V16>=1,"Cumplida",IF(V16>0,"En ejecución","Pendiente"))) -> En ejecución | X16: Se realizò la socializaciòn del Manual de Comunicaciones el IMCT al interior de los contratistas del àrea y a cargo de dicho proceso. | Y16: Realización del Manual | Z16: 46235 | AA16: 1 | AC16: =IF(OR(AA16="",AA16=0,AB16=""),"",MIN(AB16/AA16,1)) | AD16: =IF(AB16<>"",IF(OR(R16="",R16=0),"",MIN(IF(V16="",0,V16)+(AB16/R16),1)),IF(V16<>"",V16,"")) -> 0.5 | AE16: =IF(AD16="","",IF(AD16>=1,"Cumplida",IF(AD16>0,"En ejecución","Pendiente"))) -> En ejecución | AI16: Validada | AJ16: 0.5 | AK16: Se evidenció la socialización del Manual de Comunicaciones el IMCT al interior de los contratistas del área y a cargo de dicho proceso. La evidencia revisada soporta un avance del 50.0%; el cumplimiento es parcial al corte. | AL16: Continuar con las actividades pendientes y actualizar en el siguiente corte únicamente los nuevos resultados y soportes. | AM16: 46286 | AN16: =IF(AJ16="","",IF(AJ16>=1,"Cumplida",IF(AJ16>0,"En ejecución","Pendiente"))) -> En ejecución | AT16: =IF(AP16="","",IF(AP16>=1,"Cumplida",IF(AP16>0,"En ejecución","Pendiente"))) | AU16: Cumplimiento de las acciones para el manejo y divulgación de la información institucional | AV16: Resultado = suma del avance acumulado validado de todas las actividades del riesgo ÷ total de actividades programadas del riesgo. Cada actividad tiene el mismo peso. | AW16: 1 | AX16: =IF((COUNT(AJ16,AP16)+COUNT(AJ17,AP17)+COUNT(AJ18,AP18)+COUNT(AJ19,AP19)+COUNT(AJ20,AP20))=0,"",(MIN(SUM(AJ16,AP16),1)+MIN(SUM(AJ17,AP17),1)+MIN(SUM(AJ18,AP18),1)+MIN(SUM(AJ19,AP19),1)+MIN(SUM(AJ20,AP20),1))/5) -> 0.6 | AY16: =IF(AX16="","Sin medición",IF(AX16>=1,"Cumplido",IF(AX16>0,"En ejecución","Pendiente"))) -> En ejecución | AZ16: Se evidenció el Manual de Identidad Visual de la Alcaldía de Bucaramanga 2024 y la implementación del Manual de Comunicaciones del Instituto Municipal de Cultura y Turismo de Bucaramanga 2026. Pero no se evidencia la socialización realizada. | BA16: Cumple Parcialmente | BB16: Parcialmente Efectiva | BC16: La Oficina Asesora de Control Interno recomienda dar cumplimiento a las acciones programadas, no se evidencian las listas de asistencia, registros fotográficos ni las filminas de la socialización. Por otra parte, se sugiere adoptar el manual realizado por la Alcaldía de Bucaramanga. | BD16: 46289 | BJ16: 0.25
A17: R.5 | B17: 2. Gestión de Comunicaciones - GC | C17: Posibilidad de perdida de confidencialidad por Divulgación de información institucional sin la adecuada revisión, verificación o validación previa. a causa de Desconocimiento o inaplicación del Manual de Comunicaciones y de los lineamientos establecidos para la gestión, validación y difusión de la información institucional. | D17: 7 | E17: A2 | F17: Promocionar y divulgar de manera oportuna y anticipada la información institucional relacionada con actividades, eventos, programas, campañas y convocatorias del IMCT, mediante los canales oficiales de la entidad (redes sociales, página web institucional, boletines de prensa y demás medios autorizados), garantizando el acceso a la información pública de conformidad con las normas de transparencia, acceso a la información y confidencialidad. | G17: Registro consolidado de publicaciones y divulgaciones realizadas en los canales oficiales del IMCT. | H17: Subdirección Técnica Comunicaciones | P17: Mensual | Q17: % | R17: 8 | S17: 4 | T17: 4 | U17: =IF(OR(S17="",S17=0,T17=""),"",MIN(T17/S17,1)) -> 1 | V17: =IF(OR(R17="",R17=0,T17=""),"",MIN(T17/R17,1)) -> 0.5 | W17: =IF(V17="","",IF(V17>=1,"Cumplida",IF(V17>0,"En ejecución","Pendiente"))) -> En ejecución | X17: Se socializò informaciòn institucional por medio de boletines de prensa, videos y piezas gràficas publicadas en redes sociales y/o pàgina web. | Y17: Informe de publicaciones mensual (mayo - agosto) | Z17: 46235 | AA17: 4 | AC17: =IF(OR(AA17="",AA17=0,AB17=""),"",MIN(AB17/AA17,1)) | AD17: =IF(AB17<>"",IF(OR(R17="",R17=0),"",MIN(IF(V17="",0,V17)+(AB17/R17),1)),IF(V17<>"",V17,"")) -> 0.5 | AE17: =IF(AD17="","",IF(AD17>=1,"Cumplida",IF(AD17>0,"En ejecución","Pendiente"))) -> En ejecución | AI17: Validada | AJ17: 0.5 | AK17: Se verificó la difusión de información institucional mediante boletines de prensa, videos y piezas gráficas publicadas en redes sociales y en la página web. Los soportes permiten validar el 100% previsto para el corte. | AL17: Conservar los informes de publicaciones y mantener el seguimiento periódico de los contenidos difundidos. | AM17: 46286 | AN17: =IF(AJ17="","",IF(AJ17>=1,"Cumplida",IF(AJ17>0,"En ejecución","Pendiente"))) -> En ejecución | AT17: =IF(AP17="","",IF(AP17>=1,"Cumplida",IF(AP17>0,"En ejecución","Pendiente"))) | AZ17: Se observó la promoción y divulgación de los boletines de prensa y la parrilla de comunicaciones, relacionada con actividades, eventos, programas, campañas y convocatorias programadas por el Instituto Municipal de Cultura y Turismo de Bucaramanga. | BA17: Cumple | BB17: Efectiva | BC17: Continuar realizando la divulgación de las actividades programadas en el Instituto Municipal de Cultura y Turismo de Bucaramanga en las redes sociales de la entidad. | BD17: 46289 | BJ17: 0.5
A18: R.5 | B18: 2. Gestión de Comunicaciones - GC | C18: Posibilidad de perdida de confidencialidad por Divulgación de información institucional sin la adecuada revisión, verificación o validación previa. a causa de Desconocimiento o inaplicación del Manual de Comunicaciones y de los lineamientos establecidos para la gestión, validación y difusión de la información institucional. | D18: 8 | E18: A3 | F18: Establecer un procedimiento de revisión, validación y aprobación de los contenidos institucionales antes de su publicación, asegurando que la información sea clara, veraz, oportuna y difundida únicamente a través de los canales oficiales autorizados por la entidad. | G18: Procedimiento o protocolo documentado de revisión, validación y aprobación de contenidos institucionales. | H18: Subdirección Técnica Comunicaciones | I18: 46032 | J18: 46387 | K18: 46142 | L18: 46264 | M18: 46386 | N18: 30/04/2026 31/08/2026 31/12/2026 | O18: 30/04/2026 31/08/2026 31/12/2026 | P18: Anual | Q18: Documento | R18: 1 | S18: 1 | T18: 1 | U18: =IF(OR(S18="",S18=0,T18=""),"",MIN(T18/S18,1)) -> 1 | V18: =IF(OR(R18="",R18=0,T18=""),"",MIN(T18/R18,1)) -> 1 | W18: =IF(V18="","",IF(V18>=1,"Cumplida",IF(V18>0,"En ejecución","Pendiente"))) -> Cumplida | X18: Se consolidò el procedimiento de programaciòn de parrilla con los contenidos a publicar de manera semanal, la cual permite revisar necesidades de difusiòn, revisar contenidos y aprobar contenidos a publicar. | Y18: Procedimiento documentado para publicaciones oficiales IMCT | Z18: 46235 | AA18: 0 | AC18: =IF(OR(AA18="",AA18=0,AB18=""),"",MIN(AB18/AA18,1)) | AD18: =IF(AB18<>"",IF(OR(R18="",R18=0),"",MIN(IF(V18="",0,V18)+(AB18/R18),1)),IF(V18<>"",V18,"")) -> 1 | AE18: =IF(AD18="","",IF(AD18>=1,"Cumplida",IF(AD18>0,"En ejecución","Pendiente"))) -> Cumplida | AI18: Validada | AJ18: 1 | AK18: Se verificó la consolidación del procedimiento para la programación semanal de la parrilla de contenidos, incluyendo la revisión de necesidades de difusión, contenidos y aprobación de publicaciones. La evidencia permite validar el 100% previsto para el corte. | AL18: Mantener la aplicación del procedimiento y conservar los registros que demuestren su uso. | AM18: 46286 | AN18: =IF(AJ18="","",IF(AJ18>=1,"Cumplida",IF(AJ18>0,"En ejecución","Pendiente"))) -> Cumplida | AT18: =IF(AP18="","",IF(AP18>=1,"Cumplida",IF(AP18>0,"En ejecución","Pendiente"))) | AZ18: Se evidenció el procedimiento para la elaboración, tratamiento y difusión de la información, el cual permite revisar necesidades de difusión, revisar contenidos y aprobar contenidos a publicar. | BA18: Cumple Parcialmente | BB18: Parcialmente Efectiva | BC18: Se recomienda finalizar el procedimiento de acuerdo con los lineamientos de Calidad con su respectiva codificación. | BD18: 46289 | BJ18: 0.5
A19: R.5 | B19: 2. Gestión de Comunicaciones - GC | C19: Posibilidad de perdida de confidencialidad por Divulgación de información institucional sin la adecuada revisión, verificación o validación previa. a causa de Desconocimiento o inaplicación del Manual de Comunicaciones y de los lineamientos establecidos para la gestión, validación y difusión de la información institucional. | D19: 9 | E19: A4 | F19: Realizar jornadas periódicas de capacitación y sensibilización dirigidas a funcionarios y contratistas sobre el uso adecuado de los canales institucionales, el manejo responsable de la información, la protección de datos personales y el cumplimiento de los lineamientos establecidos en el Manual de Comunicaciones. | G19: Registros de las jornadas de capacitación y sensibilización realizadas (listas de asistencia, presentaciones y/o actas). | H19: Subdirección Técnica Comunicaciones | I19: 46032 | J19: 46387 | K19: 46142 | L19: 46264 | M19: 46386 | N19: 30/04/2026 31/08/2026 31/12/2026 | O19: 30/04/2026 31/08/2026 31/12/2026 | P19: Semestral | Q19: Nùmero de actas o listado de asistencia | R19: 2 | S19: 1 | T19: 1 | U19: =IF(OR(S19="",S19=0,T19=""),"",MIN(T19/S19,1)) -> 1 | V19: =IF(OR(R19="",R19=0,T19=""),"",MIN(T19/R19,1)) -> 0.5 | W19: =IF(V19="","",IF(V19>=1,"Cumplida",IF(V19>0,"En ejecución","Pendiente"))) -> En ejecución | X19: Se realizò la socializaciòn del Manual de Comunicaciones el IMCT al interior de los contratistas del àrea y a cargo de dicho proceso. | Y19: Listado de asistencia capacitaciòn | Z19: 46235 | AA19: 1 | AC19: =IF(OR(AA19="",AA19=0,AB19=""),"",MIN(AB19/AA19,1)) | AD19: =IF(AB19<>"",IF(OR(R19="",R19=0),"",MIN(IF(V19="",0,V19)+(AB19/R19),1)),IF(V19<>"",V19,"")) -> 0.5 | AE19: =IF(AD19="","",IF(AD19>=1,"Cumplida",IF(AD19>0,"En ejecución","Pendiente"))) -> En ejecución | AI19: Validada | AJ19: 0.5 | AK19: Se evidenció la socialización del Manual de Comunicaciones el IMCT al interior de los contratistas del área y a cargo de dicho proceso. La evidencia revisada soporta un avance del 50.0%; el cumplimiento es parcial al corte. | AL19: Continuar con las actividades pendientes y actualizar en el siguiente corte únicamente los nuevos resultados y soportes. | AM19: 46286 | AN19: =IF(AJ19="","",IF(AJ19>=1,"Cumplida",IF(AJ19>0,"En ejecución","Pendiente"))) -> En ejecución | AT19: =IF(AP19="","",IF(AP19>=1,"Cumplida",IF(AP19>0,"En ejecución","Pendiente"))) | AZ19: No se evidenciaron soportes de esta actividad. | BA19: No Cumple | BB19: No Efectiva | BC19: La Oficina Asesora de Control Interno recomienda ejecutar la acción programada, o en su defecto adjuntar las evidencias realizadas. | BD19: 46289 | BJ19: 0
A20: R.5 | B20: 2. Gestión de Comunicaciones - GC | C20: Posibilidad de perdida de confidencialidad por Divulgación de información institucional sin la adecuada revisión, verificación o validación previa. a causa de Desconocimiento o inaplicación del Manual de Comunicaciones y de los lineamientos establecidos para la gestión, validación y difusión de la información institucional. | D20: 10 | E20: A5 | F20: Implementar mecanismos de seguimiento y control sobre las publicaciones institucionales y el cumplimiento de los lineamientos del Manual de Comunicaciones, con el fin de prevenir la difusión de información no autorizada y proteger la imagen y reputación institucional del IMCT. | G20: Matriz o informe de seguimiento y control de publicaciones institucionales y cumplimiento de lineamientos. | H20: Subdirección Técnica Comunicaciones | M20: 46386 | N20: 30/04/2026 31/08/2026 31/12/2026 | O20: 30/04/2026 31/08/2026 31/12/2026 | P20: Semestral | Q20: % | R20: 8 | S20: 4 | T20: 4 | U20: =IF(OR(S20="",S20=0,T20=""),"",MIN(T20/S20,1)) -> 1 | V20: =IF(OR(R20="",R20=0,T20=""),"",MIN(T20/R20,1)) -> 0.5 | W20: =IF(V20="","",IF(V20>=1,"Cumplida",IF(V20>0,"En ejecución","Pendiente"))) -> En ejecución | X20: Se realizò seguimiento a las publicaciones realizadas por el IMCT y se limitò el accceso o permisos para publicar, solo al personal coordinador del àrea. | Y20: Informe mensual de publicaciones | Z20: 46235 | AA20: 4 | AC20: =IF(OR(AA20="",AA20=0,AB20=""),"",MIN(AB20/AA20,1)) | AD20: =IF(AB20<>"",IF(OR(R20="",R20=0),"",MIN(IF(V20="",0,V20)+(AB20/R20),1)),IF(V20<>"",V20,"")) -> 0.5 | AE20: =IF(AD20="","",IF(AD20>=1,"Cumplida",IF(AD20>0,"En ejecución","Pendiente"))) -> En ejecución | AI20: Validada | AJ20: 0.5 | AK20: Se verificó el seguimiento a las publicaciones institucionales y la restricción de permisos de publicación al personal autorizado del área. La evidencia aportada permite validar el 100% previsto para el corte. | AL20: Mantener el control de accesos y conservar los reportes de seguimiento a las publicaciones. | AM20: 46286 | AN20: =IF(AJ20="","",IF(AJ20>=1,"Cumplida",IF(AJ20>0,"En ejecución","Pendiente"))) -> En ejecución | AT20: =IF(AP20="","",IF(AP20>=1,"Cumplida",IF(AP20>0,"En ejecución","Pendiente"))) | AZ20: Se evidencia el seguimiento de la ejecución de la publicación de contenidos programáticos. | BA20: Cumple | BB20: Parcialmente Efectiva | BC20: La Oficina Asesora de Control Interno recomienda que los informes realizados tengas métricas y/o indicadores de eficiencia operativa. (cuantas personas interactúan, publico objetivo, cuantas vistas tenemos en la página, video más viral) | BD20: 46289 | BJ20: 0.5
A21: R.6 | B21: 2. Gestión de Comunicaciones - GC | C21: Posibilidad de pérdida reputacional por Fallas, deterioro u obsolescencia de los equipos tecnológicos y audiovisuales utilizados para la gestión de comunicaciones. a causa de Insuficiente disponibilidad de recursos para la renovación, reposición y mantenimiento oportuno de los equipos. | D21: 11 | E21: A1 | F21: Elaborar y actualizar anualmente el diagnóstico de necesidades tecnológicas del área de Comunicaciones, identificando los equipos, herramientas, software y recursos técnicos requeridos para la producción y difusión de contenidos institucionales. | G21: Diagnóstico anual de necesidades tecnológicas del área de Comunicaciones. | H21: Subdirección Técnica Comunicaciones | I21: 46032 | J21: 46387 | K21: 46142 | L21: 46264 | M21: 46386 | N21: 30/04/2026 31/08/2026 31/12/2026 | O21: 30/04/2026 31/08/2026 31/12/2026 | P21: Anual | Q21: Documento diagnòstico | R21: 1 | S21: 1 | T21: 1 | U21: =IF(OR(S21="",S21=0,T21=""),"",MIN(T21/S21,1)) -> 1 | V21: =IF(OR(R21="",R21=0,T21=""),"",MIN(T21/R21,1)) -> 1 | W21: =IF(V21="","",IF(V21>=1,"Cumplida",IF(V21>0,"En ejecución","Pendiente"))) -> Cumplida | X21: Se hizo el requerimiento tècnico de necesidades y el estudio previo para la formulaciòn del proceso contrato mantenimiento de la emisora cultural. | Y21: Requerimiento tècnico para el contrato de mantenimiento emisora cultural | Z21: 46235 | AC21: =IF(OR(AA21="",AA21=0,AB21=""),"",MIN(AB21/AA21,1)) | AD21: =IF(AB21<>"",IF(OR(R21="",R21=0),"",MIN(IF(V21="",0,V21)+(AB21/R21),1)),IF(V21<>"",V21,"")) -> 1 | AE21: =IF(AD21="","",IF(AD21>=1,"Cumplida",IF(AD21>0,"En ejecución","Pendiente"))) -> Cumplida | AI21: Validada | AJ21: 1 | AK21: Se verificó el requerimiento técnico de necesidades y el estudio previo para la formulación del proceso contrato mantenimiento de la emisora cultural. Los soportes aportados son consistentes con lo reportado y permiten validar el 100% previsto para el corte. | AL21: Conservar la evidencia y continuar el seguimiento conforme a la periodicidad establecida. | AM21: 46286 | AN21: =IF(AJ21="","",IF(AJ21>=1,"Cumplida",IF(AJ21>0,"En ejecución","Pendiente"))) -> Cumplida | AT21: =IF(AP21="","",IF(AP21>=1,"Cumplida",IF(AP21>0,"En ejecución","Pendiente"))) | AU21: Cumplimiento de las acciones para la gestión de equipos tecnológicos y audiovisuales | AV21: Resultado = suma del avance acumulado validado de todas las actividades del riesgo ÷ total de actividades programadas del riesgo. Cada actividad tiene el mismo peso. | AW21: 1 | AX21: =IF((COUNT(AJ21,AP21)+COUNT(AJ22,AP22)+COUNT(AJ23,AP23)+COUNT(AJ24,AP24))=0,"",(MIN(SUM(AJ21,AP21),1)+MIN(SUM(AJ22,AP22),1)+MIN(SUM(AJ23,AP23),1)+MIN(SUM(AJ24,AP24),1))/4) -> 1 | AY21: =IF(AX21="","Sin medición",IF(AX21>=1,"Cumplido",IF(AX21>0,"En ejecución","Pendiente"))) -> Cumplido | AZ21: Se evidencian los requerimiento tècnico de necesidades para elaborar los estudio previo para la formulaciòn del proceso contractual del mantenimiento de la emisora cultural; pero no se evidencia el diagnóstico de necesidades tecnológicas del área de Comunicaciones, identificando los equipos, herramientas, software y recursos técnicos requeridos para la producción y difusión de contenidos institucionales. | BA21: Cumple | BB21: Parcialmente Efectiva | BC21: La Oficina Asesora de Control Interno recomienda realizar el diagnóstico de necesidades tecnológicas del área de Comunicaciones, identificando los equipos, herramientas, software y recursos técnicos requeridos para la producción y difusión de contenidos institucionales. | BD21: 46289 | BJ21: 0.5
A22: R.6 | B22: 2. Gestión de Comunicaciones - GC | C22: Posibilidad de pérdida reputacional por Fallas, deterioro u obsolescencia de los equipos tecnológicos y audiovisuales utilizados para la gestión de comunicaciones. a causa de Insuficiente disponibilidad de recursos para la renovación, reposición y mantenimiento oportuno de los equipos. | D22: 12 | E22: A2 | F22: Gestionar la inclusión de recursos en el presupuesto institucional para la adquisición, actualización, modernización y mantenimiento preventivo y correctivo de los equipos tecnológicos y audiovisuales utilizados en las comunicaciones externas del IMCT. | G22: Solicitud o requerimiento de necesidades tecnológicas y presupuestales presentado al área competente, con soporte de gestión. | H22: Subdirección Técnica Comunicaciones | I22: 46032 | J22: 46387 | K22: 46142 | L22: 46264 | M22: 46386 | N22: 30/04/2026 31/08/2026 31/12/2026 | O22: 30/04/2026 31/08/2026 31/12/2026 | P22: Anual | Q22: Documento solicitud necesidades | R22: 1 | S22: 1 | T22: 1 | U22: =IF(OR(S22="",S22=0,T22=""),"",MIN(T22/S22,1)) -> 1 | V22: =IF(OR(R22="",R22=0,T22=""),"",MIN(T22/R22,1)) -> 1 | W22: =IF(V22="","",IF(V22>=1,"Cumplida",IF(V22>0,"En ejecución","Pendiente"))) -> Cumplida | X22: Se hizo asignaciòn de presupuesto para realizar el mantenimiento emisora, proyecto comunicaciones. | Y22: Registro presupuestal, contrato de mantenimiento emisora | Z22: 46235 | AC22: =IF(OR(AA22="",AA22=0,AB22=""),"",MIN(AB22/AA22,1)) | AD22: =IF(AB22<>"",IF(OR(R22="",R22=0),"",MIN(IF(V22="",0,V22)+(AB22/R22),1)),IF(V22<>"",V22,"")) -> 1 | AE22: =IF(AD22="","",IF(AD22>=1,"Cumplida",IF(AD22>0,"En ejecución","Pendiente"))) -> Cumplida | AI22: Validada | AJ22: 1 | AK22: Se verificó la asignación presupuestal destinada al mantenimiento de la emisora y al proyecto de comunicaciones. Los soportes presupuestales y contractuales permiten validar el 100% previsto para el corte. | AL22: Conservar los soportes presupuestales y realizar seguimiento a la ejecución de los recursos asignados. | AM22: 46286 | AN22: =IF(AJ22="","",IF(AJ22>=1,"Cumplida",IF(AJ22>0,"En ejecución","Pendiente"))) -> Cumplida | AT22: =IF(AP22="","",IF(AP22>=1,"Cumplida",IF(AP22>0,"En ejecución","Pendiente"))) | AZ22: Se adjudico el contrato 0418 de 11 de junio de 2026 para prestar los servicios de mantenimiento y soporte técnico en la emisora. | BA22: Cumple | BB22: Efectiva | BC22: Continuar con la ejecución del contrato. | BD22: 46289 | BJ22: 1
A23: R.6 | B23: 2. Gestión de Comunicaciones - GC | C23: Posibilidad de pérdida reputacional por Fallas, deterioro u obsolescencia de los equipos tecnológicos y audiovisuales utilizados para la gestión de comunicaciones. a causa de Insuficiente disponibilidad de recursos para la renovación, reposición y mantenimiento oportuno de los equipos. | D23: 13 | E23: A3 | F23: Implementar un plan de mantenimiento y renovación tecnológica, que permita garantizar el funcionamiento continuo de cámaras, computadores, equipos audiovisuales, software especializado y demás herramientas necesarias para la generación y publicación de contenidos. | G23: Plan de mantenimiento y renovación tecnológica elaborado y actualizado, con registros de las actividades ejecutadas. | H23: Subdirección Técnica Comunicaciones | I23: 46032 | J23: 46387 | K23: 46142 | L23: 46264 | M23: 46386 | N23: 30/04/2026 31/08/2026 31/12/2026 | O23: 30/04/2026 31/08/2026 31/12/2026 | P23: Anual | Q23: Documento plan | R23: 1 | S23: 1 | T23: 1 | U23: =IF(OR(S23="",S23=0,T23=""),"",MIN(T23/S23,1)) -> 1 | V23: =IF(OR(R23="",R23=0,T23=""),"",MIN(T23/R23,1)) -> 1 | W23: =IF(V23="","",IF(V23>=1,"Cumplida",IF(V23>0,"En ejecución","Pendiente"))) -> Cumplida | X23: Se viene dando cumplimiento al contrato de mantenimiento de la emisora y los contratos de servicios software (aplicaciones y redes) necesarias para la difusiòn de la informaciòn institucionall. | Y23: Cuadro de pagos y contratos que permiten la operaciòn de las redes y medios de comunicaciòn institucional. Requerimientos tècnicos contrataciones STREAMING, ADAS, CREATIVE CLOUD Y PLATAFORMAS DIGITALES. | Z23: 46235 | AC23: =IF(OR(AA23="",AA23=0,AB23=""),"",MIN(AB23/AA23,1)) | AD23: =IF(AB23<>"",IF(OR(R23="",R23=0),"",MIN(IF(V23="",0,V23)+(AB23/R23),1)),IF(V23<>"",V23,"")) -> 1 | AE23: =IF(AD23="","",IF(AD23>=1,"Cumplida",IF(AD23>0,"En ejecución","Pendiente"))) -> Cumplida | AI23: Validada | AJ23: 1 | AK23: Se evidenció avance en la ejecución del contrato de mantenimiento de la emisora y de los servicios de software requeridos para la operación de aplicaciones y redes de comunicaciones. Los soportes permiten validar el 100% previsto para el corte. | AL23: Continuar el seguimiento contractual y conservar los soportes de ejecución y pagos correspondientes. | AM23: 46286 | AN23: =IF(AJ23="","",IF(AJ23>=1,"Cumplida",IF(AJ23>0,"En ejecución","Pendiente"))) -> Cumplida | AT23: =IF(AP23="","",IF(AP23>=1,"Cumplida",IF(AP23>0,"En ejecución","Pendiente"))) | AZ23: No se evidencia la Implementación del plan de mantenimiento y renovación tecnológica | BA23: Cumple Parcialmente | BB23: Parcialmente Efectiva | BC23: La Oficina Asesora de Control Interno recomienda adjuntar el Plan de Mantenimiento y Renovación Tecnológica o en su defecto el contrato 0418 con su respetivo plan de Mantenimiento. | BD23: 46289 | BJ23: 0.5
A24: R.6 | B24: 2. Gestión de Comunicaciones - GC | C24: Posibilidad de pérdida reputacional por Fallas, deterioro u obsolescencia de los equipos tecnológicos y audiovisuales utilizados para la gestión de comunicaciones. a causa de Insuficiente disponibilidad de recursos para la renovación, reposición y mantenimiento oportuno de los equipos. | D24: 14 | E24: A4 | F24: Realizar seguimiento periódico al estado y disponibilidad de los equipos y recursos tecnológicos, documentando las necesidades de reposición, actualización o reparación y reportándolas oportunamente a las áreas competentes para asegurar la continuidad de los procesos de comunicación y el acceso oportuno de la ciudadanía a la información institucional. | G24: Matriz de seguimiento del estado de los equipos, con registro de necesidades de mantenimiento, reparación, actualización o reposición. | H24: Subdirección Técnica Comunicaciones | I24: 46032 | J24: 46387 | K24: 46142 | L24: 46264 | M24: 46386 | N24: 30/04/2026 31/08/2026 31/12/2026 | O24: 30/04/2026 31/08/2026 31/12/2026 | P24: Anual | Q24: Matriz seguimiento | R24: 2 | S24: 2 | T24: 2 | U24: =IF(OR(S24="",S24=0,T24=""),"",MIN(T24/S24,1)) -> 1 | V24: =IF(OR(R24="",R24=0,T24=""),"",MIN(T24/R24,1)) -> 1 | W24: =IF(V24="","",IF(V24>=1,"Cumplida",IF(V24>0,"En ejecución","Pendiente"))) -> Cumplida | X24: Se ha ejecutado el contrato de mantenimiento de la emisora, respondiendo a las necesidades diagnosticadas. | Y24: Acta de inicio | Z24: 46235 | AC24: =IF(OR(AA24="",AA24=0,AB24=""),"",MIN(AB24/AA24,1)) | AD24: =IF(AB24<>"",IF(OR(R24="",R24=0),"",MIN(IF(V24="",0,V24)+(AB24/R24),1)),IF(V24<>"",V24,"")) -> 1 | AE24: =IF(AD24="","",IF(AD24>=1,"Cumplida",IF(AD24>0,"En ejecución","Pendiente"))) -> Cumplida | AI24: Validada | AJ24: 1 | AK24: Se evidenció la ejecución del contrato de mantenimiento de la emisora para atender las necesidades técnicas previamente identificadas. La documentación aportada permite validar el 100% previsto para el corte. | AL24: Mantener el seguimiento al contrato y conservar los informes o actas que evidencien las intervenciones realizadas. | AM24: 46286 | AN24: =IF(AJ24="","",IF(AJ24>=1,"Cumplida",IF(AJ24>0,"En ejecución","Pendiente"))) -> Cumplida | AT24: =IF(AP24="","",IF(AP24>=1,"Cumplida",IF(AP24>0,"En ejecución","Pendiente"))) | AZ24: No se evidencia la matriz de seguimiento del estado de los equipos, con registro de necesidades de mantenimiento, reparación, actualización o reposición. | BA24: Cumple Parcialmente | BB24: Parcialmente Efectiva | BC24: La Oficina Asesora de Control Interno recomienda adjuntar la Matriz de seguimiento del estado de los equipos tal como lo indica la descripción de la acción | BD24: 46289 | BJ24: 0.5
A25: R.7 | B25: 3. Gestión Integral | C25: Posibilidad de afectación reputacional por Uso de documentos e información de seguimiento desactualizados frente a las condiciones actuales de los procesos a causa de Bajo nivel de autocontrol de los líderes de proceso para revisar y mantener actualizada la información a su cargo | D25: 15 | E25: A1 | F25: Revisar y actualizar el listado maestro de documentos, identificando documentos que requieran modificación, actualización o retiro, y gestionar los ajustes correspondientes con los líderes de proceso. | G25: Listado maestro actualizado y registro de inconsistencias gestionadas. | H25: Dirección Subdirección Técnica Profesional responsable de MIPG y Calidad | I25: 46032 | J25: 46387 | K25: 46142 | L25: 46264 | M25: 46386 | N25: 30/04/2026 31/08/2026 31/12/2026 | O25: 30/04/2026 31/08/2026 31/12/2026 | P25: Cuatrimestral | Q25: # | R25: 2 | S25: 1 | T25: 1 | U25: =IF(OR(S25="",S25=0,T25=""),"",MIN(T25/S25,1)) -> 1 | V25: =IF(OR(R25="",R25=0,T25=""),"",MIN(T25/R25,1)) -> 0.5 | W25: =IF(V25="","",IF(V25>=1,"Cumplida",IF(V25>0,"En ejecución","Pendiente"))) -> En ejecución | X25: Durante el periodo se realizó la revisión y actualización del Listado Maestro de Documentos, verificando la correspondencia de los documentos con los procesos vigentes, códigos, versiones y estado documental. Como resultado de la revisión se identificaron documentos que requerían actualización, ajuste o retiro y se gestionaron las observaciones con los responsables de los procesos para mantener actualizada la información del Sistema de Gestión de la Calidad. | Y25: Listado Maestro de Documentos actualizado. | Z25: 46273 | AA25: 1 | AC25: =IF(OR(AA25="",AA25=0,AB25=""),"",MIN(AB25/AA25,1)) | AD25: =IF(AB25<>"",IF(OR(R25="",R25=0),"",MIN(IF(V25="",0,V25)+(AB25/R25),1)),IF(V25<>"",V25,"")) -> 0.5 | AE25: =IF(AD25="","",IF(AD25>=1,"Cumplida",IF(AD25>0,"En ejecución","Pendiente"))) -> En ejecución | AF25: =IF(AE25="","",IF(AE25>=1,"Cumplida",IF(AE25>0,"En ejecución","Pendiente"))) -> Cumplida | AI25: Validada | AJ25: 0.5 | AK25: Se constató que durante el periodo se realizó la revisión y actualización del Listado Maestro de Documentos, verificando la correspondencia de los documentos con los procesos vigentes, códigos, versiones y estado documental. Como resultado de la revisión se identificaron documentos que requerían actualización, ajuste o retiro y se gestionaron las observaciones con los responsables de los…. La evidencia revisada soporta un avance del 50.0%; el cumplimiento es parcial al corte. | AL25: Continuar con las actividades pendientes y actualizar en el siguiente corte únicamente los nuevos resultados y soportes. | AM25: 46286 | AN25: =IF(AJ25="","",IF(AJ25>=1,"Cumplida",IF(AJ25>0,"En ejecución","Pendiente"))) -> En ejecución | AT25: =IF(AP25="","",IF(AP25>=1,"Cumplida",IF(AP25>0,"En ejecución","Pendiente"))) | AU25: Cumplimiento de las acciones de actualización y seguimiento del SGC | AV25: Resultado = suma del avance acumulado validado de todas las actividades del riesgo ÷ total de actividades programadas del riesgo. Cada actividad tiene el mismo peso. | AW25: 1 | AX25: =IF((COUNT(AJ25,AP25)+COUNT(AJ26,AP26)+COUNT(AJ27,AP27)+COUNT(AJ28,AP28)+COUNT(AJ29,AP29))=0,"",(MIN(SUM(AJ25,AP25),1)+MIN(SUM(AJ26,AP26),1)+MIN(SUM(AJ27,AP27),1)+MIN(SUM(AJ28,AP28),1)+MIN(SUM(AJ29,AP29),1))/5) -> 0.48666667 | AY25: =IF(AX25="","Sin medición",IF(AX25>=1,"Cumplido",IF(AX25>0,"En ejecución","Pendiente"))) -> En ejecución | AZ25: Se observo la revisión y actualización del Listado Maestro de Documentos, evidenciando los ajustes a los documentos que requerían actualización. | BA25: Cumple | BB25: Efectiva | BC25: La Oficina Asesora de Control Interno recomienda validar la Unidad de Medida de la Acción. | BD25: 46289 | BJ25: 0.5
A26: R.7 | B26: 3. Gestión Integral | C26: Posibilidad de afectación reputacional por Uso de documentos e información de seguimiento desactualizados frente a las condiciones actuales de los procesos a causa de Bajo nivel de autocontrol de los líderes de proceso para revisar y mantener actualizada la información a su cargo | D26: 16 | E26: A2 | F26: Aplicar el formato GI-F-71 “Control, Revisión y Aprobación de Documentos” a las solicitudes de creación, modificación, actualización o eliminación documental tramitadas durante la vigencia. | G26: Formatos GI-F-71 diligenciados correspondientes a las solicitudes tramitadas. | H26: Dirección Subdirección Técnica Profesional responsable de MIPG y Calidad | I26: 46032 | J26: 46387 | K26: 46142 | L26: 46264 | M26: 46386 | N26: 30/04/2026 31/08/2026 31/12/2026 | O26: 30/04/2026 31/08/2026 31/12/2026 | P26: Según solicitud | Q26: # | R26: 1 | S26: 26 | T26: 26 | U26: =IF(OR(S26="",S26=0,T26=""),"",MIN(T26/S26,1)) -> 1 | V26: =IF(OR(R26="",R26=0,T26=""),"",MIN(T26/R26,1)) -> 1 | W26: =IF(V26="","",IF(V26>=1,"Cumplida",IF(V26>0,"En ejecución","Pendiente"))) -> Cumplida | X26: Se efectuó la revisión y validación de las solicitudes de creación, modificación, actualización o eliminación de documentos recibidas durante el periodo, aplicando el formato GI-F-71 como mecanismo de control previo a su aprobación y publicación en el repositorio institucional. | Y26: Formatos GI-F-71 diligenciados correspondientes a las solicitudes tramitadas | Z26: 46273 | AA26: 34 | AC26: =IF(OR(AA26="",AA26=0,AB26=""),"",MIN(AB26/AA26,1)) | AD26: =IF(AB26<>"",IF(OR(R26="",R26=0),"",MIN(IF(V26="",0,V26)+(AB26/R26),1)),IF(V26<>"",V26,"")) -> 1 | AE26: =IF(AD26="","",IF(AD26>=1,"Cumplida",IF(AD26>0,"En ejecución","Pendiente"))) -> Cumplida | AF26: =IF(AE26="","",IF(AE26>=1,"Cumplida",IF(AE26>0,"En ejecución","Pendiente"))) -> Cumplida | AI26: Validada | AJ26: 0.43333333 | AK26: Se verificó la revisión y validación de las solicitudes de creación, modificación, actualización o eliminación de documentos recibidas durante el periodo, aplicando el formato GI-F-71 como mecanismo de control previo a su aprobación y publicación en el repositorio institucional. La evidencia revisada soporta un avance del 43.3%; el cumplimiento es parcial al corte. | AL26: Continuar con las actividades pendientes y actualizar en el siguiente corte únicamente los nuevos resultados y soportes. | AM26: 46286 | AN26: =IF(AJ26="","",IF(AJ26>=1,"Cumplida",IF(AJ26>0,"En ejecución","Pendiente"))) -> En ejecución | AT26: =IF(AP26="","",IF(AP26>=1,"Cumplida",IF(AP26>0,"En ejecución","Pendiente"))) | AZ26: Se evidencia la implementación del formato GI-F-71 “Control, Revisión y Aprobación de Documentos” como mecanismo de control previo a su aprobación y publicación. De igual manera el formato Gl-F-70 "Solicitud de Creación, Modificación o Eliminación de Documentos" esta siendo implementado por la entidad. | BA26: Cumple | BB26: Efectiva | BC26: La Oficina Asesora de Control Interno recomienda validar la Unidad de Medida de la Acción. | BD26: 46289 | BJ26: 1
A27: R.7 | B27: 3. Gestión Integral | C27: Posibilidad de afectación reputacional por Uso de documentos e información de seguimiento desactualizados frente a las condiciones actuales de los procesos a causa de Bajo nivel de autocontrol de los líderes de proceso para revisar y mantener actualizada la información a su cargo | D27: 17 | E27: A3 | F27: Realizar seguimiento al estado de los indicadores de gestión de los procesos, identificando desviaciones, inconsistencias o necesidades de ajuste en la información reportada. | G27: Informe diagnóstico de indicadores y matriz consolidada de resultados. | H27: Dirección Subdirección Técnica Profesional responsable de MIPG y Calidad | I27: 46032 | J27: 46387 | K27: 46142 | L27: 46264 | M27: 46386 | N27: 30/04/2026 31/08/2026 31/12/2026 | O27: 30/04/2026 31/08/2026 31/12/2026 | P27: Semestral | Q27: # | R27: 2 | S27: 1 | T27: 1 | U27: =IF(OR(S27="",S27=0,T27=""),"",MIN(T27/S27,1)) -> 1 | V27: =IF(OR(R27="",R27=0,T27=""),"",MIN(T27/R27,1)) -> 0.5 | W27: =IF(V27="","",IF(V27>=1,"Cumplida",IF(V27>0,"En ejecución","Pendiente"))) -> En ejecución | X27: Se realizó la revisión y consolidación de los indicadores de gestión reportados por los procesos, verificando el resultado alcanzado frente a la meta programada, la coherencia de la información registrada y los soportes aportados. | Y27: Matriz institucional de indicadores consolidada. Fichas técnicas de indicadores revisadas. Informe o reporte de seguimiento. | Z27: 46273 | AA27: 1 | AC27: =IF(OR(AA27="",AA27=0,AB27=""),"",MIN(AB27/AA27,1)) | AD27: =IF(AB27<>"",IF(OR(R27="",R27=0),"",MIN(IF(V27="",0,V27)+(AB27/R27),1)),IF(V27<>"",V27,"")) -> 0.5 | AE27: =IF(AD27="","",IF(AD27>=1,"Cumplida",IF(AD27>0,"En ejecución","Pendiente"))) -> En ejecución | AF27: =IF(AE27="","",IF(AE27>=1,"Cumplida",IF(AE27>0,"En ejecución","Pendiente"))) -> Cumplida | AI27: Validada | AJ27: 0.5 | AK27: Se verificó la revisión y consolidación de los indicadores de gestión reportados por los procesos, verificando el resultado alcanzado frente a la meta programada, la coherencia de la información registrada y los soportes aportados. La evidencia revisada soporta un avance del 50.0%; el cumplimiento es parcial al corte. | AL27: Continuar con las actividades pendientes y actualizar en el siguiente corte únicamente los nuevos resultados y soportes. | AM27: 46286 | AN27: =IF(AJ27="","",IF(AJ27>=1,"Cumplida",IF(AJ27>0,"En ejecución","Pendiente"))) -> En ejecución | AT27: =IF(AP27="","",IF(AP27>=1,"Cumplida",IF(AP27>0,"En ejecución","Pendiente"))) | AZ27: Se evidencia el informe del primer semestre con un avance de cumplimiento del 87,6% | BA27: Cumple | BB27: Efectiva | BC27: La Oficina Asesora de Control Interno recomienda validar la Unidad de Medida de la Acción. | BD27: 46289 | BJ27: 0.5
A28: R.7 | B28: 3. Gestión Integral | C28: Posibilidad de afectación reputacional por Uso de documentos e información de seguimiento desactualizados frente a las condiciones actuales de los procesos a causa de Bajo nivel de autocontrol de los líderes de proceso para revisar y mantener actualizada la información a su cargo | D28: 18 | E28: A4 | F28: Realizar jornadas de orientación y asistencia técnica a los líderes de proceso sobre sus responsabilidades de autocontrol frente al mantenimiento y mejora del Sistema de Gestión de la Calidad. | G28: Registros de jornadas de orientación y listas de asistencia. | H28: Dirección Subdirección Técnica Profesional responsable de MIPG y Calidad | I28: 46032 | J28: 46387 | K28: 46142 | L28: 46264 | M28: 46386 | N28: 30/04/2026 31/08/2026 31/12/2026 | O28: 30/04/2026 31/08/2026 31/12/2026 | P28: Trimestral | Q28: # | R28: 4 | S28: 2 | T28: 2 | U28: =IF(OR(S28="",S28=0,T28=""),"",MIN(T28/S28,1)) -> 1 | V28: =IF(OR(R28="",R28=0,T28=""),"",MIN(T28/R28,1)) -> 0.5 | W28: =IF(V28="","",IF(V28>=1,"Cumplida",IF(V28>0,"En ejecución","Pendiente"))) -> En ejecución | X28: Se brindó orientación y acompañamiento técnico a los líderes y responsables de los procesos frente a sus responsabilidades dentro del Sistema de Gestión de la Calidad, especialmente en temas relacionados con control documental, actualización de documentos, utilización del repositorio institucional, reporte de información y autocontrol. | Y28: Presentaciones utilizadas en las jornadas. Listados o registros de asistencia. Actas de mesas de trabajo. Correos de convocatoria y acompañamiento técnico. | Z28: 46273 | AA28: 2 | AC28: =IF(OR(AA28="",AA28=0,AB28=""),"",MIN(AB28/AA28,1)) | AD28: =IF(AB28<>"",IF(OR(R28="",R28=0),"",MIN(IF(V28="",0,V28)+(AB28/R28),1)),IF(V28<>"",V28,"")) -> 0.5 | AE28: =IF(AD28="","",IF(AD28>=1,"Cumplida",IF(AD28>0,"En ejecución","Pendiente"))) -> En ejecución | AF28: =IF(AE28="","",IF(AE28>=1,"Cumplida",IF(AE28>0,"En ejecución","Pendiente"))) -> Cumplida | AI28: Validada | AJ28: 0.5 | AK28: Se evidenció orientación y acompañamiento técnico a los líderes y responsables de los procesos frente a sus responsabilidades dentro del Sistema de Gestión de la Calidad, especialmente en temas relacionados con control documental, actualización de documentos, utilización del repositorio institucional, reporte de información y autocontrol. La evidencia revisada soporta un avance del 50.0%; el cumplimiento es parcial al corte. | AL28: Continuar con las actividades pendientes y actualizar en el siguiente corte únicamente los nuevos resultados y soportes. | AM28: 46286 | AN28: =IF(AJ28="","",IF(AJ28>=1,"Cumplida",IF(AJ28>0,"En ejecución","Pendiente"))) -> En ejecución | AT28: =IF(AP28="","",IF(AP28>=1,"Cumplida",IF(AP28>0,"En ejecución","Pendiente"))) | AZ28: Se evidencia que el día 04 de agosto y 29 de julio se realizaron socializaciones frente al autocontrol, mantenimiento y mejora del Sistema de Gestión de la Calidad. | BA28: Cumple | BB28: Efectiva | BC28: La Oficina Asesora de Control Interno recomienda validar la Unidad de Medida de la Acción. De igual manera se sugiere continuar con actividades de autocontrol frente al mantenimiento y mejora del Sistema de Gestión de la Calidad | BD28: 46289 | BJ28: 0.5
A29: R.7 | B29: 3. Gestión Integral | C29: Posibilidad de afectación reputacional por Uso de documentos e información de seguimiento desactualizados frente a las condiciones actuales de los procesos a causa de Bajo nivel de autocontrol de los líderes de proceso para revisar y mantener actualizada la información a su cargo | D29: 19 | E29: A5 | F29: Evaluar el grado de implementación y mantenimiento del Sistema de Gestión de la Calidad frente a los requisitos aplicables de la Norma ISO 9001:2015, identificando avances, brechas y oportunidades de mejora. | G29: Informe semestral de evaluación del SGC, matriz de análisis y dashboard de resultados. | H29: Dirección Subdirección Técnica Profesional responsable de MIPG y Calidad | I29: 46032 | J29: 46387 | K29: 46142 | L29: 46264 | M29: 46386 | N29: 30/04/2026 31/08/2026 31/12/2026 | O29: 30/04/2026 31/08/2026 31/12/2026 | P29: Semestral | Q29: # | R29: 2 | S29: 1 | T29: 1 | U29: =IF(OR(S29="",S29=0,T29=""),"",MIN(T29/S29,1)) -> 1 | V29: =IF(OR(R29="",R29=0,T29=""),"",MIN(T29/R29,1)) -> 0.5 | W29: =IF(V29="","",IF(V29>=1,"Cumplida",IF(V29>0,"En ejecución","Pendiente"))) -> En ejecución | X29: Se efectuó una revisión del estado de implementación y mantenimiento del Sistema de Gestión de la Calidad, analizando la documentación vigente, estructura de procesos, indicadores, riesgos, control documental y demás elementos asociados al cumplimiento y mejora del sistema. La revisión permitió identificar avances alcanzados, aspectos pendientes y oportunidades de fortalecimiento frente a los lineamientos aplicables de la Norma ISO 9001:2015. | Y29: Informe del Sistema de Gestión. Matriz utilizados para el análisis. | Z29: 46273 | AA29: 1 | AC29: =IF(OR(AA29="",AA29=0,AB29=""),"",MIN(AB29/AA29,1)) | AD29: =IF(AB29<>"",IF(OR(R29="",R29=0),"",MIN(IF(V29="",0,V29)+(AB29/R29),1)),IF(V29<>"",V29,"")) -> 0.5 | AE29: =IF(AD29="","",IF(AD29>=1,"Cumplida",IF(AD29>0,"En ejecución","Pendiente"))) -> En ejecución | AF29: =IF(AE29="","",IF(AE29>=1,"Cumplida",IF(AE29>0,"En ejecución","Pendiente"))) -> Cumplida | AI29: Validada | AJ29: 0.5 | AK29: Se verificó la revisión del estado de implementación y mantenimiento del Sistema de Gestión de la Calidad, incluyendo documentación vigente, estructura de procesos, indicadores, riesgos y control documental. La evidencia respalda un avance del 50%; el seguimiento continúa en ejecución. | AL29: Completar la revisión prevista para la vigencia y dejar consolidado el resultado en el siguiente informe de seguimiento. | AM29: 46286 | AN29: =IF(AJ29="","",IF(AJ29>=1,"Cumplida",IF(AJ29>0,"En ejecución","Pendiente"))) -> En ejecución | AT29: =IF(AP29="","",IF(AP29>=1,"Cumplida",IF(AP29>0,"En ejecución","Pendiente"))) | AZ29: Se evdiencia el informe semestral cuantitativo y trazable de la transformación del Sistema de Gestión del IMCT, | BA29: Cumple | BB29: Efectiva | BC29: La Oficina Asesora de Control Interno recomienda validar la Unidad de Medida de la Acción. | BD29: 46289 | BJ29: 0.5
A30: R.8 | B30: 3. Gestión Integral | C30: Posibilidad de afectación reputacional por Reporte incompleto, inexacto o extemporáneo de información y evidencias para la medición del desempeño y el seguimiento de la gestión institucional a causa de Debilidades en la revisión y validación de la información, así como en el cumplimiento de los tiempos de reporte por parte de los responsables | D30: 20 | E30: A1 | F30: Actualizar y socializar el cronograma institucional de reportes asociados a MIPG y brindar orientación a los responsables de políticas y procesos sobre las fechas, lineamientos, criterios y evidencias requeridas para su cumplimiento. | G30: Cronograma institucional de reportes actualizado y registros de socialización, orientación o asistencia técnica realizada. | H30: Dirección Subdirección Técnica Profesional responsable de MIPG y Calidad | I30: 46032 | J30: 46387 | K30: 46142 | L30: 46264 | M30: 46386 | N30: 30/04/2026 31/08/2026 31/12/2026 | O30: 30/04/2026 31/08/2026 31/12/2026 | P30: Cuatrimestral | Q30: # | R30: 2 | S30: 1 | T30: 1 | U30: =IF(OR(S30="",S30=0,T30=""),"",MIN(T30/S30,1)) -> 1 | V30: =IF(OR(R30="",R30=0,T30=""),"",MIN(T30/R30,1)) -> 0.5 | W30: =IF(V30="","",IF(V30>=1,"Cumplida",IF(V30>0,"En ejecución","Pendiente"))) -> En ejecución | X30: Se realizó la organización y seguimiento de los reportes institucionales asociados a MIPG, estableciendo fechas, responsables, periodicidades y productos requeridos. Adicionalmente, se brindaron orientaciones y asistencias técnicas a los líderes de política y responsables de los procesos sobre los criterios de reporte, evidencias requeridas y cumplimiento de los plazos establecidos. | Y30: Cronograma institucional de reportes actualizado. Correos de solicitud y seguimiento, Registros de mesas de trabajo, Presentaciones. | Z30: 46273 | AA30: 1 | AC30: =IF(OR(AA30="",AA30=0,AB30=""),"",MIN(AB30/AA30,1)) | AD30: =IF(AB30<>"",IF(OR(R30="",R30=0),"",MIN(IF(V30="",0,V30)+(AB30/R30),1)),IF(V30<>"",V30,"")) -> 0.5 | AE30: =IF(AD30="","",IF(AD30>=1,"Cumplida",IF(AD30>0,"En ejecución","Pendiente"))) -> En ejecución | AF30: =IF(AE30="","",IF(AE30>=1,"Cumplida",IF(AE30>0,"En ejecución","Pendiente"))) -> Cumplida | AI30: Validada | AJ30: 0.5 | AK30: Se verificó la organización y seguimiento de los reportes institucionales asociados a MIPG, estableciendo fechas, responsables, periodicidades y productos requeridos. Adicionalmente, se brindaron orientaciones y asistencias técnicas a los líderes de política y responsables de los procesos sobre los criterios de reporte, evidencias requeridas y cumplimiento de los plazos…. La evidencia revisada soporta un avance del 50.0%; el cumplimiento es parcial al corte. | AL30: Continuar con las actividades pendientes y actualizar en el siguiente corte únicamente los nuevos resultados y soportes. | AM30: 46286 | AN30: =IF(AJ30="","",IF(AJ30>=1,"Cumplida",IF(AJ30>0,"En ejecución","Pendiente"))) -> En ejecución | AT30: =IF(AP30="","",IF(AP30>=1,"Cumplida",IF(AP30>0,"En ejecución","Pendiente"))) | AU30: Cumplimiento de las acciones de seguimiento a MIPG | AV30: Resultado = suma del avance acumulado validado de todas las actividades del riesgo ÷ total de actividades programadas del riesgo. Cada actividad tiene el mismo peso. | AW30: 1 | AX30: =IF((COUNT(AJ30,AP30)+COUNT(AJ31,AP31)+COUNT(AJ32,AP32)+COUNT(AJ33,AP33))=0,"",(MIN(SUM(AJ30,AP30),1)+MIN(SUM(AJ31,AP31),1)+MIN(SUM(AJ32,AP32),1)+MIN(SUM(AJ33,AP33),1))/4) -> 0.49166667 | AY30: =IF(AX30="","Sin medición",IF(AX30>=1,"Cumplido",IF(AX30>0,"En ejecución","Pendiente"))) -> En ejecución | AZ30: Se evidencia el cornograma institucional de reportes asociados a MIPG a travéz del Share Point estableciendo los lineamientos que se deben tener en cuenta para su presentación. | BA30: Cumple | BB30: Efectiva | BC30: La Oficina Asesora de Control Interno recomienda validar la Unidad de Medida de la Acción. | BD30: 46289 | BJ30: 0.5
A31: R.8 | B31: 3. Gestión Integral | C31: Posibilidad de afectación reputacional por Reporte incompleto, inexacto o extemporáneo de información y evidencias para la medición del desempeño y el seguimiento de la gestión institucional a causa de Debilidades en la revisión y validación de la información, así como en el cumplimiento de los tiempos de reporte por parte de los responsables | D31: 21 | E31: A2 | F31: Realizar seguimiento a las políticas de MIPG, planes institucionales, PTEP y mapas de riesgos, verificando la oportunidad, integridad, coherencia y suficiencia de la información y evidencias reportadas. | G31: Matrices de seguimiento consolidadas con observaciones, alertas y compromisos identificados. | H31: Dirección Subdirección Técnica Profesional responsable de MIPG y Calidad | I31: 46032 | J31: 46387 | K31: 46142 | L31: 46264 | M31: 46386 | N31: 30/04/2026 31/08/2026 31/12/2026 | O31: 30/04/2026 31/08/2026 31/12/2026 | P31: Cuatrimestral | Q31: # | R31: 3 | S31: 1 | T31: 1 | U31: =IF(OR(S31="",S31=0,T31=""),"",MIN(T31/S31,1)) -> 1 | V31: =IF(OR(R31="",R31=0,T31=""),"",MIN(T31/R31,1)) -> 0.33333333 | W31: =IF(V31="","",IF(V31>=1,"Cumplida",IF(V31>0,"En ejecución","Pendiente"))) -> En ejecución | X31: Durante el periodo se realizó el monitoreo y consolidación de la información correspondiente a las políticas de MIPG, planes institucionales, Plan de Transparencia y Ética Pública y mapas de riesgos. Se verificó el avance de las actividades programadas, la coherencia de la información reportada, el cumplimiento de los tiempos y la existencia de evidencias que permitieran soportar los avances registrados. Cuando se identificaron inconsistencias o información pendiente se formularon observaciones y se solicitaron los respectivos ajustes a los responsables. | Y31: Matrices de seguimiento y monitoreo consolidadas. Matrices de riesgos actualizadas. Seguimiento al PTEP. Seguimiento a planes institucionales y Plan de Acción MIPG. | Z31: 46273 | AA31: 2 | AC31: =IF(OR(AA31="",AA31=0,AB31=""),"",MIN(AB31/AA31,1)) | AD31: =IF(AB31<>"",IF(OR(R31="",R31=0),"",MIN(IF(V31="",0,V31)+(AB31/R31),1)),IF(V31<>"",V31,"")) -> 0.33333333 | AE31: =IF(AD31="","",IF(AD31>=1,"Cumplida",IF(AD31>0,"En ejecución","Pendiente"))) -> En ejecución | AF31: =IF(AE31="","",IF(AE31>=1,"Cumplida",IF(AE31>0,"En ejecución","Pendiente"))) -> Cumplida | AI31: Validada | AJ31: 0.33333333 | AK31: Se constató que durante el periodo se realizó el monitoreo y consolidación de la información correspondiente a las políticas de MIPG, planes institucionales, Plan de Transparencia y Ética Pública y mapas de riesgos. Se verificó el avance de las actividades programadas, la coherencia de la información reportada, el cumplimiento de los tiempos y la existencia de evidencias que permitieran…. La evidencia revisada soporta un avance del 33.3%; el cumplimiento es parcial al corte. | AL31: Continuar con las actividades pendientes y actualizar en el siguiente corte únicamente los nuevos resultados y soportes. | AM31: 46286 | AN31: =IF(AJ31="","",IF(AJ31>=1,"Cumplida",IF(AJ31>0,"En ejecución","Pendiente"))) -> En ejecución | AT31: =IF(AP31="","",IF(AP31>=1,"Cumplida",IF(AP31>0,"En ejecución","Pendiente"))) | AZ31: Se observa el seguimiento por parte de la segunda linea de defensa del Plan de Transición, Plan de Acción de MIPG y Mapa de Riesgos Institucional | BA31: Cumple | BB31: Efectiva | BC31: La Oficina Asesora de Control Interno recomienda validar la Unidad de Medida de la Acción. | BD31: 46289 | BJ31: 0.3333
A32: R.8 | B32: 3. Gestión Integral | C32: Posibilidad de afectación reputacional por Reporte incompleto, inexacto o extemporáneo de información y evidencias para la medición del desempeño y el seguimiento de la gestión institucional a causa de Debilidades en la revisión y validación de la información, así como en el cumplimiento de los tiempos de reporte por parte de los responsables | D32: 22 | E32: A3 | F32: Analizar los resultados y recomendaciones del Índice de Desempeño Institucional IDI, y formular o actualizar las acciones de mejora del Plan de Acción MIPG orientadas al cierre de las brechas identificadas. | G32: Informe de análisis del IDI, Plan de Acción de MIPG actualizado y matriz de seguimiento. | H32: Dirección Subdirección Técnica Profesional responsable de MIPG y Calidad | I32: 46032 | J32: 46387 | K32: 46142 | L32: 46264 | M32: 46386 | N32: 30/04/2026 31/08/2026 31/12/2026 | O32: 30/04/2026 31/08/2026 31/12/2026 | P32: Anual | Q32: # | R32: 1 | S32: 0.8 | T32: 0.8 | U32: =IF(OR(S32="",S32=0,T32=""),"",MIN(T32/S32,1)) -> 1 | V32: =IF(OR(R32="",R32=0,T32=""),"",MIN(T32/R32,1)) -> 0.8 | W32: =IF(V32="","",IF(V32>=1,"Cumplida",IF(V32>0,"En ejecución","Pendiente"))) -> En ejecución | X32: Se analizaron los resultados obtenidos por la entidad en la medición del Índice de Desempeño Institucional – IDI, identificando fortalezas, brechas y recomendaciones asociadas a las políticas de gestión y desempeño. A partir de este análisis se orientó la formulación y actualización del Plan de Acción MIPG 2026–2027, definiendo acciones de mejora encaminadas al fortalecimiento del desempeño institucional. | Y32: Resultados FURAG–IDI 2025. Matriz de análisis de resultados. Plan de Acción MIPG 2026–2027. Registros de mesas de trabajo y capacitación sobre resultados FURAG–IDI. Presentaciones utilizadas para la socialización. | Z32: 46273 | AA32: 0.2 | AC32: =IF(OR(AA32="",AA32=0,AB32=""),"",MIN(AB32/AA32,1)) | AD32: =IF(AB32<>"",IF(OR(R32="",R32=0),"",MIN(IF(V32="",0,V32)+(AB32/R32),1)),IF(V32<>"",V32,"")) -> 0.8 | AE32: =IF(AD32="","",IF(AD32>=1,"Cumplida",IF(AD32>0,"En ejecución","Pendiente"))) -> En ejecución | AF32: =IF(AE32="","",IF(AE32>=1,"Cumplida",IF(AE32>0,"En ejecución","Pendiente"))) -> Cumplida | AI32: Validada | AJ32: 0.8 | AK32: Se verificó el análisis de los resultados obtenidos por la entidad en la medición del Índice de Desempeño Institucional – IDI, identificando fortalezas, brechas y recomendaciones asociadas a las políticas de gestión y desempeño. Los soportes aportados son consistentes con lo reportado y permiten validar el 100% previsto para el corte. | AL32: Conservar la evidencia y continuar el seguimiento conforme a la periodicidad establecida. | AM32: 46286 | AN32: =IF(AJ32="","",IF(AJ32>=1,"Cumplida",IF(AJ32>0,"En ejecución","Pendiente"))) -> En ejecución | AT32: =IF(AP32="","",IF(AP32>=1,"Cumplida",IF(AP32>0,"En ejecución","Pendiente"))) | AZ32: Se evidencia el Informe consolidado de los resultados del Índice de Desempeño Institucional – IDI, obtenidos por el IMCT en la vigencia 2025 con un resultado de 95,4% y el análisis histórico de los resultados registrados durante las vigencias 2022, 2023 y 2024 | BA32: Cumple | BB32: Efectiva | BC32: La Oficina Asesora de Control Interno recomienda validar la Unidad de Medida de la Acción. | BD32: 46289 | BJ32: 0.8
A33: R.8 | B33: 3. Gestión Integral | C33: Posibilidad de afectación reputacional por Reporte incompleto, inexacto o extemporáneo de información y evidencias para la medición del desempeño y el seguimiento de la gestión institucional a causa de Debilidades en la revisión y validación de la información, así como en el cumplimiento de los tiempos de reporte por parte de los responsables | D33: 23 | E33: A4 | F33: Consolidar y presentar los resultados del seguimiento a MIPG ante las instancias correspondientes, incluyendo avances, alertas, recomendaciones y compromisos para la toma de decisiones. | G33: Informe o presentación consolidada de resultados y registro de compromisos derivados de su presentación. | H33: Dirección Subdirección Técnica Profesional responsable de MIPG y Calidad | I33: 46032 | J33: 46387 | K33: 46142 | L33: 46264 | M33: 46386 | N33: 30/04/2026 31/08/2026 31/12/2026 | O33: 30/04/2026 31/08/2026 31/12/2026 | P33: Cuatrimestral | Q33: # | R33: 3 | S33: 1 | T33: 1 | U33: =IF(OR(S33="",S33=0,T33=""),"",MIN(T33/S33,1)) -> 1 | V33: =IF(OR(R33="",R33=0,T33=""),"",MIN(T33/R33,1)) -> 0.33333333 | W33: =IF(V33="","",IF(V33>=1,"Cumplida",IF(V33>0,"En ejecución","Pendiente"))) -> En ejecución | X33: Se consolidaron los resultados obtenidos a partir del seguimiento a las políticas de MIPG, Plan de Acción, planes institucionales, PTEP, indicadores y gestión de riesgos, identificando avances, alertas, aspectos pendientes y recomendaciones. La información consolidada fue preparada y presentada ante las instancias correspondientes para facilitar la toma de decisiones y establecer los compromisos requeridos para el mejoramiento de la gestión institucional. | Y33: Presentación del informe de monitoreo realizado a MIPG ante el Comité Institucional, soportada mediante actas y registros de las reuniones efectuadas. | Z33: 46273 | AA33: 2 | AC33: =IF(OR(AA33="",AA33=0,AB33=""),"",MIN(AB33/AA33,1)) | AD33: =IF(AB33<>"",IF(OR(R33="",R33=0),"",MIN(IF(V33="",0,V33)+(AB33/R33),1)),IF(V33<>"",V33,"")) -> 0.33333333 | AE33: =IF(AD33="","",IF(AD33>=1,"Cumplida",IF(AD33>0,"En ejecución","Pendiente"))) -> En ejecución | AF33: =IF(AE33="","",IF(AE33>=1,"Cumplida",IF(AE33>0,"En ejecución","Pendiente"))) -> Cumplida | AI33: Validada | AJ33: 0.33333333 | AK33: Se consolidaron los resultados obtenidos a partir del seguimiento a las políticas de MIPG, Plan de Acción, planes institucionales, PTEP, indicadores y gestión de riesgos, identificando avances, alertas, aspectos pendientes y recomendaciones. La evidencia revisada soporta un avance del 33.3%; el cumplimiento es parcial al corte. | AL33: Continuar con las actividades pendientes y actualizar en el siguiente corte únicamente los nuevos resultados y soportes. | AM33: 46286 | AN33: =IF(AJ33="","",IF(AJ33>=1,"Cumplida",IF(AJ33>0,"En ejecución","Pendiente"))) -> En ejecución | AT33: =IF(AP33="","",IF(AP33>=1,"Cumplida",IF(AP33>0,"En ejecución","Pendiente"))) | AZ33: Se observo el acta de comité 02 del dia 15 de mayo donde se socializo y se aprobó documentos relacionados con la actualización, implementación y seguimiento de políticas, planes, manuales, repositorios institucionales y demás instrumentos asociados al MIPG. | BA33: Cumple | BB33: Efectiva | BC33: La Oficina Asesora de Control Interno recomienda validar la Unidad de Medida de la Acción. | BD33: 46289 | BJ33: 0.3333
A34: R.9 | B34: 4. Atención al Ciudadano | C34: Posibilidad de pérdida reputacional por Debilidades en la oportunidad, consistencia y calidad de las respuestas brindadas por los canales de atención presencial, PQRSD, telefónico y digital, generando quejas, PQRSD rezagadas y exposición negativa. a causa de Debido a la necesidad de fortalecer la medición de satisfacción ciudadana, el análisis de PQRSD, la identificación de respuestas extemporáneas, la retroalimentación a las dependencias responsables y el cierre documentado de acciones de mejora. | D34: 24 | E34: A1 | F34: Realizar jornadas de sensibilización y fortalecimiento de capacidades dirigidas al personal encargado de la atención ciudadana y la gestión de PQRSD/OPAS. | G34: Registros de jornadas de sensibilización y fortalecimiento de capacidades realizadas. | H34: Subdirección Administrativa y Financiera | I34: Enero del 2026 | J34: Diciembre del 2026 | K34: 46142 | L34: 46264 | M34: 46386 | N34: 30/04/2026 31/08/2026 31/12/2026 | O34: 30/04/2026 31/08/2026 31/12/2026 | P34: Semestral | Q34: Jornadas | R34: 2 | S34: 1 | T34: 1 | U34: =IF(OR(S34="",S34=0,T34=""),"",MIN(T34/S34,1)) -> 1 | V34: =IF(OR(R34="",R34=0,T34=""),"",MIN(T34/R34,1)) -> 0.5 | W34: =IF(V34="","",IF(V34>=1,"Cumplida",IF(V34>0,"En ejecución","Pendiente"))) -> En ejecución | X34: Durante los días 27 y 28 de mayo de 2026 se realizó una jornada de continuidad, socialización y revisión de mejoras del procedimiento de OPAS, con participación de 12 servidores y contratistas. | Y34: https://imctgovco.sharepoint.com/:f:/s/INFORMESDELMIPG2025/IgDTHQYSc3TUTbH5kQ8naosQAa4DVdypXMAMcWJdqW6rTVA?e=9xQNPp | Z34: 46275 | AA34: 1 | AC34: =IF(OR(AA34="",AA34=0,AB34=""),"",MIN(AB34/AA34,1)) | AD34: =IF(AB34<>"",IF(OR(R34="",R34=0),"",MIN(IF(V34="",0,V34)+(AB34/R34),1)),IF(V34<>"",V34,"")) -> 0.5 | AE34: =IF(AD34="","",IF(AD34>=1,"Cumplida",IF(AD34>0,"En ejecución","Pendiente"))) -> En ejecución | AI34: Validada | AJ34: 0.5 | AK34: Se constató que durante los días 27 y 28 de mayo de 2026 se realizó una jornada de continuidad, socialización y revisión de mejoras del procedimiento de OPAS, con participación de 12 servidores y contratistas. La evidencia revisada soporta un avance del 50.0%; el cumplimiento es parcial al corte. | AL34: Continuar con las actividades pendientes y actualizar en el siguiente corte únicamente los nuevos resultados y soportes. | AM34: 46286 | AN34: =IF(AJ34="","",IF(AJ34>=1,"Cumplida",IF(AJ34>0,"En ejecución","Pendiente"))) -> En ejecución | AT34: =IF(AP34="","",IF(AP34>=1,"Cumplida",IF(AP34>0,"En ejecución","Pendiente"))) | AU34: Cumplimiento de las acciones de seguimiento a PQRSD y satisfacción ciudadana | AV34: Resultado = suma del avance acumulado validado de todas las actividades del riesgo ÷ total de actividades programadas del riesgo. Cada actividad tiene el mismo peso. | AW34: 1 | AX34: =IF((COUNT(AJ34,AP34)+COUNT(AJ35,AP35)+COUNT(AJ36,AP36)+COUNT(AJ37,AP37)+COUNT(AJ38,AP38)+COUNT(AJ39,AP39))=0,"",(MIN(SUM(AJ34,AP34),1)+MIN(SUM(AJ35,AP35),1)+MIN(SUM(AJ36,AP36),1)+MIN(SUM(AJ37,AP37),1)+MIN(SUM(AJ38,AP38),1)+MIN(SUM(AJ39,AP39),1))/6) -> 0.25 | AY34: =IF(AX34="","Sin medición",IF(AX34>=1,"Cumplido",IF(AX34>0,"En ejecución","Pendiente"))) -> En ejecución | AZ34: Los días 27 y 28 de mayo de 2026 se realizaron jornadas de socialización y revisión de mejoras del procedimiento de PQRSD y OPAS. | BA34: Cumple | BB34: Efectiva | BC34: Se recomienda dar continuidad con las jornadas de Sensibilización | BD34: 46289 | BJ34: 0.5
A35: R.9 | B35: 4. Atención al Ciudadano | C35: Posibilidad de pérdida reputacional por Debilidades en la oportunidad, consistencia y calidad de las respuestas brindadas por los canales de atención presencial, PQRSD, telefónico y digital, generando quejas, PQRSD rezagadas y exposición negativa. a causa de Debido a la necesidad de fortalecer la medición de satisfacción ciudadana, el análisis de PQRSD, la identificación de respuestas extemporáneas, la retroalimentación a las dependencias responsables y el cierre documentado de acciones de mejora. | D35: 25 | E35: A2 | F35: Elaborar informe trimestral de PQRSD y satisfacción ciudadana, incorporando resultados de encuestas, oportunidad de respuesta, canales, tipologías y dependencias responsables. | G35: Informe trimestral de PQRSD y satisfacción ciudadana. | H35: Subdirección Administrativa y Financiera | I35: Enero del 2026 | J35: Diciembre del 2026 | K35: 46142 | L35: 46264 | M35: 46386 | N35: 30/04/2026 31/08/2026 31/12/2026 | O35: 30/04/2026 31/08/2026 31/12/2026 | P35: Trimestral | Q35: Informes | R35: 2 | S35: 1 | T35: 1 | U35: =IF(OR(S35="",S35=0,T35=""),"",MIN(T35/S35,1)) -> 1 | V35: =IF(OR(R35="",R35=0,T35=""),"",MIN(T35/R35,1)) -> 0.5 | W35: =IF(V35="","",IF(V35>=1,"Cumplida",IF(V35>0,"En ejecución","Pendiente"))) -> En ejecución | X35: Durante mayo-julio de 2026 se desarrollaron las actividades de consolidación y análisis correspondientes al segundo trimestre. En julio se elaboraron el AC-F-05 Informe de PQRSDF y el AC-F-05 Informe de Encuesta de Satisfacción del periodo abril-junio de 2026, incorporando solicitudes recibidas, canales, tipologías, oportunidad de respuesta, quejas, reclamos, resultados de satisfacción y acciones de seguimiento. | Y35: https://imctgovco.sharepoint.com/:f:/s/INFORMESDELMIPG2025/IgC-qSn_rbQmRZ_c3KLirqTMATkbdQHbEznkP28X0xMTV2g?e=FPxGXa | Z35: 46275 | AA35: 1 | AC35: =IF(OR(AA35="",AA35=0,AB35=""),"",MIN(AB35/AA35,1)) | AD35: =IF(AB35<>"",IF(OR(R35="",R35=0),"",MIN(IF(V35="",0,V35)+(AB35/R35),1)),IF(V35<>"",V35,"")) -> 0.5 | AE35: =IF(AD35="","",IF(AD35>=1,"Cumplida",IF(AD35>0,"En ejecución","Pendiente"))) -> En ejecución | AI35: Validada | AJ35: 0.5 | AK35: Se constató que durante mayo-julio de 2026 se desarrollaron las actividades de consolidación y análisis correspondientes al segundo trimestre. En julio se elaboraron el AC-F-05 Informe de PQRSDF y el AC-F-05 Informe de Encuesta de Satisfacción del periodo abril-junio de 2026, incorporando solicitudes recibidas, canales, tipologías, oportunidad de respuesta, quejas, reclamos, resultados de…. La evidencia revisada soporta un avance del 50.0%; el cumplimiento es parcial al corte. | AL35: Continuar con las actividades pendientes y actualizar en el siguiente corte únicamente los nuevos resultados y soportes. | AM35: 46286 | AN35: =IF(AJ35="","",IF(AJ35>=1,"Cumplida",IF(AJ35>0,"En ejecución","Pendiente"))) -> En ejecución | AT35: =IF(AP35="","",IF(AP35>=1,"Cumplida",IF(AP35>0,"En ejecución","Pendiente"))) | AZ35: Se evidencia el informe de seguimiento y análisis al comportamiento de la recepción, trámite y respuesta oportuna a las PQRSD presentadas por los ciudadanos. Así mismo se observa el informe donde se analiza los resultados de la encuesta de satisfacción aplicada a usuarios del Instituto Municipal de Cultura y Turismo de Bucaramanga. | BA35: Cumple | BB35: Efectiva | BC35: Se recomienda dar continuidad con las actividades pendientes y programadas durante los próximos periodos | BD35: 46289 | BJ35: 0.5
A36: R.9 | B36: 4. Atención al Ciudadano | C36: Posibilidad de pérdida reputacional por Debilidades en la oportunidad, consistencia y calidad de las respuestas brindadas por los canales de atención presencial, PQRSD, telefónico y digital, generando quejas, PQRSD rezagadas y exposición negativa. a causa de Debido a la necesidad de fortalecer la medición de satisfacción ciudadana, el análisis de PQRSD, la identificación de respuestas extemporáneas, la retroalimentación a las dependencias responsables y el cierre documentado de acciones de mejora. | D36: 26 | E36: A3 | F36: Identificar y analizar PQRSD vencidas, próximas a vencer, contestadas con extemporaneidad y el grupo rezagado equivalente al percentil 90 o al 10% con mayores demoras. | G36: Reporte de análisis de PQRSD vencidas, próximas a vencer, extemporáneas y rezagadas. | H36: Subdirección Administrativa y Financiera | I36: Enero del 2026 | J36: Diciembre del 2026 | K36: 46142 | L36: 46264 | M36: 46386 | N36: 30/04/2026 31/08/2026 31/12/2026 | O36: 30/04/2026 31/08/2026 31/12/2026 | P36: Semestral | Q36: Informes consolidados | R36: 2 | S36: 1 | T36: 1 | U36: =IF(OR(S36="",S36=0,T36=""),"",MIN(T36/S36,1)) -> 1 | V36: =IF(OR(R36="",R36=0,T36=""),"",MIN(T36/R36,1)) -> 0.5 | W36: =IF(V36="","",IF(V36>=1,"Cumplida",IF(V36>0,"En ejecución","Pendiente"))) -> En ejecución | X36: Se consolidó y analizó el Informe de Radicados IMCT enero-junio de 2026. El reporte clasificó 1.602 PQRSD por mes, dependencia, canal y tipología, e identificó 1.371 respuestas dentro del término, 95 respuestas extemporáneas y 136 solicitudes pendientes, facilitando la priorización de los casos vencidos, próximos a vencer y con mayores demoras. | Y36: https://imctgovco.sharepoint.com/:f:/s/INFORMESDELMIPG2025/IgDPYQKQ6uR6T6i0lWYtzM6eAW40Vi2vpbqrMixR-1DglDk?e=g3Dtsb | Z36: 46275 | AA36: 1 | AC36: =IF(OR(AA36="",AA36=0,AB36=""),"",MIN(AB36/AA36,1)) | AD36: =IF(AB36<>"",IF(OR(R36="",R36=0),"",MIN(IF(V36="",0,V36)+(AB36/R36),1)),IF(V36<>"",V36,"")) -> 0.5 | AE36: =IF(AD36="","",IF(AD36>=1,"Cumplida",IF(AD36>0,"En ejecución","Pendiente"))) -> En ejecución | AI36: Validada | AJ36: 0.5 | AK36: Se revisó el Informe de Radicados IMCT de enero a junio de 2026. El análisis incluyó 1.602 PQRSD y permitió identificar 1.371 respuestas dentro del término, 95 extemporáneas y 136 pendientes. La evidencia respalda un avance del 50% al corte. | AL36: Continuar el seguimiento a los casos pendientes y extemporáneos y actualizar el análisis en el próximo corte. | AM36: 46286 | AN36: =IF(AJ36="","",IF(AJ36>=1,"Cumplida",IF(AJ36>0,"En ejecución","Pendiente"))) -> En ejecución | AT36: =IF(AP36="","",IF(AP36>=1,"Cumplida",IF(AP36>0,"En ejecución","Pendiente"))) | AZ36: Se observa el reporte semanal del análisis de PQRSD vencidas, próximas a vencer, extemporáneas y rezagadas por parte de responsable del proceso. | BA36: Cumple | BB36: Efectiva | BC36: La Oficina Asesora de Control Interno recomienda que los Directivos y Líderes de los procesos implementen acciones de seguimiento y control con el fin de mitigar que el vencimiento y la respuesta extemporánea de las PQRSD. | BD36: 46289 | BJ36: 0.5
A37: R.9 | B37: 4. Atención al Ciudadano | C37: Posibilidad de pérdida reputacional por Debilidades en la oportunidad, consistencia y calidad de las respuestas brindadas por los canales de atención presencial, PQRSD, telefónico y digital, generando quejas, PQRSD rezagadas y exposición negativa. a causa de Debido a la necesidad de fortalecer la medición de satisfacción ciudadana, el análisis de PQRSD, la identificación de respuestas extemporáneas, la retroalimentación a las dependencias responsables y el cierre documentado de acciones de mejora. | D37: 27 | E37: A4 | F37: Formular plan de mejora con responsables, fechas, indicadores y evidencias de cierre. | G37: Plan de mejora formulado y actualizado. | H37: Subdirección Administrativa y Financiera | I37: Enero del 2026 | J37: Diciembre del 2026 | K37: 46142 | L37: 46264 | M37: 46386 | N37: 30/04/2026 31/08/2026 31/12/2026 | O37: 30/04/2026 31/08/2026 31/12/2026 | P37: Cuando aplique | Q37: Planes de mejora | R37: 1 | S37: 1 | T37: 0 | U37: =IF(OR(S37="",S37=0,T37=""),"",MIN(T37/S37,1)) -> 0 | V37: =IF(OR(R37="",R37=0,T37=""),"",MIN(T37/R37,1)) -> 0 | W37: =IF(V37="","",IF(V37>=1,"Cumplida",IF(V37>0,"En ejecución","Pendiente"))) -> Pendiente | X37: Durante mayo–agosto de 2026 no se acreditó la ejecución de un plan de mejora derivado del análisis de PQRSD. La actividad queda pendiente y deberá ejecutarse y soportarse en el siguiente periodo. | Y37: Sin soporte verificable aportado para el corte del 31/08/2026. | Z37: 46275 | AA37: 1 | AC37: =IF(OR(AA37="",AA37=0,AB37=""),"",MIN(AB37/AA37,1)) | AD37: =IF(AB37<>"",IF(OR(R37="",R37=0),"",MIN(IF(V37="",0,V37)+(AB37/R37),1)),IF(V37<>"",V37,"")) -> 0 | AE37: =IF(AD37="","",IF(AD37>=1,"Cumplida",IF(AD37>0,"En ejecución","Pendiente"))) -> Pendiente | AI37: No validada | AJ37: 0 | AK37: El propio autocontrol reporta que durante mayo–agosto de 2026 no se acreditó la ejecución de un plan de mejora derivado del análisis de PQRSD. La actividad queda pendiente y deberá ejecutarse y soportarse en el siguiente periodo. Al no existir soporte verificable, el avance se mantiene en 0%. | AL37: Subsanar la evidencia y dejar claramente registrado qué se realizó, cuándo y con qué resultado. | AM37: 46286 | AN37: =IF(AJ37="","",IF(AJ37>=1,"Cumplida",IF(AJ37>0,"En ejecución","Pendiente"))) -> Pendiente | AT37: =IF(AP37="","",IF(AP37>=1,"Cumplida",IF(AP37>0,"En ejecución","Pendiente"))) | AZ37: No se reporta esta acción, programada para el tercer cuatrimestre. | BA37: No Aplica | BB37: Pendiente por Determinar | BC37: Se recomienda realizar la ejecución de la acción antes del cierre de la vigencia. | BD37: 46289 | BJ37: 0
A38: R.9 | B38: 4. Atención al Ciudadano | C38: Posibilidad de pérdida reputacional por Debilidades en la oportunidad, consistencia y calidad de las respuestas brindadas por los canales de atención presencial, PQRSD, telefónico y digital, generando quejas, PQRSD rezagadas y exposición negativa. a causa de Debido a la necesidad de fortalecer la medición de satisfacción ciudadana, el análisis de PQRSD, la identificación de respuestas extemporáneas, la retroalimentación a las dependencias responsables y el cierre documentado de acciones de mejora. | D38: 28 | E38: A5 | F38: Socializar resultados con las dependencias responsables y realizar retroalimentación documentada. | G38: Acta o registro de socialización y retroalimentación de resultados. | H38: Subdirección Administrativa y Financiera | I38: Enero del 2026 | J38: Diciembre del 2026 | K38: 46142 | L38: 46264 | M38: 46386 | N38: 30/04/2026 31/08/2026 31/12/2026 | O38: 30/04/2026 31/08/2026 31/12/2026 | P38: Trimestral o cuando aplique | Q38: Socializaciones | R38: 2 | S38: 1 | T38: 0 | U38: =IF(OR(S38="",S38=0,T38=""),"",MIN(T38/S38,1)) -> 0 | V38: =IF(OR(R38="",R38=0,T38=""),"",MIN(T38/R38,1)) -> 0 | W38: =IF(V38="","",IF(V38>=1,"Cumplida",IF(V38>0,"En ejecución","Pendiente"))) -> Pendiente | X38: El 21 de julio de 2026 se socializaron los resultados del seguimiento a las PQRSD del primer semestre y de la medición de satisfacción de la ciudadanía. La Oficina Asesora de Control Interno remitió a las dependencias responsables el informe de seguimiento, con el análisis de la oportunidad de las respuestas, solicitudes extemporáneas, pendientes y vencidas, así como las recomendaciones de mejora. Posteriormente, la Subdirección Administrativa y Financiera revisó las observaciones recibidas y realizó una reunión interna de retroalimentación para analizar los resultados, definir las acciones requeridas y fortalecer el cumplimiento de los términos de respuesta. | Y38: https://imctgovco.sharepoint.com/:f:/s/INFORMESDELMIPG2025/IgCvzJU_FHAASZOgfKEsS4N3AS169Ice0KVJrppSEIyIDSw?e=ACNBxP | Z38: 46275 | AA38: 2 | AC38: =IF(OR(AA38="",AA38=0,AB38=""),"",MIN(AB38/AA38,1)) | AD38: =IF(AB38<>"",IF(OR(R38="",R38=0),"",MIN(IF(V38="",0,V38)+(AB38/R38),1)),IF(V38<>"",V38,"")) -> 0 | AE38: =IF(AD38="","",IF(AD38>=1,"Cumplida",IF(AD38>0,"En ejecución","Pendiente"))) -> Pendiente | AI38: No validada | AJ38: 0 | AK38: Se evidenció que el 21 de julio de 2026 fueron socializados los resultados del seguimiento a las PQRSD del primer semestre y de la medición de satisfacción ciudadana. No obstante, el soporte revisado no permite acreditar de manera suficiente la retroalimentación documentada a las dependencias, por lo que no se valida avance. | AL38: Complementar el soporte con evidencia de la socialización y de la retroalimentación realizada a las dependencias responsables. | AM38: 46286 | AN38: =IF(AJ38="","",IF(AJ38>=1,"Cumplida",IF(AJ38>0,"En ejecución","Pendiente"))) -> Pendiente | AT38: =IF(AP38="","",IF(AP38>=1,"Cumplida",IF(AP38>0,"En ejecución","Pendiente"))) | AZ38: El día 21 de julio se socializo el Informe de Seguimiento PQRSD primer semestre 2026 con todos los directivos de la entidad a través de correo electrónico, y se realizó la retroalimentación con las mejoras a desarrollar. | BA38: Cumple | BB38: Efectiva | BC38: La oficina de Control Interno recomienda que la socialización se ralice no solo con los Directivos sino tambien con los lideres de los procesos y los responsables de contestar la PQRSD con el fin de tomar acciones de las PQRSD dejadas de contestar o contestadas con extemporaneidad. | BD38: 46289 | BJ38: 0.5
A39: R.9 | B39: 4. Atención al Ciudadano | C39: Posibilidad de pérdida reputacional por Debilidades en la oportunidad, consistencia y calidad de las respuestas brindadas por los canales de atención presencial, PQRSD, telefónico y digital, generando quejas, PQRSD rezagadas y exposición negativa. a causa de Debido a la necesidad de fortalecer la medición de satisfacción ciudadana, el análisis de PQRSD, la identificación de respuestas extemporáneas, la retroalimentación a las dependencias responsables y el cierre documentado de acciones de mejora. | D39: 29 | E39: A6 | F39: Hacer seguimiento al cumplimiento de compromisos y conservar soportes en el repositorio institucional. | G39: Matriz de seguimiento de compromisos y soportes de cumplimiento. | H39: Subdirección Administrativa y Financiera | I39: Enero del 2026 | J39: Diciembre del 2026 | K39: 46142 | L39: 46264 | M39: 46386 | N39: 30/04/2026 31/08/2026 31/12/2026 | O39: 30/04/2026 31/08/2026 31/12/2026 | P39: Trimestral | Q39: Seguimientos | R39: 2 | S39: 1 | T39: 0 | U39: =IF(OR(S39="",S39=0,T39=""),"",MIN(T39/S39,1)) -> 0 | V39: =IF(OR(R39="",R39=0,T39=""),"",MIN(T39/R39,1)) -> 0 | W39: =IF(V39="","",IF(V39>=1,"Cumplida",IF(V39>0,"En ejecución","Pendiente"))) -> Pendiente | X39: Durante mayo–agosto de 2026 no se acreditó la ejecución de un seguimiento documentado a compromisos y el cargue de sus soportes. La actividad queda pendiente y deberá ejecutarse y soportarse en el siguiente periodo. | Y39: Sin soporte verificable aportado para el corte del 31/08/2026. | Z39: 46275 | AA39: 2 | AC39: =IF(OR(AA39="",AA39=0,AB39=""),"",MIN(AB39/AA39,1)) | AD39: =IF(AB39<>"",IF(OR(R39="",R39=0),"",MIN(IF(V39="",0,V39)+(AB39/R39),1)),IF(V39<>"",V39,"")) -> 0 | AE39: =IF(AD39="","",IF(AD39>=1,"Cumplida",IF(AD39>0,"En ejecución","Pendiente"))) -> Pendiente | AI39: No validada | AJ39: 0 | AK39: El propio autocontrol reporta que durante mayo–agosto de 2026 no se acreditó la ejecución de un seguimiento documentado a compromisos y el cargue de sus soportes. La actividad queda pendiente y deberá ejecutarse y soportarse en el siguiente periodo. Al no existir soporte verificable, el avance se mantiene en 0%. | AL39: Subsanar la evidencia y dejar claramente registrado qué se realizó, cuándo y con qué resultado. | AM39: 46286 | AN39: =IF(AJ39="","",IF(AJ39>=1,"Cumplida",IF(AJ39>0,"En ejecución","Pendiente"))) -> Pendiente | AT39: =IF(AP39="","",IF(AP39>=1,"Cumplida",IF(AP39>0,"En ejecución","Pendiente"))) | AZ39: No se reporta esta acción, programada para el tercer cuatrimestre. | BA39: No Aplica | BB39: Pendiente por Determinar | BC39: Se recomienda ejecutar esta acción antes del cierre de la vigencia 2026. | BD39: 46289 | BJ39: 0
A40: R.10 | B40: 4. Atención al Ciudadano | C40: Posibilidad de afectación reputacional porFalta de capacitación, estandarización y apropiación en el uso del software de correspondencia, módulo PQRSD/Ventanilla Única y OPAS, lo que dificulta la respuesta eficiente y oportuna a las solicitudes ciudadanas. a causa de Debido a deficiencias en la integración operativa de los procesos de PQRSD, OPAS y correspondencia, así como a la necesidad de fortalecer usuarios, alertas, manuales operativos, guías rápidas y ruta de soporte. | D40: 30 | E40: A1 | F40: Capacitar a servidores y contratistas responsables de PQRSD, OPAS y correspondencia en el uso del software, términos de respuesta, trazabilidad y ruta de soporte. | G40: Registros de capacitación sobre PQRSD, OPAS, correspondencia y uso del software. | H40: Subdirección Administrativa y Financiera | I40: Enero del 2026 | J40: Diciembre del 2026 | K40: 46142 | L40: 46264 | M40: 46386 | N40: 30/04/2026 31/08/2026 31/12/2026 | O40: 30/04/2026 31/08/2026 31/12/2026 | P40: Semestral y cuando aplique | Q40: Jornadas | R40: 2 | S40: 1 | T40: 1 | U40: =IF(OR(S40="",S40=0,T40=""),"",MIN(T40/S40,1)) -> 1 | V40: =IF(OR(R40="",R40=0,T40=""),"",MIN(T40/R40,1)) -> 0.5 | W40: =IF(V40="","",IF(V40>=1,"Cumplida",IF(V40>0,"En ejecución","Pendiente"))) -> En ejecución | X40: El 27 de mayo de 2026 se realizó una capacitación institucional dirigida a servidores y contratistas responsables de PQRSD y OPAS, orientada al fortalecimiento de la gestión, los términos de respuesta, la trazabilidad y las responsabilidades frente al servicio a la ciudadanía. En junio se elaboró el informe de la jornada, consolidando objetivos, participantes, resultados de satisfacción y evidencias. | Y40: https://imctgovco.sharepoint.com/:f:/s/INFORMESDELMIPG2025/IgDveqAAJ2lxSZ9mlWsBWbhUAQuB7uCzsylgJDkddzNhVIk?e=jlYeJU | Z40: 46275 | AA40: 1 | AC40: =IF(OR(AA40="",AA40=0,AB40=""),"",MIN(AB40/AA40,1)) | AD40: =IF(AB40<>"",IF(OR(R40="",R40=0),"",MIN(IF(V40="",0,V40)+(AB40/R40),1)),IF(V40<>"",V40,"")) -> 0.5 | AE40: =IF(AD40="","",IF(AD40>=1,"Cumplida",IF(AD40>0,"En ejecución","Pendiente"))) -> En ejecución | AI40: Validada | AJ40: 0.5 | AK40: El 27 de mayo de 2026 se realizó una capacitación institucional dirigida a servidores y contratistas responsables de PQRSD y OPAS, orientada al fortalecimiento de la gestión, los términos de respuesta, la trazabilidad y las responsabilidades frente al servicio a la ciudadanía. La evidencia revisada soporta un avance del 50.0%; el cumplimiento es parcial al corte. | AL40: Continuar con las actividades pendientes y actualizar en el siguiente corte únicamente los nuevos resultados y soportes. | AM40: 46286 | AN40: =IF(AJ40="","",IF(AJ40>=1,"Cumplida",IF(AJ40>0,"En ejecución","Pendiente"))) -> En ejecución | AT40: =IF(AP40="","",IF(AP40>=1,"Cumplida",IF(AP40>0,"En ejecución","Pendiente"))) | AU40: Cumplimiento de las acciones para la gestión de PQRSD, OPAS y correspondencia | AV40: Resultado = suma del avance acumulado validado de todas las actividades del riesgo ÷ total de actividades programadas del riesgo. Cada actividad tiene el mismo peso. | AW40: 1 | AX40: =IF((COUNT(AJ40,AP40)+COUNT(AJ41,AP41)+COUNT(AJ42,AP42)+COUNT(AJ43,AP43)+COUNT(AJ44,AP44)+COUNT(AJ45,AP45))=0,"",(MIN(SUM(AJ40,AP40),1)+MIN(SUM(AJ41,AP41),1)+MIN(SUM(AJ42,AP42),1)+MIN(SUM(AJ43,AP43),1)+MIN(SUM(AJ44,AP44),1)+MIN(SUM(AJ45,AP45),1))/6) -> 0.27083333 | AY40: =IF(AX40="","Sin medición",IF(AX40>=1,"Cumplido",IF(AX40>0,"En ejecución","Pendiente"))) -> En ejecución | AZ40: El 27 de mayo de 2026 se realizó una capacitación institucional dirigida a servidores y contratistas responsables de PQRSD y OPAS, orientada al fortalecimiento de la gestión, los términos de respuesta, la trazabilidad y las responsabilidades frente al servicio a la ciudadanía. | BA40: Cumple | BB40: Efectiva | BC40: La Oficina Asesora de Control Interno recomienda que las socializaciones se realicen enfocadas al uso del software y las implicaciones que se tienen si no se cumplen los términos de respuesta. | BD40: 46289 | BJ40: 0.5
A41: R.10 | B41: 4. Atención al Ciudadano | C41: Posibilidad de afectación reputacional porFalta de capacitación, estandarización y apropiación en el uso del software de correspondencia, módulo PQRSD/Ventanilla Única y OPAS, lo que dificulta la respuesta eficiente y oportuna a las solicitudes ciudadanas. a causa de Debido a deficiencias en la integración operativa de los procesos de PQRSD, OPAS y correspondencia, así como a la necesidad de fortalecer usuarios, alertas, manuales operativos, guías rápidas y ruta de soporte. | D41: 31 | E41: A2 | F41: Socializar manual operativo, guías rápidas o instructivo de uso del módulo PQRSD/Ventanilla Única y OPAS. | G41: Registro de socialización del manual, guía o instructivo operativo. | H41: Subdirección Administrativa y Financiera | I41: Enero del 2026 | J41: Diciembre del 2026 | K41: 46142 | L41: 46264 | M41: 46386 | N41: 30/04/2026 31/08/2026 31/12/2026 | O41: 30/04/2026 31/08/2026 31/12/2026 | P41: Semestral y cuando se actualice el documento | Q41: Socializaciones | R41: 2 | S41: 1 | T41: 1 | U41: =IF(OR(S41="",S41=0,T41=""),"",MIN(T41/S41,1)) -> 1 | V41: =IF(OR(R41="",R41=0,T41=""),"",MIN(T41/R41,1)) -> 0.5 | W41: =IF(V41="","",IF(V41>=1,"Cumplida",IF(V41>0,"En ejecución","Pendiente"))) -> En ejecución | X41: Durante mayo–agosto de 2026 no se acreditó la ejecución de un seguimiento documentado a compromisos y el cargue de sus soportes. La actividad queda pendiente y deberá ejecutarse y soportarse en el siguiente periodo. | Y41: Sin soporte verificable aportado para el corte del 31/08/2026. | Z41: 46275 | AA41: 1 | AC41: =IF(OR(AA41="",AA41=0,AB41=""),"",MIN(AB41/AA41,1)) | AD41: =IF(AB41<>"",IF(OR(R41="",R41=0),"",MIN(IF(V41="",0,V41)+(AB41/R41),1)),IF(V41<>"",V41,"")) -> 0.5 | AE41: =IF(AD41="","",IF(AD41>=1,"Cumplida",IF(AD41>0,"En ejecución","Pendiente"))) -> En ejecución | AI41: Validada | AJ41: 0.5 | AK41: El autocontrol señala que durante mayo–agosto no se acreditó el seguimiento documentado ni el cargue de soportes; sin embargo, en la validación aparece un avance del 50%. Los dos registros no coinciden y el resultado debe aclararse antes de consolidarlo. | AL41: Verificar con el responsable si la actividad se ejecutó. Si existe soporte, ajustar la descripción; si no existe, corregir el avance a 0%. | AM41: 46286 | AN41: =IF(AJ41="","",IF(AJ41>=1,"Cumplida",IF(AJ41>0,"En ejecución","Pendiente"))) -> En ejecución | AT41: =IF(AP41="","",IF(AP41>=1,"Cumplida",IF(AP41>0,"En ejecución","Pendiente"))) | AZ41: No se desarrollo esta actividad durante el segundo cuatrimestre de la vigencia 2026 | BA41: No Cumple | BB41: No Efectiva | BC41: Se recomienda ejecutar esta acción antes del cierre de la vigencia 2026. | BD41: 46289 | BJ41: 0
A42: R.10 | B42: 4. Atención al Ciudadano | C42: Posibilidad de afectación reputacional porFalta de capacitación, estandarización y apropiación en el uso del software de correspondencia, módulo PQRSD/Ventanilla Única y OPAS, lo que dificulta la respuesta eficiente y oportuna a las solicitudes ciudadanas. a causa de Debido a deficiencias en la integración operativa de los procesos de PQRSD, OPAS y correspondencia, así como a la necesidad de fortalecer usuarios, alertas, manuales operativos, guías rápidas y ruta de soporte. | D42: 32 | E42: A3 | F42: Verificar mensualmente el avance de radicados, responsables asignados, comunicaciones vencidas y próximas a vencer. | G42: Reporte mensual de seguimiento a radicados y tiempos de respuesta. | H42: Subdirección Administrativa y Financiera | I42: Enero del 2026 | J42: Diciembre del 2026 | K42: 46142 | L42: 46264 | M42: 46386 | N42: 30/04/2026 31/08/2026 31/12/2026 | O42: 30/04/2026 31/08/2026 31/12/2026 | P42: Mensual | Q42: Meses verificados | R42: 8 | S42: 4 | T42: 2 | U42: =IF(OR(S42="",S42=0,T42=""),"",MIN(T42/S42,1)) -> 0.5 | V42: =IF(OR(R42="",R42=0,T42=""),"",MIN(T42/R42,1)) -> 0.25 | W42: =IF(V42="","",IF(V42>=1,"Cumplida",IF(V42>0,"En ejecución","Pendiente"))) -> En ejecución | X42: Durante mayo y junio de 2026 se verificó el avance de los radicados y su estado de respuesta mediante el consolidado institucional. El análisis permitió identificar solicitudes contestadas dentro del término, extemporáneas y pendientes, discriminadas por dependencia, responsable y fecha máxima de respuesta. | Y42: https://imctgovco.sharepoint.com/:f:/s/INFORMESDELMIPG2025/IgCPY7jQ35efQZig6uTct-lIAbp4zRev8KDzZ36oO2_hK0w?e=PbYUsz | Z42: 46275 | AA42: 6 | AC42: =IF(OR(AA42="",AA42=0,AB42=""),"",MIN(AB42/AA42,1)) | AD42: =IF(AB42<>"",IF(OR(R42="",R42=0),"",MIN(IF(V42="",0,V42)+(AB42/R42),1)),IF(V42<>"",V42,"")) -> 0.25 | AE42: =IF(AD42="","",IF(AD42>=1,"Cumplida",IF(AD42>0,"En ejecución","Pendiente"))) -> En ejecución | AI42: Validada | AJ42: 0.25 | AK42: Se constató que durante mayo y junio de 2026 se verificó el avance de los radicados y su estado de respuesta mediante el consolidado institucional. El análisis permitió identificar solicitudes contestadas dentro del término, extemporáneas y pendientes, discriminadas por dependencia, responsable y fecha máxima de respuesta. La evidencia revisada soporta un avance del 25.0%; el cumplimiento es parcial al corte. | AL42: Continuar con las actividades pendientes y actualizar en el siguiente corte únicamente los nuevos resultados y soportes. | AM42: 46286 | AN42: =IF(AJ42="","",IF(AJ42>=1,"Cumplida",IF(AJ42>0,"En ejecución","Pendiente"))) -> En ejecución | AT42: =IF(AP42="","",IF(AP42>=1,"Cumplida",IF(AP42>0,"En ejecución","Pendiente"))) | AZ42: No se evidencia ningun soporte sobre seguimiento a radicados y tiempos de respuesta. | BA42: No Aplica | BB42: No Efectiva | BC42: Se recomienda ejecutar esta acción antes del cierre de la vigencia 2026 | BD42: 46289 | BJ42: 0
A43: R.10 | B43: 4. Atención al Ciudadano | C43: Posibilidad de afectación reputacional porFalta de capacitación, estandarización y apropiación en el uso del software de correspondencia, módulo PQRSD/Ventanilla Única y OPAS, lo que dificulta la respuesta eficiente y oportuna a las solicitudes ciudadanas. a causa de Debido a deficiencias en la integración operativa de los procesos de PQRSD, OPAS y correspondencia, así como a la necesidad de fortalecer usuarios, alertas, manuales operativos, guías rápidas y ruta de soporte. | D43: 33 | E43: A4 | F43: Generar alertas por correo institucional o comunicación directa a las dependencias responsables para garantizar respuesta oportuna. | G43: Registro de alertas generadas a las dependencias responsables. | H43: Subdirección Administrativa y Financiera | I43: Enero del 2026 | J43: Diciembre del 2026 | K43: 46142 | L43: 46264 | M43: 46386 | N43: 30/04/2026 31/08/2026 31/12/2026 | O43: 30/04/2026 31/08/2026 31/12/2026 | P43: Semanal o cuando aplique | Q43: Meses con alertas semanales | R43: 8 | S43: 4 | T43: 3 | U43: =IF(OR(S43="",S43=0,T43=""),"",MIN(T43/S43,1)) -> 0.75 | V43: =IF(OR(R43="",R43=0,T43=""),"",MIN(T43/R43,1)) -> 0.375 | W43: =IF(V43="","",IF(V43>=1,"Cumplida",IF(V43>0,"En ejecución","Pendiente"))) -> En ejecución | X43: Durante mayo, junio y julio de 2026 se realizó seguimiento semanal a las PQRSD registradas en Ventanilla Única y se remitieron alertas por correo institucional a las dependencias y responsables asignados. Las comunicaciones relacionaron radicado, fecha de recepción, fecha máxima de respuesta, días disponibles o vencidos, estado y responsable, solicitando priorizar el cierre oportuno de las solicitudes. | Y43: https://imctgovco.sharepoint.com/:f:/s/INFORMESDELMIPG2025/IgCPY7jQ35efQZig6uTct-lIAbp4zRev8KDzZ36oO2_hK0w?e=PbYUsz | Z43: 46275 | AA43: 5 | AC43: =IF(OR(AA43="",AA43=0,AB43=""),"",MIN(AB43/AA43,1)) | AD43: =IF(AB43<>"",IF(OR(R43="",R43=0),"",MIN(IF(V43="",0,V43)+(AB43/R43),1)),IF(V43<>"",V43,"")) -> 0.375 | AE43: =IF(AD43="","",IF(AD43>=1,"Cumplida",IF(AD43>0,"En ejecución","Pendiente"))) -> En ejecución | AI43: Validada | AJ43: 0.375 | AK43: Se constató que durante mayo, junio y julio de 2026 se realizó seguimiento semanal a las PQRSD registradas en Ventanilla Única y se remitieron alertas por correo institucional a las dependencias y responsables asignados. Las comunicaciones relacionaron radicado, fecha de recepción, fecha máxima de respuesta, días disponibles o vencidos, estado y responsable, solicitando priorizar el cierre…. La evidencia revisada soporta un avance del 37.5%; el cumplimiento es parcial al corte. | AL43: Continuar con las actividades pendientes y actualizar en el siguiente corte únicamente los nuevos resultados y soportes. | AM43: 46286 | AN43: =IF(AJ43="","",IF(AJ43>=1,"Cumplida",IF(AJ43>0,"En ejecución","Pendiente"))) -> En ejecución | AT43: =IF(AP43="","",IF(AP43>=1,"Cumplida",IF(AP43>0,"En ejecución","Pendiente"))) | AZ43: Se realiza seguimiento semanal a las PQRSD registradas en Ventanilla Única y se remitieron alertas por correo institucional a las dependencias y responsables asignados. | BA43: Cumple | BB43: Efectiva | BC43: Continuar con el seguimiento semana generando alertas de las PQRSD | BD43: 46289 | BJ43: 0.5
A44: R.10 | B44: 4. Atención al Ciudadano | C44: Posibilidad de afectación reputacional porFalta de capacitación, estandarización y apropiación en el uso del software de correspondencia, módulo PQRSD/Ventanilla Única y OPAS, lo que dificulta la respuesta eficiente y oportuna a las solicitudes ciudadanas. a causa de Debido a deficiencias en la integración operativa de los procesos de PQRSD, OPAS y correspondencia, así como a la necesidad de fortalecer usuarios, alertas, manuales operativos, guías rápidas y ruta de soporte. | D44: 34 | E44: A5 | F44: Documentar la configuración y pruebas de las alertas automáticas del sistema, incluyendo capturas de pantalla y usuarios activos. | G44: Reporte de configuración y pruebas de alertas automáticas, con capturas de pantalla y usuarios activos. | H44: Subdirección Administrativa y Financiera | I44: Enero del 2026 | J44: Diciembre del 2026 | K44: 46142 | L44: 46264 | M44: 46386 | N44: 30/04/2026 31/08/2026 31/12/2026 | O44: 30/04/2026 31/08/2026 31/12/2026 | P44: Semestral o cuando se ajuste el sistema | Q44: Reportes | R44: 2 | S44: 1 | T44: 0 | U44: =IF(OR(S44="",S44=0,T44=""),"",MIN(T44/S44,1)) -> 0 | V44: =IF(OR(R44="",R44=0,T44=""),"",MIN(T44/R44,1)) -> 0 | W44: =IF(V44="","",IF(V44>=1,"Cumplida",IF(V44>0,"En ejecución","Pendiente"))) -> Pendiente | X44: Durante mayo–agosto de 2026 no se acreditó la ejecución de un reporte de configuración y pruebas de alertas automáticas del sistema. La actividad queda pendiente y deberá ejecutarse y soportarse en el siguiente periodo. | Y44: Sin soporte verificable aportado para el corte del 31/08/2026. | Z44: 46275 | AA44: 2 | AC44: =IF(OR(AA44="",AA44=0,AB44=""),"",MIN(AB44/AA44,1)) | AD44: =IF(AB44<>"",IF(OR(R44="",R44=0),"",MIN(IF(V44="",0,V44)+(AB44/R44),1)),IF(V44<>"",V44,"")) -> 0 | AE44: =IF(AD44="","",IF(AD44>=1,"Cumplida",IF(AD44>0,"En ejecución","Pendiente"))) -> Pendiente | AI44: No validada | AJ44: 0 | AK44: El propio autocontrol reporta que durante mayo–agosto de 2026 no se acreditó la ejecución de un reporte de configuración y pruebas de alertas automáticas del sistema. La actividad queda pendiente y deberá ejecutarse y soportarse en el siguiente periodo. Al no existir soporte verificable, el avance se mantiene en 0%. | AL44: Subsanar la evidencia y dejar claramente registrado qué se realizó, cuándo y con qué resultado. | AM44: 46286 | AN44: =IF(AJ44="","",IF(AJ44>=1,"Cumplida",IF(AJ44>0,"En ejecución","Pendiente"))) -> Pendiente | AT44: =IF(AP44="","",IF(AP44>=1,"Cumplida",IF(AP44>0,"En ejecución","Pendiente"))) | AZ44: No se evidencian soportes de la ejecución de la acción y se observa incumplimiento en la periodicidad | BA44: No Cumple | BB44: No Efectiva | BC44: Se recomienda ejecutar esta acción antes del cierre de la vigencia 2026 | BD44: 46289 | BJ44: 0
A45: R.10 | B45: 4. Atención al Ciudadano | C45: Posibilidad de afectación reputacional porFalta de capacitación, estandarización y apropiación en el uso del software de correspondencia, módulo PQRSD/Ventanilla Única y OPAS, lo que dificulta la respuesta eficiente y oportuna a las solicitudes ciudadanas. a causa de Debido a deficiencias en la integración operativa de los procesos de PQRSD, OPAS y correspondencia, así como a la necesidad de fortalecer usuarios, alertas, manuales operativos, guías rápidas y ruta de soporte. | D45: 35 | E45: A6 | F45: Consolidar evidencias de seguimiento y acciones correctivas/preventivas en el repositorio institucional. | G45: Carpeta o expediente consolidado de evidencias de seguimiento y acciones correctivas/preventivas. | H45: Subdirección Administrativa y Financiera | I45: Enero del 2026 | J45: Diciembre del 2026 | K45: 46142 | L45: 46264 | M45: 46386 | N45: 30/04/2026 31/08/2026 31/12/2026 | O45: 30/04/2026 31/08/2026 31/12/2026 | P45: Cuatrimestral | Q45: Consolidaciones | R45: 2 | S45: 1 | T45: 0 | U45: =IF(OR(S45="",S45=0,T45=""),"",MIN(T45/S45,1)) -> 0 | V45: =IF(OR(R45="",R45=0,T45=""),"",MIN(T45/R45,1)) -> 0 | W45: =IF(V45="","",IF(V45>=1,"Cumplida",IF(V45>0,"En ejecución","Pendiente"))) -> Pendiente | X45: Durante mayo–agosto de 2026 no se acreditó la ejecución de la consolidación de evidencias y acciones correctivas o preventivas en el repositorio institucional. La actividad queda pendiente y deberá ejecutarse y soportarse en el siguiente periodo. | Y45: Sin soporte verificable aportado para el corte del 31/08/2026. | Z45: 46275 | AA45: 2 | AC45: =IF(OR(AA45="",AA45=0,AB45=""),"",MIN(AB45/AA45,1)) | AD45: =IF(AB45<>"",IF(OR(R45="",R45=0),"",MIN(IF(V45="",0,V45)+(AB45/R45),1)),IF(V45<>"",V45,"")) -> 0 | AE45: =IF(AD45="","",IF(AD45>=1,"Cumplida",IF(AD45>0,"En ejecución","Pendiente"))) -> Pendiente | AI45: No validada | AJ45: 0 | AK45: El propio autocontrol reporta que durante mayo–agosto de 2026 no se acreditó la ejecución de la consolidación de evidencias y acciones correctivas o preventivas en el repositorio institucional. La actividad queda pendiente y deberá ejecutarse y soportarse en el siguiente periodo. Al no existir soporte verificable, el avance se mantiene en 0%. | AL45: Subsanar la evidencia y dejar claramente registrado qué se realizó, cuándo y con qué resultado. | AM45: 46286 | AN45: =IF(AJ45="","",IF(AJ45>=1,"Cumplida",IF(AJ45>0,"En ejecución","Pendiente"))) -> Pendiente | AT45: =IF(AP45="","",IF(AP45>=1,"Cumplida",IF(AP45>0,"En ejecución","Pendiente"))) | AZ45: No se evidencian soportes de la ejecución de la acción y se observa incumplimiento en la periodicidad | BA45: No Cumple | BB45: No Efectiva | BC45: Se recomienda ejecutar esta acción antes del cierre de la vigencia 2026 | BD45: 46289 | BJ45: 0
A46: R.11 | B46: 5. Gestión de Bibliotecas Públicas de Bucaramanga | C46: Posibilidad de pérdida reputacional porLa falta de conocimiento de los procedimientos, establecidos puede generar riesgos en el cumplimiento de los objetivos y comprometer la calidad de los resultados. A causa de la ausencia de una cultura organizacional orientada a la estandarización, así como a la insuficiente implementación de estrategias de capacitación, los colaboradores carecen de claridad sobre los lineamientos institucionales y como consecuencia desarrollan sus actividades basándose en la experiencia o la confianza, en lugar de aplicar los procedimientos establecidos. | D46: 36 | E46: A1 | F46: Elaborar, documentar y formalizar los procedimientos requeridos para el desarrollo de las actividades del proceso, de acuerdo con los lineamientos institucionales. | G46: Procedimientos elaborados y formalizados. | H46: Subdirección Técnica LEO | I46: 46032 | J46: 46387 | K46: 46142 | L46: 46264 | M46: 46386 | N46: 30/04/2026 31/08/2026 31/12/2026 | O46: 30/04/2026 31/08/2026 31/12/2026 | U46: =IF(OR(S46="",S46=0,T46=""),"",MIN(T46/S46,1)) | V46: =IF(OR(R46="",R46=0,T46=""),"",MIN(T46/R46,1)) | W46: =IF(V46="","",IF(V46>=1,"Cumplida",IF(V46>0,"En ejecución","Pendiente"))) | AC46: =IF(OR(AA46="",AA46=0,AB46=""),"",MIN(AB46/AA46,1)) | AD46: =IF(AB46<>"",IF(OR(R46="",R46=0),"",MIN(IF(V46="",0,V46)+(AB46/R46),1)),IF(V46<>"",V46,"")) | AE46: =IF(AD46="","",IF(AD46>=1,"Cumplida",IF(AD46>0,"En ejecución","Pendiente"))) | AF46: =IF(AD46<>"",IF(OR($R46="",$R46=0),"",MIN(IF(V46="",0,V46)+(IF($Q46="%",IF(AD46>1,AD46/100,AD46),AD46)/IF($Q46="%",IF($R46>1,$R46/100,$R46),$R46)),1)),IF(V46<>"",V46,"")) | AG46: =IF(AF46="","",IF(AF46>=1,"Cumplida",IF(AF46>0,"En ejecución","Pendiente"))) | AI46: Sin reporte | AJ46: 0 | AK46: No se recibió reporte de ejecución ni evidencia para el corte de mayo–agosto. En consecuencia, no fue posible validar avance y se mantiene el 0%. | AL46: Solicitar al proceso el reporte de lo realmente ejecutado y el soporte correspondiente antes del siguiente corte. | AM46: 46286 | AN46: =IF(AJ46="","",IF(AJ46>=1,"Cumplida",IF(AJ46>0,"En ejecución","Pendiente"))) -> Pendiente | AT46: =IF(AP46="","",IF(AP46>=1,"Cumplida",IF(AP46>0,"En ejecución","Pendiente"))) | AU46: Cumplimiento de las acciones para la apropiación de procedimientos | AV46: Resultado = suma del avance acumulado validado de todas las actividades del riesgo ÷ total de actividades programadas del riesgo. Cada actividad tiene el mismo peso. | AW46: 1 | AX46: =IF((COUNT(AJ46,AP46)+COUNT(AJ47,AP47)+COUNT(AJ48,AP48))=0,"",(MIN(SUM(AJ46,AP46),1)+MIN(SUM(AJ47,AP47),1)+MIN(SUM(AJ48,AP48),1))/3) -> 0 | AY46: =IF(AX46="","Sin medición",IF(AX46>=1,"Cumplido",IF(AX46>0,"En ejecución","Pendiente"))) -> Pendiente | AZ46: No reporto avance de las acciones programadas | BA46: No Cumple | BB46: Pendiente por Determinar | BC46: La Oficina Asesora de Control Interno recomienda ejecutar las acciones de mitigación de los riesgos con el fin que estos no se materialicen en la entidad. | BD46: 46289 | BJ46: 0
A47: R.11 | B47: 5. Gestión de Bibliotecas Públicas de Bucaramanga | C47: Posibilidad de pérdida reputacional porLa falta de conocimiento de los procedimientos, establecidos puede generar riesgos en el cumplimiento de los objetivos y comprometer la calidad de los resultados. A causa de la ausencia de una cultura organizacional orientada a la estandarización, así como a la insuficiente implementación de estrategias de capacitación, los colaboradores carecen de claridad sobre los lineamientos institucionales y como consecuencia desarrollan sus actividades basándose en la experiencia o la confianza, en lugar de aplicar los procedimientos establecidos. | D47: 37 | E47: A2 | F47: Socializar los procedimientos formalizados y desarrollar ejercicios prácticos que orienten a los colaboradores sobre su correcta aplicación. | G47: Registros de socialización y formación práctica. | H47: Subdirección Técnica LEO | I47: 46032 | J47: 46387 | K47: 46142 | L47: 46264 | M47: 46386 | N47: 30/04/2026 31/08/2026 31/12/2026 | O47: 30/04/2026 31/08/2026 31/12/2026 | U47: =IF(OR(S47="",S47=0,T47=""),"",MIN(T47/S47,1)) | V47: =IF(OR(R47="",R47=0,T47=""),"",MIN(T47/R47,1)) | W47: =IF(V47="","",IF(V47>=1,"Cumplida",IF(V47>0,"En ejecución","Pendiente"))) | AC47: =IF(OR(AA47="",AA47=0,AB47=""),"",MIN(AB47/AA47,1)) | AD47: =IF(AB47<>"",IF(OR(R47="",R47=0),"",MIN(IF(V47="",0,V47)+(AB47/R47),1)),IF(V47<>"",V47,"")) | AE47: =IF(AD47="","",IF(AD47>=1,"Cumplida",IF(AD47>0,"En ejecución","Pendiente"))) | AF47: =IF(AD47<>"",IF(OR($R47="",$R47=0),"",MIN(IF(V47="",0,V47)+(IF($Q47="%",IF(AD47>1,AD47/100,AD47),AD47)/IF($Q47="%",IF($R47>1,$R47/100,$R47),$R47)),1)),IF(V47<>"",V47,"")) | AG47: =IF(AF47="","",IF(AF47>=1,"Cumplida",IF(AF47>0,"En ejecución","Pendiente"))) | AI47: Sin reporte | AJ47: 0 | AK47: No se recibió reporte de ejecución ni evidencia para el corte de mayo–agosto. En consecuencia, no fue posible validar avance y se mantiene el 0%. | AL47: Solicitar al proceso el reporte de lo realmente ejecutado y el soporte correspondiente antes del siguiente corte. | AM47: 46286 | AN47: =IF(AJ47="","",IF(AJ47>=1,"Cumplida",IF(AJ47>0,"En ejecución","Pendiente"))) -> Pendiente | AT47: =IF(AP47="","",IF(AP47>=1,"Cumplida",IF(AP47>0,"En ejecución","Pendiente"))) | AZ47: No reporto avance de las acciones programadas | BA47: No Cumple | BB47: Pendiente por Determinar | BC47: La Oficina Asesora de Control Interno recomienda ejecutar las acciones de mitigación de los riesgos con el fin que estos no se materialicen en la entidad. | BD47: 46289 | BJ47: 0
A48: R.11 | B48: 5. Gestión de Bibliotecas Públicas de Bucaramanga | C48: Posibilidad de pérdida reputacional porLa falta de conocimiento de los procedimientos, establecidos puede generar riesgos en el cumplimiento de los objetivos y comprometer la calidad de los resultados. A causa de la ausencia de una cultura organizacional orientada a la estandarización, así como a la insuficiente implementación de estrategias de capacitación, los colaboradores carecen de claridad sobre los lineamientos institucionales y como consecuencia desarrollan sus actividades basándose en la experiencia o la confianza, en lugar de aplicar los procedimientos establecidos. | D48: 38 | E48: A3 | F48: Informe que contenga los resultados de las evaluaciones periódicas realizadas, con un análisis de los niveles de comprensión y aplicación de los procedimientos por parte de los colaboradores. | G48: Informe de resultados de las evaluaciones realizadas. | H48: Subdirección Técnica LEO | I48: 46032 | J48: 46387 | K48: 46142 | L48: 46264 | M48: 46386 | N48: 30/04/2026 31/08/2026 31/12/2026 | O48: 30/04/2026 31/08/2026 31/12/2026 | U48: =IF(OR(S48="",S48=0,T48=""),"",MIN(T48/S48,1)) | V48: =IF(OR(R48="",R48=0,T48=""),"",MIN(T48/R48,1)) | W48: =IF(V48="","",IF(V48>=1,"Cumplida",IF(V48>0,"En ejecución","Pendiente"))) | AC48: =IF(OR(AA48="",AA48=0,AB48=""),"",MIN(AB48/AA48,1)) | AD48: =IF(AB48<>"",IF(OR(R48="",R48=0),"",MIN(IF(V48="",0,V48)+(AB48/R48),1)),IF(V48<>"",V48,"")) | AE48: =IF(AD48="","",IF(AD48>=1,"Cumplida",IF(AD48>0,"En ejecución","Pendiente"))) | AF48: =IF(AD48<>"",IF(OR($R48="",$R48=0),"",MIN(IF(V48="",0,V48)+(IF($Q48="%",IF(AD48>1,AD48/100,AD48),AD48)/IF($Q48="%",IF($R48>1,$R48/100,$R48),$R48)),1)),IF(V48<>"",V48,"")) | AG48: =IF(AF48="","",IF(AF48>=1,"Cumplida",IF(AF48>0,"En ejecución","Pendiente"))) | AI48: Sin reporte | AJ48: 0 | AK48: No se recibió reporte de ejecución ni evidencia para el corte de mayo–agosto. En consecuencia, no fue posible validar avance y se mantiene el 0%. | AL48: Solicitar al proceso el reporte de lo realmente ejecutado y el soporte correspondiente antes del siguiente corte. | AM48: 46286 | AN48: =IF(AJ48="","",IF(AJ48>=1,"Cumplida",IF(AJ48>0,"En ejecución","Pendiente"))) -> Pendiente | AT48: =IF(AP48="","",IF(AP48>=1,"Cumplida",IF(AP48>0,"En ejecución","Pendiente"))) | AZ48: No reporto avance de las acciones programadas | BA48: No Cumple | BB48: Pendiente por Determinar | BC48: La Oficina Asesora de Control Interno recomienda ejecutar las acciones de mitigación de los riesgos con el fin que estos no se materialicen en la entidad. | BD48: 46289 | BJ48: 0
A49: R.12 | B49: 5. Gestión de Bibliotecas Públicas de Bucaramanga | C49: Posibilidad de pérdida económica y reputacional por deficiencias en la inspección, mantenimiento y adecuación de la infraestructura física, lo que incrementa la probabilidad de afectaciones y fallas en la infraestructura y prestación de servicios a causa de la ausencia de una planificación y adecuada gestión de los recursos para el mantenimiento y la conservación de la infraestructura física de la entidad. | D49: 39 | E49: A1 | F49: Realizar un análisis de necesidades de recursos humanos y materiales al inicio de cada periodo de la gestión de Bibliotecas Públicas. | G49: Informe o diagnóstico de necesidades de recursos humanos y materiales. | H49: Subdirección Técnica BIBLIOTECA | I49: 46032 | J49: 46387 | K49: 46142 | L49: 46264 | M49: 46386 | N49: 30/04/2026 31/08/2026 31/12/2026 | O49: 30/04/2026 31/08/2026 31/12/2026 | U49: =IF(OR(S49="",S49=0,T49=""),"",MIN(T49/S49,1)) | V49: =IF(OR(R49="",R49=0,T49=""),"",MIN(T49/R49,1)) | W49: =IF(V49="","",IF(V49>=1,"Cumplida",IF(V49>0,"En ejecución","Pendiente"))) | AC49: =IF(OR(AA49="",AA49=0,AB49=""),"",MIN(AB49/AA49,1)) | AD49: =IF(AB49<>"",IF(OR(R49="",R49=0),"",MIN(IF(V49="",0,V49)+(AB49/R49),1)),IF(V49<>"",V49,"")) | AE49: =IF(AD49="","",IF(AD49>=1,"Cumplida",IF(AD49>0,"En ejecución","Pendiente"))) | AF49: =IF(AD49<>"",IF(OR($R49="",$R49=0),"",MIN(IF(V49="",0,V49)+(IF($Q49="%",IF(AD49>1,AD49/100,AD49),AD49)/IF($Q49="%",IF($R49>1,$R49/100,$R49),$R49)),1)),IF(V49<>"",V49,"")) | AG49: =IF(AF49="","",IF(AF49>=1,"Cumplida",IF(AF49>0,"En ejecución","Pendiente"))) | AI49: Sin reporte | AJ49: 0 | AK49: No se recibió reporte de ejecución ni evidencia para el corte de mayo–agosto. En consecuencia, no fue posible validar avance y se mantiene el 0%. | AL49: Solicitar al proceso el reporte de lo realmente ejecutado y el soporte correspondiente antes del siguiente corte. | AM49: 46286 | AN49: =IF(AJ49="","",IF(AJ49>=1,"Cumplida",IF(AJ49>0,"En ejecución","Pendiente"))) -> Pendiente | AT49: =IF(AP49="","",IF(AP49>=1,"Cumplida",IF(AP49>0,"En ejecución","Pendiente"))) | AU49: Cumplimiento de las acciones de mantenimiento de infraestructura física | AV49: Resultado = suma del avance acumulado validado de todas las actividades del riesgo ÷ total de actividades programadas del riesgo. Cada actividad tiene el mismo peso. | AW49: 1 | AX49: =IF((COUNT(AJ49,AP49)+COUNT(AJ50,AP50)+COUNT(AJ51,AP51)+COUNT(AJ52,AP52)+COUNT(AJ53,AP53))=0,"",(MIN(SUM(AJ49,AP49),1)+MIN(SUM(AJ50,AP50),1)+MIN(SUM(AJ51,AP51),1)+MIN(SUM(AJ52,AP52),1)+MIN(SUM(AJ53,AP53),1))/5) -> 0 | AY49: =IF(AX49="","Sin medición",IF(AX49>=1,"Cumplido",IF(AX49>0,"En ejecución","Pendiente"))) -> Pendiente | AZ49: No reporto avance de las acciones programadas | BA49: No Cumple | BB49: Pendiente por Determinar | BC49: La Oficina Asesora de Control Interno recomienda ejecutar las acciones de mitigación de los riesgos con el fin que estos no se materialicen en la entidad. | BD49: 46289 | BJ49: 0
A50: R.12 | B50: 5. Gestión de Bibliotecas Públicas de Bucaramanga | C50: Posibilidad de pérdida económica y reputacional por deficiencias en la inspección, mantenimiento y adecuación de la infraestructura física, lo que incrementa la probabilidad de afectaciones y fallas en la infraestructura y prestación de servicios a causa de la ausencia de una planificación y adecuada gestión de los recursos para el mantenimiento y la conservación de la infraestructura física de la entidad. | D50: 40 | E50: A2 | F50: Realizar inspecciones periódicas a la infraestructura física y consolidar las necesidades de mantenimiento, reparación y adecuación identificadas. | G50: Registro de inspecciones y consolidado de necesidades de mantenimiento, reparación y adecuación. | H50: Subdirección Técnica BIBLIOTECA | I50: 46032 | J50: 46387 | K50: 46142 | L50: 46264 | M50: 46386 | N50: 30/04/2026 31/08/2026 31/12/2026 | O50: 30/04/2026 31/08/2026 31/12/2026 | U50: =IF(OR(S50="",S50=0,T50=""),"",MIN(T50/S50,1)) | V50: =IF(OR(R50="",R50=0,T50=""),"",MIN(T50/R50,1)) | W50: =IF(V50="","",IF(V50>=1,"Cumplida",IF(V50>0,"En ejecución","Pendiente"))) | AC50: =IF(OR(AA50="",AA50=0,AB50=""),"",MIN(AB50/AA50,1)) | AD50: =IF(AB50<>"",IF(OR(R50="",R50=0),"",MIN(IF(V50="",0,V50)+(AB50/R50),1)),IF(V50<>"",V50,"")) | AE50: =IF(AD50="","",IF(AD50>=1,"Cumplida",IF(AD50>0,"En ejecución","Pendiente"))) | AF50: =IF(AD50<>"",IF(OR($R50="",$R50=0),"",MIN(IF(V50="",0,V50)+(IF($Q50="%",IF(AD50>1,AD50/100,AD50),AD50)/IF($Q50="%",IF($R50>1,$R50/100,$R50),$R50)),1)),IF(V50<>"",V50,"")) | AG50: =IF(AF50="","",IF(AF50>=1,"Cumplida",IF(AF50>0,"En ejecución","Pendiente"))) | AI50: Sin reporte | AJ50: 0 | AK50: No se recibió reporte de ejecución ni evidencia para el corte de mayo–agosto. En consecuencia, no fue posible validar avance y se mantiene el 0%. | AL50: Solicitar al proceso el reporte de lo realmente ejecutado y el soporte correspondiente antes del siguiente corte. | AM50: 46286 | AN50: =IF(AJ50="","",IF(AJ50>=1,"Cumplida",IF(AJ50>0,"En ejecución","Pendiente"))) -> Pendiente | AT50: =IF(AP50="","",IF(AP50>=1,"Cumplida",IF(AP50>0,"En ejecución","Pendiente"))) | AZ50: No reporto avance de las acciones programadas | BA50: No Cumple | BB50: Pendiente por Determinar | BC50: La Oficina Asesora de Control Interno recomienda ejecutar las acciones de mitigación de los riesgos con el fin que estos no se materialicen en la entidad. | BD50: 46289 | BJ50: 0
A51: R.12 | B51: 5. Gestión de Bibliotecas Públicas de Bucaramanga | C51: Posibilidad de pérdida económica y reputacional por deficiencias en la inspección, mantenimiento y adecuación de la infraestructura física, lo que incrementa la probabilidad de afectaciones y fallas en la infraestructura y prestación de servicios a causa de la ausencia de una planificación y adecuada gestión de los recursos para el mantenimiento y la conservación de la infraestructura física de la entidad. | D51: 41 | E51: A3 | F51: Elaborar, actualizar y ejecutar el plan de mantenimiento preventivo y correctivo de la infraestructura física. | G51: Plan de mantenimiento preventivo y correctivo actualizado, con registros de ejecución. | H51: Subdirección Técnica BIBLIOTECA | I51: 46032 | J51: 46387 | K51: 46142 | L51: 46264 | M51: 46386 | N51: 30/04/2026 31/08/2026 31/12/2026 | O51: 30/04/2026 31/08/2026 31/12/2026 | U51: =IF(OR(S51="",S51=0,T51=""),"",MIN(T51/S51,1)) | V51: =IF(OR(R51="",R51=0,T51=""),"",MIN(T51/R51,1)) | W51: =IF(V51="","",IF(V51>=1,"Cumplida",IF(V51>0,"En ejecución","Pendiente"))) | AC51: =IF(OR(AA51="",AA51=0,AB51=""),"",MIN(AB51/AA51,1)) | AD51: =IF(AB51<>"",IF(OR(R51="",R51=0),"",MIN(IF(V51="",0,V51)+(AB51/R51),1)),IF(V51<>"",V51,"")) | AE51: =IF(AD51="","",IF(AD51>=1,"Cumplida",IF(AD51>0,"En ejecución","Pendiente"))) | AF51: =IF(AD51<>"",IF(OR($R51="",$R51=0),"",MIN(IF(V51="",0,V51)+(IF($Q51="%",IF(AD51>1,AD51/100,AD51),AD51)/IF($Q51="%",IF($R51>1,$R51/100,$R51),$R51)),1)),IF(V51<>"",V51,"")) | AG51: =IF(AF51="","",IF(AF51>=1,"Cumplida",IF(AF51>0,"En ejecución","Pendiente"))) | AI51: Sin reporte | AJ51: 0 | AK51: No se recibió reporte de ejecución ni evidencia para el corte de mayo–agosto. En consecuencia, no fue posible validar avance y se mantiene el 0%. | AL51: Solicitar al proceso el reporte de lo realmente ejecutado y el soporte correspondiente antes del siguiente corte. | AM51: 46286 | AN51: =IF(AJ51="","",IF(AJ51>=1,"Cumplida",IF(AJ51>0,"En ejecución","Pendiente"))) -> Pendiente | AT51: =IF(AP51="","",IF(AP51>=1,"Cumplida",IF(AP51>0,"En ejecución","Pendiente"))) | AZ51: No reporto avance de las acciones programadas | BA51: No Cumple | BB51: Pendiente por Determinar | BC51: La Oficina Asesora de Control Interno recomienda ejecutar las acciones de mitigación de los riesgos con el fin que estos no se materialicen en la entidad. | BD51: 46289 | BJ51: 0
A52: R.12 | B52: 5. Gestión de Bibliotecas Públicas de Bucaramanga | C52: Posibilidad de pérdida económica y reputacional por deficiencias en la inspección, mantenimiento y adecuación de la infraestructura física, lo que incrementa la probabilidad de afectaciones y fallas en la infraestructura y prestación de servicios a causa de la ausencia de una planificación y adecuada gestión de los recursos para el mantenimiento y la conservación de la infraestructura física de la entidad. | D52: 42 | E52: A4 | F52: Consolidar y priorizar las necesidades de recursos para mantenimiento y gestionar su inclusión en la programación correspondiente. | G52: Matriz priorizada de necesidades de mantenimiento y soportes de gestión de recursos. | H52: Subdirección Técnica BIBLIOTECA | I52: 46032 | J52: 46387 | K52: 46142 | L52: 46264 | M52: 46386 | N52: 30/04/2026 31/08/2026 31/12/2026 | O52: 30/04/2026 31/08/2026 31/12/2026 | U52: =IF(OR(S52="",S52=0,T52=""),"",MIN(T52/S52,1)) | V52: =IF(OR(R52="",R52=0,T52=""),"",MIN(T52/R52,1)) | W52: =IF(V52="","",IF(V52>=1,"Cumplida",IF(V52>0,"En ejecución","Pendiente"))) | AC52: =IF(OR(AA52="",AA52=0,AB52=""),"",MIN(AB52/AA52,1)) | AD52: =IF(AB52<>"",IF(OR(R52="",R52=0),"",MIN(IF(V52="",0,V52)+(AB52/R52),1)),IF(V52<>"",V52,"")) | AE52: =IF(AD52="","",IF(AD52>=1,"Cumplida",IF(AD52>0,"En ejecución","Pendiente"))) | AF52: =IF(AD52<>"",IF(OR($R52="",$R52=0),"",MIN(IF(V52="",0,V52)+(IF($Q52="%",IF(AD52>1,AD52/100,AD52),AD52)/IF($Q52="%",IF($R52>1,$R52/100,$R52),$R52)),1)),IF(V52<>"",V52,"")) | AG52: =IF(AF52="","",IF(AF52>=1,"Cumplida",IF(AF52>0,"En ejecución","Pendiente"))) | AI52: Sin reporte | AJ52: 0 | AK52: No se recibió reporte de ejecución ni evidencia para el corte de mayo–agosto. En consecuencia, no fue posible validar avance y se mantiene el 0%. | AL52: Solicitar al proceso el reporte de lo realmente ejecutado y el soporte correspondiente antes del siguiente corte. | AM52: 46286 | AN52: =IF(AJ52="","",IF(AJ52>=1,"Cumplida",IF(AJ52>0,"En ejecución","Pendiente"))) -> Pendiente | AT52: =IF(AP52="","",IF(AP52>=1,"Cumplida",IF(AP52>0,"En ejecución","Pendiente"))) | AZ52: No reporto avance de las acciones programadas | BA52: No Cumple | BB52: Pendiente por Determinar | BC52: La Oficina Asesora de Control Interno recomienda ejecutar las acciones de mitigación de los riesgos con el fin que estos no se materialicen en la entidad. | BD52: 46289 | BJ52: 0
A53: R.12 | B53: 5. Gestión de Bibliotecas Públicas de Bucaramanga | C53: Posibilidad de pérdida económica y reputacional por deficiencias en la inspección, mantenimiento y adecuación de la infraestructura física, lo que incrementa la probabilidad de afectaciones y fallas en la infraestructura y prestación de servicios a causa de la ausencia de una planificación y adecuada gestión de los recursos para el mantenimiento y la conservación de la infraestructura física de la entidad. | D53: 43 | E53: A5 | F53: Implementar y mantener actualizada una matriz de seguimiento a las solicitudes e intervenciones de mantenimiento de la infraestructura física. | G53: Matriz de seguimiento a solicitudes e intervenciones de mantenimiento actualizada. | H53: Subdirección Técnica BIBLIOTECA | I53: 46032 | J53: 46387 | K53: 46142 | L53: 46264 | M53: 46386 | N53: 30/04/2026 31/08/2026 31/12/2026 | O53: 30/04/2026 31/08/2026 31/12/2026 | U53: =IF(OR(S53="",S53=0,T53=""),"",MIN(T53/S53,1)) | V53: =IF(OR(R53="",R53=0,T53=""),"",MIN(T53/R53,1)) | W53: =IF(V53="","",IF(V53>=1,"Cumplida",IF(V53>0,"En ejecución","Pendiente"))) | AC53: =IF(OR(AA53="",AA53=0,AB53=""),"",MIN(AB53/AA53,1)) | AD53: =IF(AB53<>"",IF(OR(R53="",R53=0),"",MIN(IF(V53="",0,V53)+(AB53/R53),1)),IF(V53<>"",V53,"")) | AE53: =IF(AD53="","",IF(AD53>=1,"Cumplida",IF(AD53>0,"En ejecución","Pendiente"))) | AF53: =IF(AD53<>"",IF(OR($R53="",$R53=0),"",MIN(IF(V53="",0,V53)+(IF($Q53="%",IF(AD53>1,AD53/100,AD53),AD53)/IF($Q53="%",IF($R53>1,$R53/100,$R53),$R53)),1)),IF(V53<>"",V53,"")) | AG53: =IF(AF53="","",IF(AF53>=1,"Cumplida",IF(AF53>0,"En ejecución","Pendiente"))) | AI53: Sin reporte | AJ53: 0 | AK53: No se recibió reporte de ejecución ni evidencia para el corte de mayo–agosto. En consecuencia, no fue posible validar avance y se mantiene el 0%. | AL53: Solicitar al proceso el reporte de lo realmente ejecutado y el soporte correspondiente antes del siguiente corte. | AM53: 46286 | AN53: =IF(AJ53="","",IF(AJ53>=1,"Cumplida",IF(AJ53>0,"En ejecución","Pendiente"))) -> Pendiente | AT53: =IF(AP53="","",IF(AP53>=1,"Cumplida",IF(AP53>0,"En ejecución","Pendiente"))) | AZ53: No reporto avance de las acciones programadas | BA53: No Cumple | BB53: Pendiente por Determinar | BC53: La Oficina Asesora de Control Interno recomienda ejecutar las acciones de mitigación de los riesgos con el fin que estos no se materialicen en la entidad. | BD53: 46289 | BJ53: 0
A54: R.13 | B54: 5. Gestión de Bibliotecas Públicas de Bucaramanga | C54: Posibilidad de afectación económica porQue no se haga el mantenimiento preventivo de las maquinas que se tienen para el servicio a la ciudadania y usuarios. a causa de Que los usuarios no hagan buen uso de las herramientas tecnologicas, tanto intangible como tangibles. | D54: 44 | E54: A1 | F54: Elaborar, implementar y realizar seguimiento al plan de mantenimiento preventivo de los equipos tecnológicos utilizados en la atención a la ciudadanía y usuarios. | G54: Plan de mantenimiento preventivo y registros de los mantenimientos ejecutados. | H54: Subdirección Técnica IAC | I54: 46032 | J54: 46387 | K54: 46142 | L54: 46264 | M54: 46386 | N54: 30/04/2026 31/08/2026 31/12/2026 | O54: 30/04/2026 31/08/2026 31/12/2026 | P54: cuatrimestral | Q54: % | R54: 1 | S54: 0.7 | T54: 0.7 | U54: =IF(OR(S54="",S54=0,T54=""),"",MIN(T54/S54,1)) -> 1 | V54: =IF(OR(R54="",R54=0,T54=""),"",MIN(T54/R54,1)) -> 0.7 | W54: =IF(V54="","",IF(V54>=1,"Cumplida",IF(V54>0,"En ejecución","Pendiente"))) -> En ejecución | X54: Se elaboró e implementó el plan de mantenimiento preventivo de los equipos tecnológicos del IAC. Se coordinaron y gestionaron las acciones de mantenimiento requeridas en equipos tecnológicos utilizados en la atención a la ciudadanía y usuarios, con el propósito de garantizar su adecuado funcionamiento y continuidad del servicio. Asimismo, se realizaron los respectivos registros y evidencias de los mantenimientos ejecutados. | Y54: se adjunta en la carpeta A1 de la carpeta R13, cronograma mantenimientos de equipos, soportes de evidencias de los mantenimientos realizarosn en dos archivos pdf y el plan de mantenimiento. | Z54: 46275 | AA54: 0.3 | AC54: =IF(OR(AA54="",AA54=0,AB54=""),"",MIN(AB54/AA54,1)) | AD54: =IF(AB54<>"",IF(OR(R54="",R54=0),"",MIN(IF(V54="",0,V54)+(AB54/R54),1)),IF(V54<>"",V54,"")) -> 0.7 | AE54: =IF(AD54="","",IF(AD54>=1,"Cumplida",IF(AD54>0,"En ejecución","Pendiente"))) -> En ejecución | AF54: =IF(AD54<>"",IF(OR($R54="",$R54=0),"",MIN(IF(V54="",0,V54)+(IF($Q54="%",IF(AD54>1,AD54/100,AD54),AD54)/IF($Q54="%",IF($R54>1,$R54/100,$R54),$R54)),1)),IF(V54<>"",V54,"")) -> 1 | AG54: =IF(AF54="","",IF(AF54>=1,"Cumplida",IF(AF54>0,"En ejecución","Pendiente"))) -> Cumplida | AI54: Validada | AJ54: 0.7 | AK54: Se evidenció la elaboración e implementación de el plan de mantenimiento preventivo de los equipos tecnológicos del IAC. Se coordinaron y gestionaron las acciones de mantenimiento requeridas en equipos tecnológicos utilizados en la atención a la ciudadanía y usuarios, con el propósito de garantizar su adecuado funcionamiento y continuidad del servicio. La evidencia revisada soporta un avance del 70.0%; el cumplimiento es parcial al corte. | AL54: Continuar con las actividades pendientes y actualizar en el siguiente corte únicamente los nuevos resultados y soportes. | AM54: 46286 | AN54: =IF(AJ54="","",IF(AJ54>=1,"Cumplida",IF(AJ54>0,"En ejecución","Pendiente"))) -> En ejecución | AT54: =IF(AP54="","",IF(AP54>=1,"Cumplida",IF(AP54>0,"En ejecución","Pendiente"))) | AU54: Cumplimiento del mantenimiento preventivo de equipos tecnológicos de atención | AV54: Resultado = suma del avance acumulado validado de todas las actividades del riesgo ÷ total de actividades programadas del riesgo. Cada actividad tiene el mismo peso. | AW54: 1 | AX54: =IF((COUNT(AJ54,AP54)+COUNT(AJ55,AP55))=0,"",(MIN(SUM(AJ54,AP54),1)+MIN(SUM(AJ55,AP55),1))/2) -> 0.68333333 | AY54: =IF(AX54="","Sin medición",IF(AX54>=1,"Cumplido",IF(AX54>0,"En ejecución","Pendiente"))) -> En ejecución | AZ54: Se evidencio el plan de mantenimiento del mes de agosto con las actividades a realizar y las dependencias intervenidas. De igual manera se observo el Plan de Mantenimiento Preventivo y Correctivo de equipos, tecnologias de la información y computación. | BA54: Cumple | BB54: Efectiva | BC54: La Oficina Asesora de Control Interno recomienda revisar la periodicidad, Unidad de Medida y Meta de la Acción, las cuales no coinciden con la descripción de la acción. | BD54: 46289 | BJ54: 0.6666
A55: R.13 | B55: 5. Gestión de Bibliotecas Públicas de Bucaramanga | C55: Posibilidad de afectación económica porQue no se haga el mantenimiento preventivo de las maquinas que se tienen para el servicio a la ciudadania y usuarios. a causa de Que los usuarios no hagan buen uso de las herramientas tecnologicas, tanto intangible como tangibles. | D55: 45 | E55: A2 | F55: Realizar jornadas de sensibilización sobre el uso adecuado y cuidado de los equipos tecnológicos destinados a la atención de usuarios. | G55: Registro de jornadas de sensibilización realizadas. | H55: Subdirección Técnica IAC | I55: 46032 | J55: 46387 | K55: 46142 | L55: 46264 | M55: 46386 | N55: 30/04/2026 31/08/2026 31/12/2026 | O55: 30/04/2026 31/08/2026 31/12/2026 | P55: cuatrimestral | Q55: # | R55: 24 | S55: 16 | T55: 16 | U55: =IF(OR(S55="",S55=0,T55=""),"",MIN(T55/S55,1)) -> 1 | V55: =IF(OR(R55="",R55=0,T55=""),"",MIN(T55/R55,1)) -> 0.66666667 | W55: =IF(V55="","",IF(V55>=1,"Cumplida",IF(V55>0,"En ejecución","Pendiente"))) -> En ejecución | X55: Durante la jornada correspondiente a la primera clase de los talleres de este cuatrimestre, se realizó una jornada de sensibilización sobre el uso adecuado y cuidado de los equipos tecnológicos destinados a la atención de los usuarios. Durante esta actividad, se explicó a los participantes la importancia de utilizar correctamente y cuidar todos los elementos tecnológicos disponibles en el salón, promoviendo buenas prácticas para su conservación, funcionamiento y uso responsable. | Y55: Se anexan los registros digitales de asistencia correspondientes a la primera clase de cada uno de los talleres realizados en el IAC, como evidencia de la participación de los usuarios en las jornadas programadas. | Z55: 46275 | AA55: 8 | AC55: =IF(OR(AA55="",AA55=0,AB55=""),"",MIN(AB55/AA55,1)) | AD55: =IF(AB55<>"",IF(OR(R55="",R55=0),"",MIN(IF(V55="",0,V55)+(AB55/R55),1)),IF(V55<>"",V55,"")) -> 0.66666667 | AE55: =IF(AD55="","",IF(AD55>=1,"Cumplida",IF(AD55>0,"En ejecución","Pendiente"))) -> En ejecución | AF55: =IF(AD55<>"",IF(OR($R55="",$R55=0),"",MIN(IF(V55="",0,V55)+(IF($Q55="%",IF(AD55>1,AD55/100,AD55),AD55)/IF($Q55="%",IF($R55>1,$R55/100,$R55),$R55)),1)),IF(V55<>"",V55,"")) -> 0.69444444 | AG55: =IF(AF55="","",IF(AF55>=1,"Cumplida",IF(AF55>0,"En ejecución","Pendiente"))) -> En ejecución | AI55: Validada | AJ55: 0.66666667 | AK55: Se constató que durante la jornada correspondiente a la primera clase de los talleres de este cuatrimestre, se realizó una jornada de sensibilización sobre el uso adecuado y cuidado de los equipos tecnológicos destinados a la atención de los usuarios. La evidencia revisada soporta un avance del 66.7%; el cumplimiento es parcial al corte. | AL55: Continuar con las actividades pendientes y actualizar en el siguiente corte únicamente los nuevos resultados y soportes. | AM55: 46286 | AN55: =IF(AJ55="","",IF(AJ55>=1,"Cumplida",IF(AJ55>0,"En ejecución","Pendiente"))) -> En ejecución | AT55: =IF(AP55="","",IF(AP55>=1,"Cumplida",IF(AP55>0,"En ejecución","Pendiente"))) | AZ55: Se evidencia que en cada taller realizado en el IAC se realiza igualmente la sensibilización sobre uso adecuado de equipos tecnológicos observando 16 talleres realizados en la sala durante el periodo evaluado. | BA55: Cumple | BB55: Efectiva | BC55: La Oficina Asesora de Control Interno recomienda validar la casilla de Unidad de Medida de la Acción. | BD55: 46289 | BJ55: 0.6666
A56: R.14 | B56: 6. Preservación del Patrimonio | C56: Posibilidad de efecto dañoso sobre bienes de uso público por Intervenciones no autorizadas o restauraciones incorrectas al Patrimonio material inmueble a causa de generar una inadecuada preservación del Patrimonio Municipal, Departamental y Nacional, y no se garantice la preservación histórica de los saberes arquitectónicos aplicados en la época a preservar. | D56: 46 | E56: A1 | F56: 1. Capacitación a los propietarios de los bienes de interes cultural inmueble declarado en el municipio de Bucaramanga con el de dar a conocer las directrices para la conservación | G56: Registro de las jornadas de capacitación realizadas, con listados de asistencia, material socializado y/o evidencia fotográfica. | H56: Subdirección Técnica Patrimonio | I56: 46387 | J56: 46142 | K56: 46264 | L56: 46386 | M56: 30/04/2026 31/08/2026 31/12/2026 | N56: 30/04/2026 31/08/2026 31/12/2026 | O56: 30/04/2026 31/08/2026 31/12/2026 | P56: Cada vez que se requiera | Q56: Registro Fotografico Listado Asistencia Material de Apoyo | R56: 2 | S56: 0 | T56: 0 | U56: =IF(OR(S56="",S56=0,T56=""),"",MIN(T56/S56,1)) | V56: =IF(OR(R56="",R56=0,T56=""),"",MIN(T56/R56,1)) -> 0 | W56: =IF(V56="","",IF(V56>=1,"Cumplida",IF(V56>0,"En ejecución","Pendiente"))) -> Pendiente | X56: Eata actividad se tiene programada para el ultimo trimestre de la vigencia 2026 | Y56: N/A | Z56: 46284 | AA56: 2 | AC56: =IF(OR(AA56="",AA56=0,AB56=""),"",MIN(AB56/AA56,1)) | AD56: =IF(AB56<>"",IF(OR(R56="",R56=0),"",MIN(IF(V56="",0,V56)+(AB56/R56),1)),IF(V56<>"",V56,"")) -> 0 | AE56: =IF(AD56="","",IF(AD56>=1,"Cumplida",IF(AD56>0,"En ejecución","Pendiente"))) -> Pendiente | AI56: No aplica en el periodo | AJ56: 0 | AK56: El proceso informó que eata actividad se tiene programada para el ultimo trimestre de la vigencia 2026. Por estar programada para un periodo posterior, no corresponde medir avance en este corte. | AL56: Revisar su cumplimiento cuando llegue el periodo programado y registrar en ese momento el resultado y la evidencia. | AM56: 46286 | AN56: =IF(AJ56="","",IF(AJ56>=1,"Cumplida",IF(AJ56>0,"En ejecución","Pendiente"))) -> Pendiente | AT56: =IF(AP56="","",IF(AP56>=1,"Cumplida",IF(AP56>0,"En ejecución","Pendiente"))) | AW56: 1 | AX56: =IF((COUNT(AJ56,AP56))=0,"",(MIN(SUM(AJ56,AP56),1))/1) -> 0 | AY56: =IF(AX56="","Sin medición",IF(AX56>=1,"Cumplido",IF(AX56>0,"En ejecución","Pendiente"))) -> Pendiente | AZ56: Acción Programada para el tercer cuatrimestre de la vigencia 2026 | BA56: No Aplica | BB56: Pendiente por Determinar | BC56: La Oficina Asesora de Control Interno recomienda ejecutar las acciones de mitigación de los riesgos con el fin que estos no se materialicen en la entidad. | BD56: 46289 | BJ56: 0
A57: R.14 | B57: 6. Preservación del Patrimonio | C57: Posibilidad de efecto dañoso sobre bienes de uso público por Intervenciones no autorizadas o restauraciones incorrectas al Patrimonio material inmueble a causa de generar una inadecuada preservación del Patrimonio Municipal, Departamental y Nacional, y no se garantice la preservación histórica de los saberes arquitectónicos aplicados en la época a preservar. | D57: 47 | E57: A2 | F57: 2. Recolección de datos para el repositorio de la información documental de los bienes de interes cultural de los bienes Nacionales y Departamentales declarados. | G57: Repositorio de información documental actualizado, con registro consolidado de los bienes de interés cultural y los soportes recopilados. | H57: Subdirección Técnica Patrimonio | I57: 46387 | J57: 46142 | K57: 46264 | L57: 46386 | M57: 30/04/2026 31/08/2026 31/12/2026 | N57: 30/04/2026 31/08/2026 31/12/2026 | O57: 30/04/2026 31/08/2026 31/12/2026 | P57: Anual | Q57: Recolección de Datos | R57: 9 | S57: 9 | T57: 4.5 | U57: =IF(OR(S57="",S57=0,T57=""),"",MIN(T57/S57,1)) -> 0.5 | V57: =IF(OR(R57="",R57=0,T57=""),"",MIN(T57/R57,1)) -> 0.5 | W57: =IF(V57="","",IF(V57>=1,"Cumplida",IF(V57>0,"En ejecución","Pendiente"))) -> En ejecución | X57: las gestiones realizadas en el periodo evaluado a los nueve (9) Bienes de Interes Cultural fue: El día 16 de Julio desde el programa de Patrimonio se solicito apoyo al ministerio de Cultura con el envío de las fichas de inventario correspondiente a los Bienes de Interes Cultura del ámbito Nacional ubicados en el municipio de Bucaramanga. Lo anterior con el fin de fortalecer el expediente técnico y la informacion documental que reposa en el IMCT para el adecuado seguimiento, gestión y conservación de estos bienes: Bienes de Interes Cultural con ambito Nacional: Club del Comercio Capilla Los Dolores Casa donde Nacio el General Custodio Edificio del Antiguo Colegio Nuestra Señora del Pilar Casa Bolivar Bienes de Interes Cultural con ambito Departamental: Casa Natal Luis Carlos Galan Despacho Parroquial de la Iglesia San Laureano A la fecha solo se han elaborados dos (2) fichas de inventario correspondiente a los bienes de interes cultural declarados con ambito Nacional Coliseo Peralta Estación Café Madrid | Y57: Correo Electronicao 2 Fichas Técnicas | Z57: 46284 | AA57: 4 | AC57: =IF(OR(AA57="",AA57=0,AB57=""),"",MIN(AB57/AA57,1)) | AD57: =IF(AB57<>"",IF(OR(R57="",R57=0),"",MIN(IF(V57="",0,V57)+(AB57/R57),1)),IF(V57<>"",V57,"")) -> 0.5 | AE57: =IF(AD57="","",IF(AD57>=1,"Cumplida",IF(AD57>0,"En ejecución","Pendiente"))) -> En ejecución | AI57: Validada | AJ57: 0.5 | AK57: las gestiones realizadas en el periodo evaluado a los nueve (9) Bienes de Interes Cultural fue: El día 16 de Julio desde el programa de Patrimonio se solicito apoyo al ministerio de Cultura con el envío de las fichas de inventario correspondiente a los Bienes de Interes Cultura del ámbito Nacional ubicados en el municipio de Bucaramanga. La evidencia revisada soporta un avance del 2.6%; el cumplimiento es parcial al corte. | AL57: Continuar con las actividades pendientes y actualizar en el siguiente corte únicamente los nuevos resultados y soportes. | AM57: 46286 | AN57: =IF(AJ57="","",IF(AJ57>=1,"Cumplida",IF(AJ57>0,"En ejecución","Pendiente"))) -> En ejecución | AT57: =IF(AP57="","",IF(AP57>=1,"Cumplida",IF(AP57>0,"En ejecución","Pendiente"))) | AW57: 1 | AX57: =IF((COUNT(AJ57,AP57))=0,"",(MIN(SUM(AJ57,AP57),1))/1) -> 0.5 | AY57: =IF(AX57="","Sin medición",IF(AX57>=1,"Cumplido",IF(AX57>0,"En ejecución","Pendiente"))) -> En ejecución | AZ57: Se evidencia la solicitud de apoyo al ministerio de Cultura con el envío de las fichas de inventario correspondiente a los Bienes de Interés Cultural del ámbito Nacional ubicados en el municipio de Bucaramanga. A la fecha del seguimiento solo se han elaborados dos (2) fichas de inventario correspondiente a los bienes de interés cultural declarados con ámbito Nacional: Coliseo Peralta y Estación Café Madrid. | BA57: Cumple Parcialmente | BB57: Efectiva | BC57: Realizar las siete (7) fichas de inventario de los bienes de Interés Cultural antes de terminación de la vigencia 2026 con el fin de dar cumplimiento a la acción. | BD57: 46289 | BJ57: 0.23
A58: R.15 | B58: 6. Preservación del Patrimonio | C58: Posibilidad de efecto dañoso sobre bienes de uso público por daño, deterioro o pérdida de los bienes muebles e inmuebles que conforman el patrimonio cultural del Municipio de Bucaramanga a causa de actos de vandalismo, hurto, debido a deficiencias en las medidas de protección, vigilancia y apropiación social del patrimonio, afectando su conservación, valor histórico y disponibilidad para la comunidad. | D58: 48 | E58: A1 | F58: Realizar Trece (13) Fichas Técnicas para patrimonio mueble. | G58: Trece (13) fichas técnicas de patrimonio mueble elaboradas y validadas. | H58: Subdirección Técnica Patrimonio | I58: 46387 | J58: 46142 | K58: 46264 | L58: 46386 | M58: 30/04/2026 31/08/2026 31/12/2026 | N58: 30/04/2026 31/08/2026 31/12/2026 | O58: 30/04/2026 31/08/2026 31/12/2026 | P58: Anual | Q58: Fichas Técnicas | R58: 13 | S58: 14 | T58: 14 | U58: =IF(OR(S58="",S58=0,T58=""),"",MIN(T58/S58,1)) -> 1 | V58: =IF(OR(R58="",R58=0,T58=""),"",MIN(T58/R58,1)) -> 1 | W58: =IF(V58="","",IF(V58>=1,"Cumplida",IF(V58>0,"En ejecución","Pendiente"))) -> Cumplida | X58: Se ralizan visitas técnicas al Patrimonio Mueble de la ciudad en etapas de identificación y planteamientos de estado de conservación actual, donde se hacen lecturas del estado de paginas, revisión del total de insumos e instumentos de cada monumento, estados actuales a nivel técnico de pedestales e instrumentos propios del muebles, este diagnostico se levanta con el fin de proyectar el tipo de servicio y necesidad que tiene cada uno de los bienes de interes cultural mueble declarado. Por lo anterios se realizan catorce (14) fichas técnicas de diagnostico del estado de conservación actual de los bienes muebles declarados. | Y58: 14 Fichas Técnicas | Z58: 46284 | AA58: 0 | AC58: =IF(OR(AA58="",AA58=0,AB58=""),"",MIN(AB58/AA58,1)) | AD58: =IF(AB58<>"",IF(OR(R58="",R58=0),"",MIN(IF(V58="",0,V58)+(AB58/R58),1)),IF(V58<>"",V58,"")) -> 1 | AE58: =IF(AD58="","",IF(AD58>=1,"Cumplida",IF(AD58>0,"En ejecución","Pendiente"))) -> Cumplida | AI58: Validada | AJ58: 0.8 | AK58: Se ralizan visitas técnicas al Patrimonio Mueble de la ciudad en etapas de identificación y planteamientos de estado de conservación actual, donde se hacen lecturas del estado de paginas, revisión del total de insumos e instumentos de cada monumento, estados actuales a nivel técnico de pedestales e instrumentos propios del muebles, este diagnostico se levanta con el fin de…. La evidencia revisada soporta un avance del 7.7%; el cumplimiento es parcial al corte. | AL58: Continuar con las actividades pendientes y actualizar en el siguiente corte únicamente los nuevos resultados y soportes. | AM58: 46286 | AN58: =IF(AJ58="","",IF(AJ58>=1,"Cumplida",IF(AJ58>0,"En ejecución","Pendiente"))) -> En ejecución | AT58: =IF(AP58="","",IF(AP58>=1,"Cumplida",IF(AP58>0,"En ejecución","Pendiente"))) | AW58: 1 | AX58: =IF((COUNT(AJ58,AP58))=0,"",(MIN(SUM(AJ58,AP58),1))/1) -> 0.8 | AY58: =IF(AX58="","Sin medición",IF(AX58>=1,"Cumplido",IF(AX58>0,"En ejecución","Pendiente"))) -> En ejecución | AZ58: Se ralizan visitas técnicas al Patrimonio Mueble de la ciudad en etapas de identificación y planteamientos de estado de conservación actual, donde se hacen lecturas del estado de paginas, revisión del total de insumos e instumentos de cada monumento, estados actuales a nivel técnico de pedestales e instrumentos propios del muebles, este diagnostico se levanta con el fin de proyectar el tipo de servicio y necesidad que tiene cada uno de los bienes de interes cultural mueble declarado. Se evidencia la realización de catorce (14) fichas técnicas de diagnostico del estado de conservación actual de los bienes muebles declarados en el municipio de bucaramanga. | BA58: Cumple | BB58: Efectiva | BC58: Se cumplió con la meta programada para la vigencia 2026. | BD58: 46289 | BJ58: 1
A59: R.15 | B59: 6. Preservación del Patrimonio | C59: Posibilidad de efecto dañoso sobre bienes de uso público por daño, deterioro o pérdida de los bienes muebles e inmuebles que conforman el patrimonio cultural del Municipio de Bucaramanga a causa de actos de vandalismo, hurto, debido a deficiencias en las medidas de protección, vigilancia y apropiación social del patrimonio, afectando su conservación, valor histórico y disponibilidad para la comunidad. | D59: 49 | E59: A2 | F59: Realizar Semilleros de Pedagogia patrimonial en los corregemiento y comunas para el ejercicio de apropiación y participación social. | G59: Registros de los semilleros de pedagogía patrimonial realizados, con listados de asistencia, evidencias de las actividades y/o informe de ejecución. | H59: Subdirección Técnica Patrimonio | I59: 46387 | J59: 46142 | K59: 46264 | L59: 46386 | M59: 30/04/2026 31/08/2026 31/12/2026 | N59: 30/04/2026 31/08/2026 31/12/2026 | O59: 30/04/2026 31/08/2026 31/12/2026 | P59: Anual | Q59: Registro Fotografico Listado Asistencia Material de Apoyo | R59: 40 | S59: 31 | T59: 31 | U59: =IF(OR(S59="",S59=0,T59=""),"",MIN(T59/S59,1)) -> 1 | V59: =IF(OR(R59="",R59=0,T59=""),"",MIN(T59/R59,1)) -> 0.775 | W59: =IF(V59="","",IF(V59>=1,"Cumplida",IF(V59>0,"En ejecución","Pendiente"))) -> En ejecución | X59: Se han realizado treinta y uno (31) espaciosde reflexión y construcción participativa sobre el patrimonio cultural de Bucaramanga, lo cual equivale a un 77,5% del total de cuarenta (40) espacios participativosc omprometidos al inicio de la vigencia 2026. | Y59: Oficio de Citación Fotografias Material de Apoy | Z59: 46284 | AA59: 9 | AC59: =IF(OR(AA59="",AA59=0,AB59=""),"",MIN(AB59/AA59,1)) | AD59: =IF(AB59<>"",IF(OR(R59="",R59=0),"",MIN(IF(V59="",0,V59)+(AB59/R59),1)),IF(V59<>"",V59,"")) -> 0.775 | AE59: =IF(AD59="","",IF(AD59>=1,"Cumplida",IF(AD59>0,"En ejecución","Pendiente"))) -> En ejecución | AI59: Validada | AJ59: 0.75 | AK59: Se han realizado treinta y uno (31) espaciosde reflexión y construcción participativa sobre el patrimonio cultural de Bucaramanga, lo cual equivale a un 77,5% del total de cuarenta (40) espacios participativosc omprometidos al inicio de la vigencia 2026. La evidencia revisada soporta un avance del 1.2%; el cumplimiento es parcial al corte. | AL59: Continuar con las actividades pendientes y actualizar en el siguiente corte únicamente los nuevos resultados y soportes. | AM59: 46286 | AN59: =IF(AJ59="","",IF(AJ59>=1,"Cumplida",IF(AJ59>0,"En ejecución","Pendiente"))) -> En ejecución | AT59: =IF(AP59="","",IF(AP59>=1,"Cumplida",IF(AP59>0,"En ejecución","Pendiente"))) | AW59: 1 | AX59: =IF((COUNT(AJ59,AP59))=0,"",(MIN(SUM(AJ59,AP59),1))/1) -> 0.75 | AY59: =IF(AX59="","Sin medición",IF(AX59>=1,"Cumplido",IF(AX59>0,"En ejecución","Pendiente"))) -> En ejecución | AZ59: Se han realizado treinta y uno (31) espaciosde reflexión y construcción participativa sobre el patrimonio cultural de Bucaramanga, lo cual equivale a un 77,5% del total de cuarenta (40) espacios participativosc omprometidos al inicio de la vigencia 2026. | BA59: Cumple | BB59: Efectiva | BC59: Continuar con la realización de espacio de reflexión y Contrucción Participativa con el fin de dar cumplimiento a la acción. | BD59: 46289 | BJ59: 0.77
A60: R.15 | B60: 6. Preservación del Patrimonio | C60: Posibilidad de efecto dañoso sobre bienes de uso público por daño, deterioro o pérdida de los bienes muebles e inmuebles que conforman el patrimonio cultural del Municipio de Bucaramanga a causa de actos de vandalismo, hurto, debido a deficiencias en las medidas de protección, vigilancia y apropiación social del patrimonio, afectando su conservación, valor histórico y disponibilidad para la comunidad. | D60: 50 | E60: A3 | F60: Ejecutar la Estrategia "Patrimonio al Parque" promoción y activación de los bienes de interes cultural a través de estrategia ludico pedagojicas frente a los monumentos de la ciudad. | G60: Informe de ejecución de la estrategia “Patrimonio al Parque”, con registro de las actividades realizadas, participantes y evidencias fotográficas y/o audiovisuales. | H60: Subdirección Técnica Patrimonio | I60: 46387 | J60: 46142 | K60: 46264 | L60: 46386 | M60: 30/04/2026 31/08/2026 31/12/2026 | N60: 30/04/2026 31/08/2026 31/12/2026 | O60: 30/04/2026 31/08/2026 31/12/2026 | P60: Anual | Q60: Informe | R60: 1 | S60: 0.7 | T60: 0.7 | U60: =IF(OR(S60="",S60=0,T60=""),"",MIN(T60/S60,1)) -> 1 | V60: =IF(OR(R60="",R60=0,T60=""),"",MIN(T60/R60,1)) -> 0.7 | W60: =IF(V60="","",IF(V60>=1,"Cumplida",IF(V60>0,"En ejecución","Pendiente"))) -> En ejecución | X60: Se viene desarrollando la estrategia Patrimonio al Parque ralizando la promoción y activación de los bienes de interes cultural a través de estrategia ludico pedagojicas, durante el periodo de evaluación se realizaron dos (2) actvidiades - Es-cupido y una activación en el Barrio Diamante ll. | Y60: Evidencias Fotograficas | Z60: 46284 | AA60: 0.2 | AC60: =IF(OR(AA60="",AA60=0,AB60=""),"",MIN(AB60/AA60,1)) | AD60: 0.8 | AE60: =IF(AD60="","",IF(AD60>=1,"Cumplida",IF(AD60>0,"En ejecución","Pendiente"))) -> En ejecución | AI60: Validada | AJ60: 0.5 | AK60: Se viene desarrollando la estrategia Patrimonio al Parque ralizando la promoción y activación de los bienes de interes cultural a través de estrategia ludico pedagojicas, durante el periodo de evaluación se realizaron dos (2) actvidiades - Es-cupido y una activación en el Barrio Diamante ll. Se observa ejecución en el autocontrol, pero el porcentaje validado no quedó registrado en la matriz. | AL60: Revisar la medición y registrar el porcentaje que corresponda, sustentado en la evidencia disponible. | AM60: 46286 | AN60: =IF(AJ60="","",IF(AJ60>=1,"Cumplida",IF(AJ60>0,"En ejecución","Pendiente"))) -> En ejecución | AT60: =IF(AP60="","",IF(AP60>=1,"Cumplida",IF(AP60>0,"En ejecución","Pendiente"))) | AW60: 1 | AX60: =IF((COUNT(AJ60,AP60))=0,"",(MIN(SUM(AJ60,AP60),1))/1) -> 0.5 | AY60: =IF(AX60="","Sin medición",IF(AX60>=1,"Cumplido",IF(AX60>0,"En ejecución","Pendiente"))) -> En ejecución | AZ60: Se desarrollo la estrategia Patrimonio al Parque ralizando la promoción y activación de los bienes de interes cultural a través de estrategia ludico pedagojicas, durante el periodo de evaluación se realizaron dos (2) actvidiades - Es-cupido y una activación en el Barrio Diamante ll. | BA60: Cumple | BB60: Efectiva | BC60: Continuar con la ejecución de la estrategia al parque con las actividades programadas. | BD60: 46289 | BJ60: 0.7
A61: R.16 | B61: 7. Formación en Artes y Oficios | C61: Posibilidad de afectación reputacional por falta de una estructura organizacional, con definicion de roles, resposabilidades y creacion de cargos de lineamiento directivo y estrategico, incorporados a la planta de peronal a causa de Debido a que la EMA no cuenta con una estructura organizacional que se ajuste y responda a su continuo crecimiento y necesidades operativas | D61: 51 | E61: A1 | F61: Gestionar la formulación, revisión y aprobación de una estructura organizacional para la EMA, definiendo funciones, responsabilidades y líneas de autoridad, con el fin de fortalecer la gestión administrativa y académica. | G61: Propuesta de estructura organizacional de la EMA y soportes de aprobación. | H61: Subdirección Técnica EMA | I61: 46232 | J61: 46387 | K61: 46142 | L61: 46264 | M61: 46386 | N61: 30/04/2026 31/08/2026 31/12/2026 | O61: 30/04/2026 31/08/2026 31/12/2026 | P61: Anual | Q61: Propuesta Aprobada | R61: 1 | U61: =IF(OR(S61="",S61=0,T61=""),"",MIN(T61/S61,1)) | V61: =IF(OR(R61="",R61=0,T61=""),"",MIN(T61/R61,1)) | W61: =IF(V61="","",IF(V61>=1,"Cumplida",IF(V61>0,"En ejecución","Pendiente"))) | AC61: =IF(OR(AA61="",AA61=0,AB61=""),"",MIN(AB61/AA61,1)) | AD61: =IF(AB61<>"",IF(OR(R61="",R61=0),"",MIN(IF(V61="",0,V61)+(AB61/R61),1)),IF(V61<>"",V61,"")) | AE61: =IF(AD61="","",IF(AD61>=1,"Cumplida",IF(AD61>0,"En ejecución","Pendiente"))) | AF61: =IF(AE61="","",IF(AE61>=1,"Cumplida",IF(AE61>0,"En ejecución","Pendiente"))) | AI61: Sin reporte | AJ61: 0 | AK61: No se recibió reporte de ejecución ni evidencia para el corte de mayo–agosto. En consecuencia, no fue posible validar avance y se mantiene el 0%. | AL61: Solicitar al proceso el reporte de lo realmente ejecutado y el soporte correspondiente antes del siguiente corte. | AM61: 46286 | AN61: =IF(AJ61="","",IF(AJ61>=1,"Cumplida",IF(AJ61>0,"En ejecución","Pendiente"))) -> Pendiente | AT61: =IF(AP61="","",IF(AP61>=1,"Cumplida",IF(AP61>0,"En ejecución","Pendiente"))) | AU61: Avance en la estructuración organizacional de la EMA | AV61: Resultado = suma del avance acumulado validado de todas las actividades del riesgo ÷ total de actividades programadas del riesgo. Cada actividad tiene el mismo peso. | AW61: 1 | AX61: =IF((COUNT(AJ61,AP61))=0,"",(MIN(SUM(AJ61,AP61),1))/1) -> 0 | AY61: =IF(AX61="","Sin medición",IF(AX61>=1,"Cumplido",IF(AX61>0,"En ejecución","Pendiente"))) -> Pendiente | AZ61: Acción Programada para el tercer cuatrimestre de la vigencia 2026 | BA61: No Aplica | BB61: Pendiente por Determinar | BC61: Se recomienda revisar el riesgo y la acción planteada, dado que la causa raíz debe ser abordada mediante un proyecto formal de modernización institucional, el cual contempla viabilidad presupuestal y aprobación por parte del Concejo Municipal de Bucaramanga. | BD61: 46289 | BJ61: 0
A62: R.17 | B62: 7. Formación en Artes y Oficios | C62: Posibilidad de afectación económica y reputacional porla insuficiencia de espacios físicos adecuados para atender la demanda de estudiantes y el desarrollo de las actividades académicas. a causa de Debido a que la EMA funciona en instalaciones arrendadas cuya capacidad es insuficiente frente al crecimiento institucional. | D62: 52 | E62: A1 | F62: Gestionar alternativas para ampliar o adecuar la infraestructura física destinada al funcionamiento de la EMA, garantizando espacios suficientes para la prestación del servicio educativo. | G62: Documento de necesidades y alternativas de infraestructura, con soportes de gestión. | H62: Subdirección Técnica EMA | I62: 46232 | J62: 46387 | K62: 46142 | L62: 46264 | M62: 46386 | N62: 30/04/2026 31/08/2026 31/12/2026 | O62: 30/04/2026 31/08/2026 31/12/2026 | P62: Anual | Q62: Documento | R62: 1 | U62: =IF(OR(S62="",S62=0,T62=""),"",MIN(T62/S62,1)) | V62: =IF(OR(R62="",R62=0,T62=""),"",MIN(T62/R62,1)) | W62: =IF(V62="","",IF(V62>=1,"Cumplida",IF(V62>0,"En ejecución","Pendiente"))) | AC62: =IF(OR(AA62="",AA62=0,AB62=""),"",MIN(AB62/AA62,1)) | AD62: =IF(AB62<>"",IF(OR(R62="",R62=0),"",MIN(IF(V62="",0,V62)+(AB62/R62),1)),IF(V62<>"",V62,"")) | AE62: =IF(AD62="","",IF(AD62>=1,"Cumplida",IF(AD62>0,"En ejecución","Pendiente"))) | AF62: =IF(AE62="","",IF(AE62>=1,"Cumplida",IF(AE62>0,"En ejecución","Pendiente"))) | AI62: Sin reporte | AJ62: 0 | AK62: No se recibió reporte de ejecución ni evidencia para el corte de mayo–agosto. En consecuencia, no fue posible validar avance y se mantiene el 0%. | AL62: Solicitar al proceso el reporte de lo realmente ejecutado y el soporte correspondiente antes del siguiente corte. | AM62: 46286 | AN62: =IF(AJ62="","",IF(AJ62>=1,"Cumplida",IF(AJ62>0,"En ejecución","Pendiente"))) -> Pendiente | AT62: =IF(AP62="","",IF(AP62>=1,"Cumplida",IF(AP62>0,"En ejecución","Pendiente"))) | AU62: Cumplimiento de la gestión de alternativas de infraestructura para la EMA | AV62: Resultado = suma del avance acumulado validado de todas las actividades del riesgo ÷ total de actividades programadas del riesgo. Cada actividad tiene el mismo peso. | AW62: 1 | AX62: =IF((COUNT(AJ62,AP62))=0,"",(MIN(SUM(AJ62,AP62),1))/1) -> 0 | AY62: =IF(AX62="","Sin medición",IF(AX62>=1,"Cumplido",IF(AX62>0,"En ejecución","Pendiente"))) -> Pendiente | AZ62: Acción Programada para el tercer cuatrimestre de la vigencia 2026 | BA62: No Aplica | BB62: Pendiente por Determinar | BC62: La Oficina Asesora de Control Interno recomienda ejecutar las acciones de mitigación de los riesgos con el fin que estos no se materialicen en la entidad. | BD62: 46289 | BJ62: 0
A63: R.18 | B63: 7. Formación en Artes y Oficios | C63: Posibilidad de afectación económica y reputacional por la insuficiencia de recursos financieros, técnicos y operativos para garantizar el funcionamiento de la EMA. a causa de limitaciones recursos financieros basados en el presupuesto y al incremento de las necesidades que se derivan del crecimiento de la oferta institucional. | D63: 53 | E63: A1 | F63: Gestionar el fortalecimiento de los recursos financieros, humanos y operativos necesarios para garantizar el funcionamiento y crecimiento de la EMA. | G63: Consolidado de necesidades de recursos y soportes de gestión. | H63: Subdirección Técnica EMA | I63: 46232 | J63: 46387 | K63: 46142 | L63: 46264 | M63: 46386 | N63: 30/04/2026 31/08/2026 31/12/2026 | O63: 30/04/2026 31/08/2026 31/12/2026 | P63: Anual | Q63: Proyección Anual | R63: 1 | U63: =IF(OR(S63="",S63=0,T63=""),"",MIN(T63/S63,1)) | V63: =IF(OR(R63="",R63=0,T63=""),"",MIN(T63/R63,1)) | W63: =IF(V63="","",IF(V63>=1,"Cumplida",IF(V63>0,"En ejecución","Pendiente"))) | AC63: =IF(OR(AA63="",AA63=0,AB63=""),"",MIN(AB63/AA63,1)) | AD63: =IF(AB63<>"",IF(OR(R63="",R63=0),"",MIN(IF(V63="",0,V63)+(AB63/R63),1)),IF(V63<>"",V63,"")) | AE63: =IF(AD63="","",IF(AD63>=1,"Cumplida",IF(AD63>0,"En ejecución","Pendiente"))) | AF63: =IF(AE63="","",IF(AE63>=1,"Cumplida",IF(AE63>0,"En ejecución","Pendiente"))) | AI63: Sin reporte | AJ63: 0 | AK63: No se recibió reporte de ejecución ni evidencia para el corte de mayo–agosto. En consecuencia, no fue posible validar avance y se mantiene el 0%. | AL63: Solicitar al proceso el reporte de lo realmente ejecutado y el soporte correspondiente antes del siguiente corte. | AM63: 46286 | AN63: =IF(AJ63="","",IF(AJ63>=1,"Cumplida",IF(AJ63>0,"En ejecución","Pendiente"))) -> Pendiente | AT63: =IF(AP63="","",IF(AP63>=1,"Cumplida",IF(AP63>0,"En ejecución","Pendiente"))) | AU63: Cumplimiento de la gestión para el fortalecimiento de recursos de la EMA | AV63: Resultado = suma del avance acumulado validado de todas las actividades del riesgo ÷ total de actividades programadas del riesgo. Cada actividad tiene el mismo peso. | AW63: 1 | AX63: =IF((COUNT(AJ63,AP63))=0,"",(MIN(SUM(AJ63,AP63),1))/1) -> 0 | AY63: =IF(AX63="","Sin medición",IF(AX63>=1,"Cumplido",IF(AX63>0,"En ejecución","Pendiente"))) -> Pendiente | AZ63: Acción Programada para el tercer cuatrimestre de la vigencia 2026 | BA63: No Aplica | BB63: Pendiente por Determinar | BC63: La Oficina Asesora de Control Interno recomienda revisar que la acción planteada esté sincronizada con el entregable propuesto dado que en este caso el entregable constituye un diagnóstico, pero no evidencia una gestión para el fortalecimiento de recursos. | BD63: 46289 | BJ63: 0
A64: R.19 | B64: 8. Fomento Convocatorias | C64: Posibilidad de pérdida económica y reputacional porOtorgamiento de estímulos con base en documentación aparentemente auténtica que posteriormente resulte falsa o irregular y cuya falsedad no fuera razonablemente detectable a causa de la imposibilidad de advertir, durante la revisión documental, alteraciones o falsificaciones que no sean evidentes. | D64: 54 | E64: A1 | F64: Aplicar listas de chequeo formato codigo CON-F03 version 1, para la verificación del cumplimiento de los requisitos legales y técnicos establecidos en los lineamientos de cada convocatoria, dejando evidencia de la revisión realizada. | G64: Formatos CON-F03 diligenciados y firmados, con evidencia de la verificación realizada. | H64: Subdirección Técnica Comento Convocatoria | I64: 46032 | J64: 46387 | K64: 46142 | L64: 46264 | M64: 46386 | N64: 30/04/2026 31/08/2026 31/12/2026 | O64: 30/04/2026 31/08/2026 31/12/2026 | U64: =IF(OR(S64="",S64=0,T64=""),"",MIN(T64/S64,1)) | V64: =IF(OR(R64="",R64=0,T64=""),"",MIN(T64/R64,1)) | W64: =IF(V64="","",IF(V64>=1,"Cumplida",IF(V64>0,"En ejecución","Pendiente"))) | X64: =IF(OR(V64="",V64=0,W64=""),"",MIN(IF($Q64="%",IF(W64>1,W64/100,W64),W64)/IF($Q64="%",IF(V64>1,V64/100,V64),V64),1)) | Y64: =IF(OR($R64="",$R64=0,W64=""),"",MIN(IF($Q64="%",IF(W64>1,W64/100,W64),W64)/IF($Q64="%",IF($R64>1,$R64/100,$R64),$R64),1)) | Z64: =IF(Y64="","",IF(Y64>=1,"Cumplida",IF(Y64>0,"En ejecución","Pendiente"))) | AC64: =IF(OR(AA64="",AA64=0,AB64=""),"",MIN(AB64/AA64,1)) | AD64: =IF(AB64<>"",IF(OR(R64="",R64=0),"",MIN(IF(V64="",0,V64)+(AB64/R64),1)),IF(V64<>"",V64,"")) | AE64: =IF(AD64="","",IF(AD64>=1,"Cumplida",IF(AD64>0,"En ejecución","Pendiente"))) | AF64: =IF(OR(AD64="",AD64=0,AE64=""),"",MIN(IF($Q64="%",IF(AE64>1,AE64/100,AE64),AE64)/IF($Q64="%",IF(AD64>1,AD64/100,AD64),AD64),1)) | AG64: =IF(AE64<>"",IF(OR($R64="",$R64=0),"",MIN(IF(Y64="",0,Y64)+(IF($Q64="%",IF(AE64>1,AE64/100,AE64),AE64)/IF($Q64="%",IF($R64>1,$R64/100,$R64),$R64)),1)),IF(Y64<>"",Y64,"")) | AH64: =IF(AG64="","",IF(AG64>=1,"Cumplida",IF(AG64>0,"En ejecución","Pendiente"))) | AI64: Sin reporte | AJ64: 0 | AK64: No se recibió reporte de ejecución ni evidencia para el corte de mayo–agosto. En consecuencia, no fue posible validar avance y se mantiene el 0%. | AL64: Solicitar al proceso el reporte de lo realmente ejecutado y el soporte correspondiente antes del siguiente corte. | AM64: 46286 | AN64: =IF(AJ64="","",IF(AJ64>=1,"Cumplida",IF(AJ64>0,"En ejecución","Pendiente"))) -> Pendiente | AT64: =IF(AP64="","",IF(AP64>=1,"Cumplida",IF(AP64>0,"En ejecución","Pendiente"))) | AU64: Cumplimiento de la verificación documental de postulaciones | AV64: Resultado = suma del avance acumulado validado de todas las actividades del riesgo ÷ total de actividades programadas del riesgo. Cada actividad tiene el mismo peso. | AW64: 1 | AX64: =IF((COUNT(AJ64,AP64)+COUNT(AJ65,AP65))=0,"",(MIN(SUM(AJ64,AP64),1)+MIN(SUM(AJ65,AP65),1))/2) -> 0 | AY64: =IF(AX64="","Sin medición",IF(AX64>=1,"Cumplido",IF(AX64>0,"En ejecución","Pendiente"))) -> Pendiente | AZ64: No reporto avance de la acciones programadas | BA64: No Cumple | BB64: Pendiente por Determinar | BC64: La Oficina Asesora de Control Interno recomienda ejecutar las acciones de mitigación de los riesgos con el fin que estos no se materialicen en la entidad. | BD64: 46289 | BJ64: 0
A65: R.19 | B65: 8. Fomento Convocatorias | C65: Posibilidad de pérdida económica y reputacional porOtorgamiento de estímulos con base en documentación aparentemente auténtica que posteriormente resulte falsa o irregular y cuya falsedad no fuera razonablemente detectable a causa de la imposibilidad de advertir, durante la revisión documental, alteraciones o falsificaciones que no sean evidentes. | D65: 55 | E65: A2 | F65: Verificar la consistencia, integridad, vigencia y completitud de la documentación aportada por los postulantes y, cuando existan mecanismos oficiales de consulta, validar la información a través de las plataformas o entidades competentes. | G65: Matriz de verificación documental, con soportes de las consultas realizadas en fuentes oficiales cuando corresponda. | H65: Subdirección Técnica Comento Convocatoria | I65: 46032 | J65: 46387 | K65: 46142 | L65: 46264 | M65: 46386 | N65: 30/04/2026 31/08/2026 31/12/2026 | O65: 30/04/2026 31/08/2026 31/12/2026 | U65: =IF(OR(S65="",S65=0,T65=""),"",MIN(T65/S65,1)) | V65: =IF(OR(R65="",R65=0,T65=""),"",MIN(T65/R65,1)) | W65: =IF(V65="","",IF(V65>=1,"Cumplida",IF(V65>0,"En ejecución","Pendiente"))) | X65: =IF(OR(V65="",V65=0,W65=""),"",MIN(IF($Q65="%",IF(W65>1,W65/100,W65),W65)/IF($Q65="%",IF(V65>1,V65/100,V65),V65),1)) | Y65: =IF(OR($R65="",$R65=0,W65=""),"",MIN(IF($Q65="%",IF(W65>1,W65/100,W65),W65)/IF($Q65="%",IF($R65>1,$R65/100,$R65),$R65),1)) | Z65: =IF(Y65="","",IF(Y65>=1,"Cumplida",IF(Y65>0,"En ejecución","Pendiente"))) | AC65: =IF(OR(AA65="",AA65=0,AB65=""),"",MIN(AB65/AA65,1)) | AD65: =IF(AB65<>"",IF(OR(R65="",R65=0),"",MIN(IF(V65="",0,V65)+(AB65/R65),1)),IF(V65<>"",V65,"")) | AE65: =IF(AD65="","",IF(AD65>=1,"Cumplida",IF(AD65>0,"En ejecución","Pendiente"))) | AF65: =IF(OR(AD65="",AD65=0,AE65=""),"",MIN(IF($Q65="%",IF(AE65>1,AE65/100,AE65),AE65)/IF($Q65="%",IF(AD65>1,AD65/100,AD65),AD65),1)) | AG65: =IF(AE65<>"",IF(OR($R65="",$R65=0),"",MIN(IF(Y65="",0,Y65)+(IF($Q65="%",IF(AE65>1,AE65/100,AE65),AE65)/IF($Q65="%",IF($R65>1,$R65/100,$R65),$R65)),1)),IF(Y65<>"",Y65,"")) | AH65: =IF(AG65="","",IF(AG65>=1,"Cumplida",IF(AG65>0,"En ejecución","Pendiente"))) | AI65: Sin reporte | AJ65: 0 | AK65: No se recibió reporte de ejecución ni evidencia para el corte de mayo–agosto. En consecuencia, no fue posible validar avance y se mantiene el 0%. | AL65: Solicitar al proceso el reporte de lo realmente ejecutado y el soporte correspondiente antes del siguiente corte. | AM65: 46286 | AN65: =IF(AJ65="","",IF(AJ65>=1,"Cumplida",IF(AJ65>0,"En ejecución","Pendiente"))) -> Pendiente | AT65: =IF(AP65="","",IF(AP65>=1,"Cumplida",IF(AP65>0,"En ejecución","Pendiente"))) | AZ65: No reporto avance de la acciones programadas | BA65: No Cumple | BB65: Pendiente por Determinar | BC65: La Oficina Asesora de Control Interno recomienda ejecutar las acciones de mitigación de los riesgos con el fin que estos no se materialicen en la entidad. | BD65: 46289 | BJ65: 0
A66: R.20 | B66: 8. Fomento Convocatorias | C66: Posibilidad de afectación económica y reputacional por Aplicación incompleta o inoportuna de los procedimientos establecidos para la divulgación, socialización y publicación de las convocatorias. a causa de la insuficiente apropiación, seguimiento y control en la ejecución de los procedimientos definidos para la planeación y divulgación de las convocatorias. | D66: 56 | E66: A1 | F66: Elaborar y ejecutar el cronograma de divulgación de cada convocatoria, definiendo los canales, fechas y responsables para la publicación de la información. | G66: Cronograma de divulgación de la convocatoria elaborado y ejecutado. | H66: Subdirección Técnica Comento Convocatoria | I66: 46032 | J66: 46387 | K66: 46142 | L66: 46264 | M66: 46386 | N66: 30/04/2026 31/08/2026 31/12/2026 | O66: 30/04/2026 31/08/2026 31/12/2026 | U66: =IF(OR(S66="",S66=0,T66=""),"",MIN(T66/S66,1)) | V66: =IF(OR(R66="",R66=0,T66=""),"",MIN(T66/R66,1)) | W66: =IF(V66="","",IF(V66>=1,"Cumplida",IF(V66>0,"En ejecución","Pendiente"))) | X66: =IF(OR(V66="",V66=0,W66=""),"",MIN(IF($Q66="%",IF(W66>1,W66/100,W66),W66)/IF($Q66="%",IF(V66>1,V66/100,V66),V66),1)) | Y66: =IF(OR($R66="",$R66=0,W66=""),"",MIN(IF($Q66="%",IF(W66>1,W66/100,W66),W66)/IF($Q66="%",IF($R66>1,$R66/100,$R66),$R66),1)) | Z66: =IF(Y66="","",IF(Y66>=1,"Cumplida",IF(Y66>0,"En ejecución","Pendiente"))) | AC66: =IF(OR(AA66="",AA66=0,AB66=""),"",MIN(AB66/AA66,1)) | AD66: =IF(AB66<>"",IF(OR(R66="",R66=0),"",MIN(IF(V66="",0,V66)+(AB66/R66),1)),IF(V66<>"",V66,"")) | AE66: =IF(AD66="","",IF(AD66>=1,"Cumplida",IF(AD66>0,"En ejecución","Pendiente"))) | AF66: =IF(OR(AD66="",AD66=0,AE66=""),"",MIN(IF($Q66="%",IF(AE66>1,AE66/100,AE66),AE66)/IF($Q66="%",IF(AD66>1,AD66/100,AD66),AD66),1)) | AG66: =IF(AE66<>"",IF(OR($R66="",$R66=0),"",MIN(IF(Y66="",0,Y66)+(IF($Q66="%",IF(AE66>1,AE66/100,AE66),AE66)/IF($Q66="%",IF($R66>1,$R66/100,$R66),$R66)),1)),IF(Y66<>"",Y66,"")) | AH66: =IF(AG66="","",IF(AG66>=1,"Cumplida",IF(AG66>0,"En ejecución","Pendiente"))) | AI66: Sin reporte | AJ66: 0 | AK66: No se recibió reporte de ejecución ni evidencia para el corte de mayo–agosto. En consecuencia, no fue posible validar avance y se mantiene el 0%. | AL66: Solicitar al proceso el reporte de lo realmente ejecutado y el soporte correspondiente antes del siguiente corte. | AM66: 46286 | AN66: =IF(AJ66="","",IF(AJ66>=1,"Cumplida",IF(AJ66>0,"En ejecución","Pendiente"))) -> Pendiente | AT66: =IF(AP66="","",IF(AP66>=1,"Cumplida",IF(AP66>0,"En ejecución","Pendiente"))) | AU66: Cumplimiento de las acciones de divulgación de convocatorias | AV66: Resultado = suma del avance acumulado validado de todas las actividades del riesgo ÷ total de actividades programadas del riesgo. Cada actividad tiene el mismo peso. | AW66: 1 | AX66: =IF((COUNT(AJ66,AP66)+COUNT(AJ67,AP67)+COUNT(AJ68,AP68))=0,"",(MIN(SUM(AJ66,AP66),1)+MIN(SUM(AJ67,AP67),1)+MIN(SUM(AJ68,AP68),1))/3) -> 0 | AY66: =IF(AX66="","Sin medición",IF(AX66>=1,"Cumplido",IF(AX66>0,"En ejecución","Pendiente"))) -> Pendiente | AZ66: No reporto avance de la acciones programadas | BA66: No Cumple | BB66: Pendiente por Determinar | BC66: La Oficina Asesora de Control Interno recomienda ejecutar las acciones de mitigación de los riesgos con el fin que estos no se materialicen en la entidad. | BD66: 46289 | BJ66: 0
A67: R.20 | B67: 8. Fomento Convocatorias | C67: Posibilidad de afectación económica y reputacional por Aplicación incompleta o inoportuna de los procedimientos establecidos para la divulgación, socialización y publicación de las convocatorias. a causa de la insuficiente apropiación, seguimiento y control en la ejecución de los procedimientos definidos para la planeación y divulgación de las convocatorias. | D67: 57 | E67: A2 | F67: Verificar, antes de la apertura de la convocatoria, que la información publicada (lineamientos, cronograma, anexos, formatos y enlaces) sea completa, clara y corresponda a la versión aprobada. | G67: Lista de verificación previa a la publicación, con constancia de revisión de lineamientos, cronograma, anexos, formatos y enlaces. | H67: Subdirección Técnica Comento Convocatoria | I67: 46032 | J67: 46387 | K67: 46142 | L67: 46264 | M67: 46386 | N67: 30/04/2026 31/08/2026 31/12/2026 | O67: 30/04/2026 31/08/2026 31/12/2026 | U67: =IF(OR(S67="",S67=0,T67=""),"",MIN(T67/S67,1)) | V67: =IF(OR(R67="",R67=0,T67=""),"",MIN(T67/R67,1)) | W67: =IF(V67="","",IF(V67>=1,"Cumplida",IF(V67>0,"En ejecución","Pendiente"))) | X67: =IF(OR(V67="",V67=0,W67=""),"",MIN(IF($Q67="%",IF(W67>1,W67/100,W67),W67)/IF($Q67="%",IF(V67>1,V67/100,V67),V67),1)) | Y67: =IF(OR($R67="",$R67=0,W67=""),"",MIN(IF($Q67="%",IF(W67>1,W67/100,W67),W67)/IF($Q67="%",IF($R67>1,$R67/100,$R67),$R67),1)) | Z67: =IF(Y67="","",IF(Y67>=1,"Cumplida",IF(Y67>0,"En ejecución","Pendiente"))) | AC67: =IF(OR(AA67="",AA67=0,AB67=""),"",MIN(AB67/AA67,1)) | AD67: =IF(AB67<>"",IF(OR(R67="",R67=0),"",MIN(IF(V67="",0,V67)+(AB67/R67),1)),IF(V67<>"",V67,"")) | AE67: =IF(AD67="","",IF(AD67>=1,"Cumplida",IF(AD67>0,"En ejecución","Pendiente"))) | AF67: =IF(OR(AD67="",AD67=0,AE67=""),"",MIN(IF($Q67="%",IF(AE67>1,AE67/100,AE67),AE67)/IF($Q67="%",IF(AD67>1,AD67/100,AD67),AD67),1)) | AG67: =IF(AE67<>"",IF(OR($R67="",$R67=0),"",MIN(IF(Y67="",0,Y67)+(IF($Q67="%",IF(AE67>1,AE67/100,AE67),AE67)/IF($Q67="%",IF($R67>1,$R67/100,$R67),$R67)),1)),IF(Y67<>"",Y67,"")) | AH67: =IF(AG67="","",IF(AG67>=1,"Cumplida",IF(AG67>0,"En ejecución","Pendiente"))) | AI67: Sin reporte | AJ67: 0 | AK67: No se recibió reporte de ejecución ni evidencia para el corte de mayo–agosto. En consecuencia, no fue posible validar avance y se mantiene el 0%. | AL67: Solicitar al proceso el reporte de lo realmente ejecutado y el soporte correspondiente antes del siguiente corte. | AM67: 46286 | AN67: =IF(AJ67="","",IF(AJ67>=1,"Cumplida",IF(AJ67>0,"En ejecución","Pendiente"))) -> Pendiente | AT67: =IF(AP67="","",IF(AP67>=1,"Cumplida",IF(AP67>0,"En ejecución","Pendiente"))) | AZ67: No reporto avance de la acciones programadas | BA67: No Cumple | BB67: Pendiente por Determinar | BC67: La Oficina Asesora de Control Interno recomienda ejecutar las acciones de mitigación de los riesgos con el fin que estos no se materialicen en la entidad. | BD67: 46289 | BJ67: 0
A68: R.20 | B68: 8. Fomento Convocatorias | C68: Posibilidad de afectación económica y reputacional por Aplicación incompleta o inoportuna de los procedimientos establecidos para la divulgación, socialización y publicación de las convocatorias. a causa de la insuficiente apropiación, seguimiento y control en la ejecución de los procedimientos definidos para la planeación y divulgación de las convocatorias. | D68: 58 | E68: A3 | F68: Realizar seguimiento al cumplimiento de las actividades de divulgación previstas, dejando evidencia de las publicaciones, socializaciones y demás acciones de difusión efectuadas durante la convocatoria. | G68: Informe o matriz de seguimiento a la divulgación, con soportes de publicaciones, socializaciones y acciones de difusión realizadas. | H68: Subdirección Técnica Comento Convocatoria | I68: 46032 | J68: 46387 | K68: 46142 | L68: 46264 | M68: 46386 | N68: 30/04/2026 31/08/2026 31/12/2026 | O68: 30/04/2026 31/08/2026 31/12/2026 | U68: =IF(OR(S68="",S68=0,T68=""),"",MIN(T68/S68,1)) | V68: =IF(OR(R68="",R68=0,T68=""),"",MIN(T68/R68,1)) | W68: =IF(V68="","",IF(V68>=1,"Cumplida",IF(V68>0,"En ejecución","Pendiente"))) | X68: =IF(OR(V68="",V68=0,W68=""),"",MIN(IF($Q68="%",IF(W68>1,W68/100,W68),W68)/IF($Q68="%",IF(V68>1,V68/100,V68),V68),1)) | Y68: =IF(OR($R68="",$R68=0,W68=""),"",MIN(IF($Q68="%",IF(W68>1,W68/100,W68),W68)/IF($Q68="%",IF($R68>1,$R68/100,$R68),$R68),1)) | Z68: =IF(Y68="","",IF(Y68>=1,"Cumplida",IF(Y68>0,"En ejecución","Pendiente"))) | AC68: =IF(OR(AA68="",AA68=0,AB68=""),"",MIN(AB68/AA68,1)) | AD68: =IF(AB68<>"",IF(OR(R68="",R68=0),"",MIN(IF(V68="",0,V68)+(AB68/R68),1)),IF(V68<>"",V68,"")) | AE68: =IF(AD68="","",IF(AD68>=1,"Cumplida",IF(AD68>0,"En ejecución","Pendiente"))) | AF68: =IF(OR(AD68="",AD68=0,AE68=""),"",MIN(IF($Q68="%",IF(AE68>1,AE68/100,AE68),AE68)/IF($Q68="%",IF(AD68>1,AD68/100,AD68),AD68),1)) | AG68: =IF(AE68<>"",IF(OR($R68="",$R68=0),"",MIN(IF(Y68="",0,Y68)+(IF($Q68="%",IF(AE68>1,AE68/100,AE68),AE68)/IF($Q68="%",IF($R68>1,$R68/100,$R68),$R68)),1)),IF(Y68<>"",Y68,"")) | AH68: =IF(AG68="","",IF(AG68>=1,"Cumplida",IF(AG68>0,"En ejecución","Pendiente"))) | AI68: Sin reporte | AJ68: 0 | AK68: No se recibió reporte de ejecución ni evidencia para el corte de mayo–agosto. En consecuencia, no fue posible validar avance y se mantiene el 0%. | AL68: Solicitar al proceso el reporte de lo realmente ejecutado y el soporte correspondiente antes del siguiente corte. | AM68: 46286 | AN68: =IF(AJ68="","",IF(AJ68>=1,"Cumplida",IF(AJ68>0,"En ejecución","Pendiente"))) -> Pendiente | AT68: =IF(AP68="","",IF(AP68>=1,"Cumplida",IF(AP68>0,"En ejecución","Pendiente"))) | AZ68: No reporto avance de la acciones programadas | BA68: No Cumple | BB68: Pendiente por Determinar | BC68: La Oficina Asesora de Control Interno recomienda ejecutar las acciones de mitigación de los riesgos con el fin que estos no se materialicen en la entidad. | BD68: 46289 | BJ68: 0
A69: R.21 | B69: 9. Gestión de Turismo | C69: Posibilidad de pérdida económica y reputacional por deficiencias en la coordinación y seguimiento para la ejecución de estrategias, programas y proyectos turísticos. a causa de la insuficiente definición e implementación de instrumentos que garanticen una adecuada articulación Institucional | D69: 59 | E69: A1 | F69: Realizar cuatro (4) sesiones del Consejo Municipal de Turismo durante la vigencia, una por trimestre, para efectuar seguimiento a los compromisos relacionados con la ejecución de las estrategias, programas y proyectos turísticos del municipio, con participación de los actores públicos, privados, académicos y comunitarios que integran esta instancia. | G69: Actas trimestrales del Consejo Municipal de Turismo | H69: Subdirección de Turismo | I69: 46032 | J69: 46387 | K69: 46142 | L69: 46264 | M69: 46386 | N69: 30/04/2026 31/08/2026 31/12/2026 | O69: 30/04/2026 31/08/2026 31/12/2026 | P69: Trimestral | Q69: # | R69: 4 | S69: 2 | T69: 2 | U69: =IF(OR(S69="",S69=0,T69=""),"",MIN(T69/S69,1)) -> 1 | V69: =IF(OR(R69="",R69=0,T69=""),"",MIN(T69/R69,1)) -> 0.5 | W69: =IF(V69="","",IF(V69>=1,"Cumplida",IF(V69>0,"En ejecución","Pendiente"))) -> En ejecución | X69: Durante el periodo objeto de seguimiento se realizaron dos (2) sesiones del Consejo Municipal de Turismo, en las cuales se efectuó control y seguimiento a las estrategias, programas, proyectos y demás instrumentos de planeación turística del municipio. En la primera sesión se revisaron los avances de la Política Pública de Turismo, el Plan Decenal de Turismo y los proyectos relacionados con Ciudad-Región, eventos y Puntos de Información Turística —PITS—. Asimismo, se presentaron los principales resultados y compromisos asociados a su implementación. En la segunda sesión se realizó seguimiento a la programación de la Feria Bonita de Bucaramanga, desarrollada mediante los proyectos de inversión liderados por la Subdirección de Turismo, especialmente los correspondientes a Eventos y Ciudad-Región. Como resultado, se cuenta con las actas, presentaciones, registros de asistencia y compromisos generados en las dos sesiones. Avance cuantitativo: 2 sesiones realizadas de 4 programadas, equivalente al 50 % de cumplimiento de la meta anual. | Y69: Acta Consejo | Z69: 46273 | AA69: 2 | AC69: =IF(OR(AA69="",AA69=0,AB69=""),"",MIN(AB69/AA69,1)) | AD69: =IF(AB69<>"",IF(OR(R69="",R69=0),"",MIN(IF(V69="",0,V69)+(AB69/R69),1)),IF(V69<>"",V69,"")) -> 0.5 | AE69: =IF(AD69="","",IF(AD69>=1,"Cumplida",IF(AD69>0,"En ejecución","Pendiente"))) -> En ejecución | AF69: =IF(OR(AD69="",AD69=0,AE69=""),"",MIN(IF($Q69="%",IF(AE69>1,AE69/100,AE69),AE69)/IF($Q69="%",IF(AD69>1,AD69/100,AD69),AD69),1)) -> #VALUE! | AG69: =IF(AE69<>"",IF(OR($R69="",$R69=0),"",MIN(IF(Y69="",0,Y69)+(IF($Q69="%",IF(AE69>1,AE69/100,AE69),AE69)/IF($Q69="%",IF($R69>1,$R69/100,$R69),$R69)),1)),IF(Y69<>"",Y69,"")) -> #VALUE! | AH69: =IF(AG69="","",IF(AG69>=1,"Cumplida",IF(AG69>0,"En ejecución","Pendiente"))) -> #VALUE! | AI69: Validada | AJ69: 0.5 | AK69: Se constató que durante el periodo objeto de seguimiento se realizaron dos (2) sesiones del Consejo Municipal de Turismo, en las cuales se efectuó control y seguimiento a las estrategias, programas, proyectos y demás instrumentos de planeación turística del municipio. La evidencia revisada soporta un avance del 50.0%; el cumplimiento es parcial al corte. | AL69: Continuar con las actividades pendientes y actualizar en el siguiente corte únicamente los nuevos resultados y soportes. | AM69: 46286 | AN69: =IF(AJ69="","",IF(AJ69>=1,"Cumplida",IF(AJ69>0,"En ejecución","Pendiente"))) -> En ejecución | AT69: =IF(AP69="","",IF(AP69>=1,"Cumplida",IF(AP69>0,"En ejecución","Pendiente"))) | AU69: Cumplimiento del seguimiento a compromisos del Consejo Municipal de Turismo | AV69: Resultado = suma del avance acumulado validado de todas las actividades del riesgo ÷ total de actividades programadas del riesgo. Cada actividad tiene el mismo peso. | AW69: 1 | AX69: =IF((COUNT(AJ69,AP69))=0,"",(MIN(SUM(AJ69,AP69),1))/1) -> 0.5 | AY69: =IF(AX69="","Sin medición",IF(AX69>=1,"Cumplido",IF(AX69>0,"En ejecución","Pendiente"))) -> En ejecución | AZ69: Se evidencia el acta del día 05 de mayo de 2026 del Consejo Municipal de Turismo, en las cuales se efectuó control y seguimiento a las estrategias, programas, proyectos y demás instrumentos de planeación turística del municipio. | BA69: Cumple Parcialmente | BB69: Parcialmente Efectiva | BC69: Según la meta es realizar una reunión trimetral y según los soprtes solo se evidencia 1 acta correspondiente al dia 05 d emayo por lo que se recomienda realizar los seguimientos de acuerdo a la programación., | BD69: 46289 | BJ69: 0.25
A70: R.22 | B70: 9. Gestión de Turismo | C70: Posibilidad de afectación económica y reputacional por inconsistencias en el reporte de la información turistica a causa de la insuficiencia en el analisis tecnico, validación y verificación de la información suministrada por las fuentes oficiales y actores del sector turístico. | D70: 60 | E70: A1 | F70: Realizar dos (2) mesas de trabajo durante la vigencia, una por semestre, con el profesional responsable del Sistema de Información Turística y del Observatorio Turístico de Bucaramanga, orientadas a la aplicación de criterios técnicos para el análisis, validación, verificación y consolidación de la información suministrada por las fuentes oficiales y los actores del sector turístico. | G70: Actas o registros de las dos (2) mesas de trabajo realizadas | H70: Subdirección de Turismo | I70: 46032 | J70: 46387 | K70: 46142 | L70: 46264 | M70: 46386 | N70: 30/04/2026 31/08/2026 31/12/2026 | O70: 30/04/2026 31/08/2026 31/12/2026 | P70: Semestral | Q70: # | R70: 2 | S70: 1 | T70: 1 | U70: =IF(OR(S70="",S70=0,T70=""),"",MIN(T70/S70,1)) -> 1 | V70: =IF(OR(R70="",R70=0,T70=""),"",MIN(T70/R70,1)) -> 0.5 | W70: =IF(V70="","",IF(V70>=1,"Cumplida",IF(V70>0,"En ejecución","Pendiente"))) -> En ejecución | X70: Durante el periodo evaluado se realizó una (1) mesa de trabajo orientada al mejoramiento del proceso de análisis, validación, verificación y consolidación de la información turística. En esta actividad participaron el profesional encargado de consolidar la información suministrada por las fuentes oficiales y los actores del sector turístico, la profesional que apoya las actividades del Observatorio Turístico en la Subdirección de Turismo y la estudiante en práctica de la Fundación Universitaria Comfenalco, quien desarrolla su trabajo de grado en el Observatorio Turístico. Durante la mesa se revisaron criterios para la consolidación, validación y análisis de los datos utilizados en la elaboración de los informes mensuales y trimestrales presentados por el Instituto. La actividad contribuyó a mejorar la aplicación de criterios técnicos y a prevenir posibles inconsistencias en la información turística reportada y publicada. Esta acción aporta al tratamiento del riesgo relacionado con la posibilidad de afectación reputacional por inconsistencias en el reporte de la información turística, debido a insuficiencias en el análisis técnico, la validación y la verificación de la información suministrada por las fuentes oficiales y los actores del sector turístico. Avance cuantitativo: 1 mesa realizada de 2 programadas, equivalente al 50 % de cumplimiento de la meta anual. | Y70: Acta informe de Observatorio | Z70: 46273 | AA70: 1 | AC70: =IF(OR(AA70="",AA70=0,AB70=""),"",MIN(AB70/AA70,1)) | AD70: =IF(AB70<>"",IF(OR(R70="",R70=0),"",MIN(IF(V70="",0,V70)+(AB70/R70),1)),IF(V70<>"",V70,"")) -> 0.5 | AE70: =IF(AD70="","",IF(AD70>=1,"Cumplida",IF(AD70>0,"En ejecución","Pendiente"))) -> En ejecución | AF70: =IF(OR(AD70="",AD70=0,AE70=""),"",MIN(IF($Q70="%",IF(AE70>1,AE70/100,AE70),AE70)/IF($Q70="%",IF(AD70>1,AD70/100,AD70),AD70),1)) -> #VALUE! | AG70: =IF(AE70<>"",IF(OR($R70="",$R70=0),"",MIN(IF(Y70="",0,Y70)+(IF($Q70="%",IF(AE70>1,AE70/100,AE70),AE70)/IF($Q70="%",IF($R70>1,$R70/100,$R70),$R70)),1)),IF(Y70<>"",Y70,"")) -> #VALUE! | AH70: =IF(AG70="","",IF(AG70>=1,"Cumplida",IF(AG70>0,"En ejecución","Pendiente"))) -> #VALUE! | AI70: Validada | AJ70: 0.5 | AK70: Se constató que durante el periodo evaluado se realizó una (1) mesa de trabajo orientada al mejoramiento del proceso de análisis, validación, verificación y consolidación de la información turística. En esta actividad participaron el profesional encargado de consolidar la información suministrada por las fuentes oficiales y los actores del sector turístico, la profesional que apoya las…. La evidencia revisada soporta un avance del 50.0%; el cumplimiento es parcial al corte. | AL70: Continuar con las actividades pendientes y actualizar en el siguiente corte únicamente los nuevos resultados y soportes. | AM70: 46286 | AN70: =IF(AJ70="","",IF(AJ70>=1,"Cumplida",IF(AJ70>0,"En ejecución","Pendiente"))) -> En ejecución | AT70: =IF(AP70="","",IF(AP70>=1,"Cumplida",IF(AP70>0,"En ejecución","Pendiente"))) | AU70: Cumplimiento del fortalecimiento técnico de la información turística | AV70: Resultado = suma del avance acumulado validado de todas las actividades del riesgo ÷ total de actividades programadas del riesgo. Cada actividad tiene el mismo peso. | AW70: 1 | AX70: =IF((COUNT(AJ70,AP70))=0,"",(MIN(SUM(AJ70,AP70),1))/1) -> 0.5 | AY70: =IF(AX70="","Sin medición",IF(AX70>=1,"Cumplido",IF(AX70>0,"En ejecución","Pendiente"))) -> En ejecución | AZ70: En el periodo evaluado se realizó una (1) mesa de trabajo orientada al mejoramiento del proceso de análisis, validación, verificación y consolidación de la información turística. | BA70: Cumple | BB70: Efectiva | BC70: Continuar realizando las acciones programadas para el proximo periodo. | BD70: 46289 | BJ70: 0.5
A71: R.23 | B71: 9. Gestión de Turismo | C71: Posibilidad de afectación reputacional por deficiencias en la prestación de los servicios de orientación turística, promoción, capacitación y atención al ciudadano y al turista a causa de insuficiente capacitación y fortalecimiento de competencias del personal responsable de la prestación de los servicios turísticos. | D71: 61 | E71: A1 | F71: Realizar cuatro (4) jornadas de capacitación durante la vigencia, una por trimestre, dirigidas a los funcionarios y contratistas de la Subdirección de Turismo, sobre atención al ciudadano, calidad del servicio, turismo accesible e inclusivo, lineamientos institucionales, bilingüismo y actualización de conocimientos sobre la oferta y el sector turístico. | G71: Registros de jornadas de capacitación, listados de asistencia y material socializado. | H71: Subdirección de Turismo | I71: 46032 | J71: 46387 | K71: 46142 | L71: 46264 | M71: 46386 | N71: 30/04/2026 31/08/2026 31/12/2026 | O71: 30/04/2026 31/08/2026 31/12/2026 | P71: Trimestral | Q71: # | R71: 4 | S71: 4 | T71: 4 | U71: =IF(OR(S71="",S71=0,T71=""),"",MIN(T71/S71,1)) -> 1 | V71: =IF(OR(R71="",R71=0,T71=""),"",MIN(T71/R71,1)) -> 1 | W71: =IF(V71="","",IF(V71>=1,"Cumplida",IF(V71>0,"En ejecución","Pendiente"))) -> Cumplida | X71: Durante el periodo objeto de seguimiento se realizaron actividades de capacitación dirigidas a los funcionarios y contratistas de la Subdirección de Turismo, orientadas a mejorar sus conocimientos técnicos y la prestación de los servicios turísticos. Entre las actividades desarrolladas se encuentran: Taller “Turismo para todos: lineamientos de accesibilidad e inclusión”, realizado en mayo y dirigido al equipo de la Subdirección de Turismo. En este espacio se abordaron orientaciones para la atención incluyente y la incorporación de criterios de accesibilidad en la gestión turística. Jornada de inducción sobre la Biblioteca Pública Gabriel Turbay, mediante la cual se dieron a conocer los espacios, servicios, herramientas, recursos y componentes técnicos, culturales y turísticos del lugar donde funciona la Subdirección de Turismo. Proceso de formación en bilingüismo, dirigido a los funcionarios de la Subdirección de Turismo interesados y a los guías profesionales de turismo del municipio, con el propósito de mejorar las competencias comunicativas aplicadas a la atención de visitantes. Taller “Ruta de Aprendizaje Turístico: fortaleciendo capacidades para el desarrollo del destino”, dirigido al equipo de la Subdirección de Turismo. La jornada abordó conceptos básicos del turismo, tipologías turísticas, importancia del turismo para el desarrollo territorial y cadena de valor del sector. Estas actividades contribuyeron al mejoramiento de las competencias técnicas del equipo y a la prevención de deficiencias en la orientación y prestación de los servicios turísticos. Avance cuantitativo: 4 jornadas realizadas de 4 programadas, equivalente al 100 % de cumplimiento de la meta anual. | Y71: Informe seguimiento Meta PDM | Z71: 46273 | AC71: =IF(OR(AA71="",AA71=0,AB71=""),"",MIN(AB71/AA71,1)) | AD71: =IF(AB71<>"",IF(OR(R71="",R71=0),"",MIN(IF(V71="",0,V71)+(AB71/R71),1)),IF(V71<>"",V71,"")) -> 1 | AE71: =IF(AD71="","",IF(AD71>=1,"Cumplida",IF(AD71>0,"En ejecución","Pendiente"))) -> Cumplida | AF71: =IF(OR(AD71="",AD71=0,AE71=""),"",MIN(IF($Q71="%",IF(AE71>1,AE71/100,AE71),AE71)/IF($Q71="%",IF(AD71>1,AD71/100,AD71),AD71),1)) -> #VALUE! | AG71: =IF(AE71<>"",IF(OR($R71="",$R71=0),"",MIN(IF(Y71="",0,Y71)+(IF($Q71="%",IF(AE71>1,AE71/100,AE71),AE71)/IF($Q71="%",IF($R71>1,$R71/100,$R71),$R71)),1)),IF(Y71<>"",Y71,"")) -> #VALUE! | AH71: =IF(AG71="","",IF(AG71>=1,"Cumplida",IF(AG71>0,"En ejecución","Pendiente"))) -> #VALUE! | AI71: Validada | AJ71: 1 | AK71: Se constató que durante el periodo objeto de seguimiento se realizaron actividades de capacitación dirigidas a los funcionarios y contratistas de la Subdirección de Turismo, orientadas a mejorar sus conocimientos técnicos y la prestación de los servicios turísticos. Los soportes aportados son consistentes con lo reportado y permiten validar el 100% previsto para el corte. | AL71: Conservar la evidencia y continuar el seguimiento conforme a la periodicidad establecida. | AM71: 46286 | AN71: =IF(AJ71="","",IF(AJ71>=1,"Cumplida",IF(AJ71>0,"En ejecución","Pendiente"))) -> Cumplida | AT71: =IF(AP71="","",IF(AP71>=1,"Cumplida",IF(AP71>0,"En ejecución","Pendiente"))) | AU71: Cumplimiento del fortalecimiento de competencias en servicios turísticos | AV71: Resultado = suma del avance acumulado validado de todas las actividades del riesgo ÷ total de actividades programadas del riesgo. Cada actividad tiene el mismo peso. | AW71: 1 | AX71: =IF((COUNT(AJ71,AP71))=0,"",(MIN(SUM(AJ71,AP71),1))/1) -> 1 | AY71: =IF(AX71="","Sin medición",IF(AX71>=1,"Cumplido",IF(AX71>0,"En ejecución","Pendiente"))) -> Cumplido | AZ71: Se evidenció el seguimiento al cumplimiento del avance financiero y físico de la meta del PDM y del Proyecto de Inversión desarrollado dentro del Plan de desarrollo “Bucaramanga, Avanza Segura 2024-2027” pero la Descripción de la Acción indica es realizar socializaciones dirigidas a los funcionarios y contratistas de la Subdirección de Turismo, sobre atención al ciudadano, calidad del servicio, turismo accesible e inclusivo, lineamientos institucionales, bilingüismo y actualización de conocimientos sobre la oferta y el sector turístico. | BA71: Cumple Parcialmente | BB71: Parcialmente Efectiva | BC71: Se recomienda que las socializaciones sean dirigidas a los funcionarios y contratistas de la Subdirección de Turismo, sobre atención al ciudadano, calidad del servicio, turismo accesible e inclusivo, lineamientos institucionales, bilingüismo y actualización de conocimientos sobre la oferta y el sector turístico, según lo propuesto en la Matriz de Riesgos. | BD71: 46289 | BJ71: 0.25
